Workbook

Sheet START
B3: Local and National Resources
B4: Select the resources you are interested in below or utilize the tabs on the bottom.
B6: Master List (A-Z) | D6: Female Resources | F6: Social Services
B8: Master List (Type) | D8: Domestic Violence | F8: Youth Mental Health & Resources
B10: Grief & Trauma Counselors | D10: LGBTQIA+ | F10: Mental Health
B12: Police & First Responders | D12: Disabilities | F12: Cancer Support
B14: Books, Docs, & Podcasts | D14: Senior Advocacy & Services | F14: Substance Use
B16: Food and Low-Income Resources | D16: Suicide Prevention | F16: Rebranded or Relocated Resources
B18: Last Updated 8/25/2025

Sheet Master List Resources&Referrals
A1: Company/ Organization | B1: Service(s) | C1: Address | D1: Address 2 | E1: City | F1: State | G1: Zip | H1: Phone | I1: Email | J1: Website | K1: Notes
A2: A Kid Again | B2: Adventures for kids with life-threatening conditions, and support. Similar to Make-a-Wish. | H2: (614) 797-9500 | I2: customerservice@akidagain.org | J2: https://akidagain.org/chapter/michigan/ | K2: Adventures are fun, accessible, stress-free outings for families raising a child with a life-threatening condition. They are held at destinations like theme parks, sporting events, entertainment centers, and museums, and everything is provided: admission, food, and parking. Chapters in several states, including Michigan.
A3: A.J. Desmond & Sons Funeral Directors | B3: Free Grief aftercare program called Perspectives - Available to clients and non-clients | C3: 2600 Crooks Rd | E3: Troy | F3: MI | G3: 48084 | H3: (248)362-2500 | I3: CrooksRd@AJDesmond.com | J3: https://www.desmondfuneralhome.com/resources/grief-support | K3: Events led by Linda Dzbanski, LLMSW, BSW, plus online resources.
A4: ACMH | B4: Association for Children’s Mental Health | C4: 6017 W. St. Joseph Hwy | D4: Suite #200 | E4: Lansing | F4: MI | G4: 48917 | H4: (517) 372-4016 Parent Line: (888) ACMH-KID (888-226-4543) | J4: www.acmh-mi.org | K4: ACMH provides information, support, resources, referral and advocacy for children and youth with mental, emotional, or behavioral disorders and their families.
A5: AgeWays | B5: Support for Seniors and Caregivers | H5: 833-262-2200 800-852-7795 | I5: wellnessprograms@ageways.com | J5: https://www.ageways.org/ https://www.ageways.org/caregiver-resources/ | K5: AgeWays provides programs and resources that give older adults and family caregivers the extra support they need. Whether it's in-home care programs, Meals on Wheels, or help with understanding care options. Serving Livingston, Macomb, Monroe, Oakland, St. Clair and Washtenaw counties.
A6: Alzheimer's Association Greater Michigan Chapter | B6: 24/7 Alzheimer's Helpline | C6: 25200 Telegraph Rd | D6: Suite #100 | E6: Southfield | F6: MI | G6: 48033 | H6: 800-272-3900 248-351-0280 | J6: https://www.alz.org/gmc | K6: 24/7 Helpline in over 200 languages, Resources for those with Alzheimers, as well as for Caregivers' health.
A7: American Association of Suicidology | B7: Geared toward Mental Health Professionals: Podcast, training, community support for suicide prevention | C7: 5221 Wisconsin Ave | D7: NW | E7: Washington | F7: DC | G7: 20015 | H7: 202-237-2280 800-273-TALK | J7: https://suicidology.org/ | K7: The American Association of Suicidology (AAS) provides comprehensive resources to help navigate your journey with suicide and mental health. AAS also offers a national directory of support groups that focus on a variety of survivors of suicide.
A8: Anchors Perinatal Program | B8: Hospice - Perinatal Grief (pregnancy, infant loss) | H8: 888-247-5704 | J8: https://anchors4children.org/perinatal-program/ | K8: Through Arbor Hospice - The Anchors Perinatal Program provides emotional, social and clinical support to expectant parents as they anticipate and prepare for the birth of their child while also grieving the anticipated loss of the child during pregnancy, birth, or shortly after. The program also assists parents with birth planning during this most difficult time.
A9: Arbor Hospice | B9: Grief Groups and Events in-person and virtual | C9: Multiple Group Locations | H9: 7347945127 | J9: https://arborhospice.org/grief-journey-program/ | K9: Categories: Grief After Dementia, Hope After Loss, Journey Through Grief, Living On, Memorial Services, Men Overcoming Loss
A10: Bayt Al-Zahra Case Management Program | B10: Basic Needs and Social Work Services for Women, Children, and Recent Refugees | H10: (313) 429-1245 | I10: info@zamaninternational.org | J10: https://zamaninternational.org/basic-needs | K10: Bayt Al-Zahra (The House of Light and Hope). Through a strengths-based case management program, BAZ case managers aim to guide clients to set goals and connect them to a range of benefits to access food, housing, legal aide, health insurance, and childcare. Currently, the program supports client families, hosts seasonal drives; and offers integration support for refugee families. Through relationships with partner organizations throughout the region, BAZ's case management team eliminates barriers and motivates clients to secure all the benefits and services they need to live a more sustainable life. Women seeking services through Zaman are screened using a self-sufficiency assessment to identify and prioritize their needs. They then collaborate with their BAZ caseworker to design an action plan that removes barriers to success and captures benchmarks. Through regular meetings, Zaman tracks progress in the areas of food security, housing stability, employment/finances, childcare, adult education, healthcare coverage, life skills, mobility/access to transportation, and mental wellness.
A11: Blue H.E.L.P. | B11: Support for Families of First Responders who died by Suicide - | I11: contact@1sthelp.org | J11: https://bluehelp.org/ | K11: It is the mission of Blue H.E.L.P. to reduce mental health stigma through education, advocate for benefits for those suffering from post-traumatic stress, acknowledge the service and sacrifice of law enforcement officers we lost to suicide, support families after a suicide and to bring awareness to suicide and mental health issues. Family Support: A suicide loss is unique, it can be difficult for families to share their experience with others who have not suffered the same type of loss. With the loss of thousands of law enforcement officers to suicide, we can put you in touch with another family who has experienced LEO suicide and knows what you are going through. No judgement, no stigma; just compassion and understanding. Care packages which honor your loved ones are shipped to you and events customized to your needs are hosted for and by you.
A12: Brighton Center for Recovery (Formerly Ascension-Brighton) | B12: Substance Use Treatment | H12: (248) 661-6100 | J12: https://www.henryford.com/services/behavioral-health/addiction/brighton | K12: Outpatient treatment, Intensive Outpatient, and Residential (inpatient) addiction treatment
A13: BrightStar Care | B13: RN-Supervised Home Care | H13: 866-618-7827 E. Lansing 517-679-1700 Ann Arbor/Brighton-Howell 810-225-4000 Novi 248-449-5110 | J13: https://www.brightstarcare.com/ | K13: HOME CARE · Assisted living · medical staffing - Unparalleled Home Care and Support BrightStar Care® provides high-quality home care, assisted living and staffing support to those who need it most. Whether it’s support for a loved one or an organization, we’re here to go above and beyond. We call it A Higher Standard®.
A14: C.O.P.E. (Community Outreach for Psychiatric Emergencies) | B14: Mental Health Crisis for residents of Wayne County | C14: 33505 Schoolcraft | E14: Livonia | F14: MI | G14: 48150 | H14: 734-721-0200 844-296-2673 | J14: https://www.cope24-7.net/ | K14: COPE offers a continuum of organized and coordinated crisis and community-based outreach services. 24-Hour Walk-In Center. Provides pre-admission review services to adults who live in Wayne County, are experiencing a behavioral health crisis and have Medicaid, Healthy Michigan, MI Health Link, or no insurance coverage
A15: Camp Good Grief | B15: Grief Camp for ages 8-17 through Hospice of Michigan. One-Day camp offered on different dates at different locations during the summer. | C15: Multiple Locations | H15: 888-247-5701 | J15: https://www.hom.org/camp-good-grief/ | K15: Registration opens in spring. Each camp offers: Activities facilitated by caring and qualified Master’s-level grief support counselors who are specially-trained to work with grief-related issues. Board-Certified Music Therapists who use carefully selected music and rhythms to help campers cope with loss. Hospice-trained volunteers who help ensure that each camper is supported during the day’s programs and activities. Pet volunteers and their friendly pets who bring companionship.
A16: Canton Club 55+ | B16: Monthly workshops for caregivers, Activities for Seniors 55+ | C16: 46000 Summit Parkway | D16: Summit on the Park Recreation Center | E16: Canton | F16: MI | G16: 48188 | H16: 7343945485 | J16: https://cantonmi.gov/476/Club-55-Plus-Senior-Center | K16: Activities, Events, Card Games,
A17: CapTel | B17: Real Time Captions telephone for no cost | H17: 2485506866 | I17: jennifer.weallans@oeius.org | J17: https://www.oeius.org/ | K17: Requirements: Hearing loss, High Speed Internet, Electrical outlet. (Standard dial-tone phone service required in some cases). The phones are up to 4x louder than a regular phone, have tone controll, and auto or assisted captions. Answering machine with voice & captions of messages.
A18: Caregiving Haven | B18: Resources and help for Caregivers through The Senior Alliance | H18: 7347222830 | I18: info@thesenioralliance.org | J18: www.CaregivingHaven.org | K18: The Caregiving Haven is a one-stop source for guidance, tools, resources, and connections that empower caregivers and their loved ones to focus on enjoying a fulfilling life together. Supporting you as a caregiver is our top priority. The Senior Alliance is here to ease your way as you care for a loved one. Use our resource directory to get access to things like meal delivery, caregiving services, in-home help, and more.
A19: Center for Loss & Life Transition | B19: Grief Education, Resources, and Training | C19: 3735 Broken Bow Rd | E19: Fort Collins | F19: CO | G19: 80526 | H19: 970-226-6050 | I19: info@centerforloss.com DrWolfelt@centerforloss.com | J19: https://www.centerforloss.com/ | K19: Resources, education, training and referral for bereaved families; provides a certificate program in Death and Grief studies for bereavement professionals.
A20: Center for Loss in Multiple Birth (CLIMB) | B20: Grief Support for loss of one or all children in a multiple pregnancy (Twin, Triplet, etc.) | C20: Center for Loss in Multiple Birth (CLIMB), Inc | D20: P.O. Box 190401 | E20: Anchorage | F20: AK | G20: 99519 | H20: phone/skype upon request | I20: centerforlossinmultiplebirth@gmail.com (Jean Kollantai) | J20: https://www.climb-support.org/ | K20: Support for parents, grandparents, siblings of loss of an infant from multiple pregnancy/birth or after. Recently added support for loss of an older twin child(ren) (including triplets, quads, other multiples) Website Languages: English, En español/Spanish, En français/French, По-русски/In Russian, 用中文/In Chinese
A21: Child Mind Institute | B21: Childrens Mental Health Support | J21: https://childmind.org/
A22: City of Farmington Hills - Adults 50 and Better | B22: Services for Caregivers and Adults aged 50 and up. | C22: Costick Activities Center | D22: 28600 Eleven Mile Rd. | E22: Farmington Hills | F22: MI | G22: 48336 | H22: 248-473-1830 | J22: https://www.fhgov.com/play-explore-learn/adults-50-better/ | K22: Daily events are held at the Costick Activities Center, Monday-Friday, 9:00 AM-4:00 PM, with scheduled evening and weekend programs. Please see “The Messenger", the Adults 50 & Better Program’s monthly newsletter, and the Special Services Activities Guide for updated information on all available programs and services.
A23: Common Ground Behavioral Health | B23: Behavioral Health, Crisis and Resources, Behavioral Virtual Urgent Care. Ages 12 and up. | C23: 1200 N. Telegraph Road | D23: Building 32E | E23: Pontiac | F23: MI | G23: 48341 | H23: Crisis (24/7): 800‑231‑1127 Urgent Care: 248-983-5454 | J23: https://commongroundhelps.org/ | K23: 24/7 Crisis Line to connect callers with service providers. Virtual Urgent Care during scheduled hours: Mon/Tues/Thurs/Fri 11am-8pm according to website as of 3/2025 (may change). Most insurances accepted, and there is an out-of pocket cap for appointments.
A24: Communication Access Center for Deaf and Hard of Hearing | B24: ASL Classes, Community Interpreting program, Senior Citizens Support. Zoom interpreting available for Deaf, DeafBlind, and Hard of Hearing. Weekly Wellness Group in ASL. | C24: 214 E. Main St. | D24: Unit 103 | E24: Flushing | F24: MI | G24: 48433 | H24: Phone: (810) 239-3112 VideoPhone: (810) 620-8490 (810) 250-7010 Fax: (810) 239-1606 After Hours: (810) 239-3112 | I24: info@cacdhh.org tmiracle@cacdhh.org (mentoring interpreters online) | J24: https://www.cacdhh.org/ | K24: Interpreting Services for the Deaf, Hard of Hearing, and DeafBlind people in Flint, Genesee County & Michigan. Zoom interpreting available. Interpreting settings include but are not limited to:medical, mental health, legal/court, educational, corporate meetings/trainings, counseling and seminars/conferences. Interpreter mentoring. Weekly wellness group in ASL, with possibility of transportation to/from group.
A25: Community Resource Directory by findhelp | B25: Search and Connect to Social Care | J25: https://communityresources.trinity-health.org/ | K25: Website helps find local resources by Zip Code and Type of need. Site has translation available to dozens of languages.
A26: Compassionate Friends | B26: Grief support for child loss (of any age) | C26: 900 Jorie Blvd | D26: Suite 78 | E26: Oak Brook | F26: IL | G26: 60523 | H26: 877-969-0010 | I26: nationaloffice@compassionatefriends.org | J26: https://www.compassionatefriends.org/ https://www.compassionatefriends.org/find-support/chapters/chapter-locator/ | K26: Support Groups both Virtual and In-Person, searchable by location. Some locations include a sibling group for children under 12 during the regular group for everyone else.
A27: Copline | B27: Helpline for Police | H27: 8002675463 | K27: 24/7
A28: Copline - An Officer's Lifeline | B28: Peer-Lead Crisis Hotline for Police Officers (active, previous, or retired) and their family members. Run entirely by Police Officers and their Family Members. | H28: 24/7 Hotline Calls: 1-800-COPLINE 1-800-267-5463 Non-COPLINE calls: 1-732-577-8300 Ext. 8 | J28: https://www.copline.org/ | K28: COPLINE® IS OPERATIONAL 24 HOURS A DAY / 7 DAYS A WEEK Calls will be answered by a Retired Active Peer Listener - All calls and emails are strictly 100% CONFIDENTIAL COPLINE® has earned the trust of the Law Enforcement community by providing active listening through a hotline by maintaining complete confidentiality as well as anonymity if the caller chooses. We train competent, confident, committed, and compassionate retired officers to engage with callers on the daily stressors officers and their family members experience.
A29: Corewell Health (previously Beaumont) - School Based Clinic - Pierce Middle School | B29: Pediatric care clinic & Adolescent Health Center | C29: 25605 Orangelawn | E29: Redford | F29: MI | G29: 48329 | H29: (313) 242-0570 | J29: https://www.beaumont.org/services/teen-services | K29: Pediatric care clinic & Adolescent Health Center- Pierce, a School Based Health Center located in Pierce Middle School. We serve ages 10 to 21 years old living in Redford Twp and surrounding communities. Insurance accepted but not required. Services are not denied due to inability to pay.
A30: Crime Stoppers of Michigan | B30: Support for: Crime Victims and their Families. 100% Anonymous Tip Line, Monetary reward for tips leading to an arrest. | C30: 18000 W. Nine Mile Rd | D30: Suite 500 | E30: Southfield | F30: MI | G30: 48075 | H30: Report a Crime: 1 800 SPEAK UP (800-773-2587) Follow-Up on a tip: 313-922-5000 x117 313-922-5000 x114 | I30: info@michiganalliance.org | J30: https://www.1800speakup.org/ | K30: SERVICES WE PROVIDE Posters, Door Hangers, Social Media Posts, Press Conferences, Geo-Fencing*, Billboards*, Family Support, Community Presentations, Supporting Community Resource Groups, Research Initiatives *Note: All of our services are free except for billboard and geo-fencing.
A31: Crisis Text Line | B31: Helpline for First Responders | H31: Text BADGE or 741-741 | K31: 24/7
A32: Crossroads | B32: Resources and Services for low-income populations. Listed in Notes section. | C32: 2424 West Grand Boulevard | E32: Detroit | F32: MI | G32: 48208 | H32: (313) 831-2000 | I32: info@crossroadsofmichigan.org | J32: www.crossroadsofmichigan.org | K32: Resources: Transportation (Bus Tickets), Birth certificate retrieval, Identification retrieval, Food, Clothing, Personal hygiene products, Diapers, Formula, Baby clothing. Supports: Lifetime Opportunities for Children, Permanent Employment coaching, Crisis Reduction and Long-Term Stability, Fulfilling Immediate Needs, Weekly Hot Meals, Children’s Summer Lunch
A33: Crossroads Care Center | B33: Baby Loss Support Group and Individual | C33: 3205 South Blvd | E33: Auburn Hills | F33: MI | G33: 48326 | H33: 248-293-0070 800-712-HELP | I33: info@crossroadscarecenter.org | J33: https://crossroadscarecenter.org/blossm.html
A34: DBSA | B34: Depression and Bipolar Support Alliance - Groups and Resources | C34: 55 E Jackson Blvd | D34: Suite 490 | E34: Chicago | F34: IL | G34: 60604 | H34: (312) 642-0049 | I34: metrodetroitdbsa@gmail.com | J34: https://www.dbsalliance.org/support/chapters-and-support-groups/find-a-support-group/?state=MI | K34: In-Person and Virtual Support Groups for people with Depression or Bipolar Disorder. Email and web address is for the Metro Detroit Chapter/Michigan Chapter. Other states also have chapters.
A35: Deaf Community Advocacy Network (DEAF C.A.N) | B35: Interpreting Services, Mental Health services, The Deaf HIV Program, Domestic Violence/Sexual Assault services in ASL. For Deaf, DeafBlind, and Hard of Hearing people from children to senior citizens. | C35: 2111 Orchard Lake Road | D35: #101 | E35: Sylvan Lake | F35: MI | G35: 48320 | H35: Videophone: 248-209-6437 Voice: 248-332-3331 | I35: deafcan@deafcan.org seniorcitizen@deafcan.org | J35: https://www.deafcan.org/ | K35: We offer outpatient services for Deaf, DeafBlind, and Hard of Hearing children, adolescents, and adults in Southeastern Michigan and for persons that are primary caretakers of someone in their household that is Deaf, Deaf-Blind, or Hard of Hearing. Clients will receive services from therapists fluent in American Sign Language (ASL).
A36: Death Cafe | B36: Peer group - Any loss type | C36: Crazy Wisdom Bookstore | D36: 114 S Main St | E36: Ann Arbor | F36: MI | G36: 48104 | I36: Ann Arbor: thedyingyear@gmail.com | J36: https://www.facebook.com/DeathCafeAnnArbor Upcoming/Other locations: https://deathcafe.com/deathcafes/ Virtual Meetings: ttps://deathcafe.com/search/?search=Virtual&all=all | K36: Meets monthly on the second floor of Crazy Wisdom Bookstore. Check their facebook page for the next meeting date. "The Ann Arbor Death Cafe meets monthly and we usually have 25-35 participants with a good mix of newcomers and returers, young and old, all gender identities. The discussion is facilitated by Merilynne Rush and/or Diana Cramer. Any questions? Please contact Merilynne at thedyingyear@gmail.com."
A37: Dementia Resources offered by the Jewish Community | B37: Dementia Resources | H37: 2485922650 | K37: Adult day program, Caregiver support/training, Caregiver Support Groups, ElderCare Solutions of Michigan, Engaging Minds using Cognitive Stimulation Therapy, Residential assisted living, Gray Matters free monthly workshop, Jewish Hospice and Chaplaincy Network, Memory Cafe, Mind Aerobics to help slow cognitive decline.
A38: Detroit Wayne Integrated Health Network | B38: Crisis and Mental health in Detroit and Wayne County. Mobile Crisis Units. | C38: DWIHN | D38: 707 W. Milwaukee Ave | E38: Detroit | F38: MI | G38: 48202-2943 | H38: (313) 344-9099 (313) 833-2500 TTY: (800) 630-1044 TDD: 711 Crisis: 1-800-241-4949 | I38: accesscenter@dwihn.org | J38: https://www.dwihn.org/ | K38: DWIHN supports and serves individuals in Wayne County with serious mental illness, children with serious emotional disturbance, people with autism, individuals with intellectual and developmental disabilities and those with substance use disorder. Mobile Crisis Units available. LGBTQ+ Services for youth 10-21+. Children 14+ can have up to 12 sessions or 3 months without requiring permission from their parents, if the child requests it.
A39: Developing K.I.D.S. | B39: (Developing Kingdoms in Different Stages) Free High Quality Programs In Detroit For Youth, Their Families, And Community Members | C39: 24230 W. McNichols St. | E39: Detroit | F39: MI | G39: 48219 | H39: Phone & Fax: 888-294-6554 | I39: info@developingkids.org | J39: www.developingkids.org | K39: Youth Development afterschool and summer camp activities for ages 5-18: College Readiness, Entrepreneurship, Life Skills & Social Development, Mental Health & Wellness, Community Service, Academic Enrichment & Homework Help Workforce Development We empower individuals ages 14-24 with essential skills for a seamless entry into the professional world. Ongoing support for personal and professional growth, Summer employment opportunities, Job placements, mentorships & incentives Community Engagement Provide Resources & Referrels, Special Events & Projects, Workforce Development, Support for Alumni (college, trade school, adulthood, workforce)
A40: DVS - Division of Victim Services - Michigan Department of Health and Human Services | B40: Crime Victim Services - for Domestic Violence, Sexual Assault | H40: (877) 251-7373 | I40: Crime Victim Compensation MDHHS-MichiganCrimeVictim@Michigan.gov Domestic & Sexual Violence Prevention & Treatment Board MDHHS-MDSVPTBMembers@Michigan.gov Crime Victim Services Commission MDHHS-CVSC-Members@michigan.gov Human Trafficking Health Advisory Board MDHHS-HTHAB@michigan.gov | J40: https://www.michigan.gov/mdhhs/safety-injury-prev/publicsafety/crimevictims | K40: The Division of Victim Services (DVS) provides a voice advocating for and responding to all victims of crime in Michigan. DVS administers nearly 600 contracts that fund over 200 community-based programs, Tribes, and government partners across Michigan that provide vital services to victims, such as counseling, legal and medical advocacy, emergency housing, and crime victims’ rights advocacy. The Division also provides reimbursement for sexual assault medical forensic examinations, direct compensation to victims though Michigan's Crime Victim Compensation program, and supports the statewide victim notification system (MI-VINE).
A41: DWIHN 707 Crisis Care Center | B41: Crisis Stabilization Unit through DWIHN | C41: 707 W. Milwaukee | E41: Detroit | F41: MI | G41: 48202 | H41: 3139899444 | J41: DWIHN.org | K41: 24/7 Walk-in or Call. 12 Adult Beds, 14 Youth Beds
A42: Ele's Place | B42: Therapy and support groups for grieving children | C42: 5665 Hines Drive | E42: Ann Arbor | F42: MI | G42: 48108 | H42: 7349260985 | J42: https://elesplace.org/ | K42: Ele's Place is a healing center for grieving children, teens, young adults, and their families. Four branch locations support families throughout Ann Arbor, Grand Rapids, Flint, Lansing, and beyond. Each week, peer-to-peer bereavement support groups help hundreds learn to cope and begin to heal after the death of a parent, sibling, or someone close to them.
A43: Evolving Lives | B43: Online therapy and coaching services throughout Michigan. Grief, Trauma, LGBTQ+, EMDR, and more. | H43: Matt (248) 880-2554 Sarah (248) 520-0444 | I43: evolvinglivesms@gmail.com | J43: https://evolvinglivesinc.com/ | K43: Our approach to treatment combines authentic relationship with the most effective transformational techniques in a digital service to foster whole person change. Whatever life challenges you may face and pain you may be experiencing, you can get the care you need from the comfort of your home, office, or wherever feels most therapeutic.
A44: FAN - Face Addiction Now (Families Against Narcotics) | B44: Substance Use Support, Diversion, Yoga for Recovery. Multiple locations. Groups and individual sessions. | H44: (833) 202-4673 | I44: stronger@faceaddictionnow.org | J44: https://faceaddictionnow.org/ | K44: Addiction treatment, Peer recovery programs, Harm reduction support, Family recovery services, life-saving tools like Narcan. ReDirect program for jail diversion, Yoga for recovery.
A45: Fire/EMS Helpline | B45: Helpline for Fire and EMS personnel | H45: 8667313473 | K45: 24/7
A46: First Candle | B46: Grief Counseling and Resources for families impacted by miscarriage, stillbirth, sudden infant death. | C46: 21 Locust Avenue | D46: Suite 2B | E46: New Canaan | F46: CT | G46: 06840 | H46: Grief Line: 800-221-7437 Main: 203-966-1300 | I46: info@firstcandle.org | J46: https://firstcandle.org/
A47: First Responders Bridge | B47: FREE 3-Day Retreats for First Responders and their Significant Other. Participants provide their own transportation. (Retreats are in Ohio) | H47: 614-271-4981 | J47: https://firstrespondersbridge.org/ | K47: The retreats are held at hotels and conference centers across the State of Ohio. They provide great lodging, food, meeting rooms and activities that meet our needs. Keynote, peer and clinician speakers, relaxing activities for First Responders and their significant other to help them find hope and healing. Depending on the location of each particular retreat, couples can expect activities such as group yoga (voluntary), chair massages, indoor/outdoor swimming, fitness room, sauna, and many more. Our goal is to not only heal the First Responder but the family unit as well. Retreats are free of cost. The retreat, lodging, food and activities are all paid for with donations from our caring, thoughtful sponsors who value and appreciate our First Responder heroes. All you have to pay for is the transportation to get to and from the retreat.
A48: Friendship Circle | B48: Peer mentor program and resources for individuals with special needs, and their families. | C48: 5586 Drake Rd | E48: West Bloomfield | F48: MI | G48: 48322 | H48: 2487887878 | I48: hello@friendshipcircle.org | J48: www.friendshipcircle.org | K48: Friendship Circle of Michigan is a non-profit organization affiliated with Lubavitch of Michigan. Our goal is to provide every individual with special needs the support, friendship, and inclusion that they deserve. Some services include recreational, social, educational and vocational programming for children, teens and adults with disabilities.
A49: Frontline Strong Together | B49: Mental Health specifically for First Responders (Police, EMS, Fire, Dispatch, Corrections) and their families. | H49: 833-34-STRONG 833-347-87664 | J49: https://fst5.org/ | K49: This website, created by first responders and mental health experts together, provides 24/7 live support, effective resources, and cutting-edge services to prevent and alleviate PTSD, anxiety, depression, and other frontline work-related mental health challenges.
A50: Grief Share | B50: Grief Groups | J50: https://www.griefshare.org/ | K50: Meetings are held in-person at many churches, as well as available virtually. Meeting finder on their homepage.
A51: Havenwyck Hospital | B51: Child (age 3 and up), Adolescent, and Adult Mental Health Hospital: Inpatient, Outpatient, Partial Hospitalization | C51: 1525 University Drive | E51: Auburn Hills | F51: MI | G51: 48326 | H51: 248-373-9200 800-401-2727 | J51: https://havenwyckhospital.com/
A52: Hegira Health | B52: Mental Health, Behavioral Health | C52: 37450 Schoolcraft Rd | E52: Livonia | F52: MI | G52: 48150 | H52: 734-499-1587 | J52: https://www.hegirahealth.org/ | K52: Comprehensive integrated behavioral health services for infants through older adults.
A53: Hidden Pain | B53: Grief Support for Children who lost a parent or other caregiver to Covid-19, Resources for their remaining caregiver | J53: https://www.hiddenpain.us/get-support/ | K53: The Hidden Pain Initiative is working to bring hope and healing to young people impacted by loss from COVID-19. They provide Resources to the remaining caregiver(s).
A54: Hilarity for Charity | B54: Support for caregivers of those with Alzheimers | C54: 9301 Wilshire Boulevard | D54: Suite 516 | E54: Beverly Hills | F54: CA | G54: 90210 | I54: info@wearehfc.org | J54: https://wearehfc.org/ | K54: Online Support Groups, Online Resources, Caregiver Respite Program
A55: IAFF Alcohol Hotline | B55: Hotline for Firefighters Only | H55: 866-965-3074 | K55: 24/7 Completely Confidential
A56: IAFF Hotline | B56: Mental Health and PTSD Hotline for Firefighters Only. | H56: 866-558-0597 | K56: 24/7
A57: James B. Fahner Pediatric Hospice | B57: Hospice - Pediatric (infant thru young adult) | H57: 888-247-5704 | J57: https://anchors4children.org/pediatric-hospice/ | K57: Hospice for infant through young adult. Symptom management, Social, Emotional, and Spiritual support, Sibling support, Music therapy and Pet therapy, Comfort care education, Bereavement support.
A58: Jewish Community Adult Day Program | B58: Day program for people with dementia | C58: Multiple Locations | H58: Southfield: 248-233-4392 West Bloomfield: 248-592-5032 | I58: info@brownadultday.org | J58: https://www.brownadultday.org/ | K58: Adult Day Program intended to help people living with dementia to maintain their highest level of functioning. Some activities include: art, music, socialization, trips, group exercise, gardening, current events, trivia/brain boosters, baking, intergenerational programs.
A59: Jewish Family Services of Metro Detroit | B59: Services for older adults, domestic abuse, family support, addiction, suicide prevention, counseling, community education. | C59: West Bloomfield Orley Building 6555 West Maple Road Oak Park Office Crown Pointe Office Building 25900 Greenfield Road | D59: Suite 405 | E59: West Bloomfield Oak Park | F59: MI | G59: 48322 48237 | H59: 2485922313 | I59: resourcecenter@jfsdetroit.org | J59: https://www.jfsdetroit.org/ | K59: While our focus is to meet the needs of the metro Detroit Jewish community, we are honored to serve all who come through our door.
A60: Jewish Senior Life | B60: Senior Living Community, including some HUD-Subsidized | C60: Multiple Location | H60: Tours: 248-469-0228 HUD-Subsidized Apartment Information: 248-592-1127 All Other Inquiries: 248-592-1111 | J60: https://jslmi.org/ | K60: Independent Living, Assisted Living, Memory Care, Short Term Apartment Rental. Special programs for Holocaust Survivors and their families.
A61: Judi's House / JAG Institute | B61: Grieving Children and Families | C61: 10125 E. 25th Avenue | E61: Aurora | F61: CO | G61: 80010 | H61: 7209410331 | J61: https://judishouse.org/
A62: KH Mental Health Wellness | B62: Psychologist, Grief, Talk Therapy, Medication | H62: text: 317-437-5850 | I62: kristinhammoud@gmail.com | J62: https://www.mymentalhealthwellness.com/ | K62: Kristin Hammoud, PMH-CNS-NP
A63: Kinship Care Resource Center | B63: Support Groups and resources for kinship caregivers | C63: Michigan State University, School of Social Work | D63: 655 Auditorium Rd Rm 254, Baker Hall | E63: East Lansing | F63: MI | G63: 48824 | H63: 800-535-1218 517-355-9600 | I63: kinship@msu.edu | J63: https://kinship.msu.edu/ | K63: The KCRC serves kinship care families across the state by providing information and referrals to resources and services for caregivers and the children they are raising. KCRC also offers support to professionals serving kinship families.
A64: Lighthouse | B64: A Campaign to alleviate poverty in Oakland County | C64: 46156 Woodward Avenue | E64: Pontiac | F64: MI | G64: 48342 | H64: Main: 248-920-6000 Emergency Shelter: 248-920-6000 x3300 Pontiac Food Pantry: 248-920-6000 x2225 | I64: Emergency Food: food@lighthousemi.org Emergency Shelter: shelter@lighthousemi.org Transitional Housing (Priscilla Williams): pwilliams@lighthousemi.org Permanent Supportive Housing (Princess Staples): pstaples@lighthousemi.org Centers for Working Families (Courtland Sargent): csargent@lighthousemi.org | J64: https://lighthousemi.org/ | K64: Emergency Services: Emergency Food and Supplies, Homelessness Prevention, Emergency Shelter, Runaway & Homeless Youth (RHY) Stability Services: Rehousing Programs, Supportive Services, Transitional Housing, Permanent Supportive Housing, Centers for Working Families, Handup Systems Change & Community Development Affordable Housing Development
A65: Lincoln Behavioral Services | B65: Mental Health for Child, Adult, & Family | C65: Multiple Locations | H65: (313) 450-4500 (866) 462-6730 TTY: (800) 649-3777 | I65: info@lbscares.org | J65: https://www.lbscares.org/ | K65: Child & Family Services, Infant Mental Health, The Gathering Place Clubhouse (PSR), Assertive Community Treatment(ACT), Adult and Children Services, Primary Care Center
A66: Lions Bear Lake Camp | B66: Camps for Visually Impaired as well as Deaf and Hard of Hearing ages 6-16 | C66: 3409 N. Five Lakes Rd | E66: Lapeer | F66: MI | G66: 48446 | H66: (810) 245-0726 | I66: traci@bearlakecamp.org | J66: www.bearlakecamp.org | K66: Visually Impaired and Blind Camp, Deaf and Hard of Hearing Camp, Deaf and Hard of Hearing Family Camp,
A67: Maggie's Wigs 4 Kids | B67: Multiple services for children and teens with hair loss. Including wigs for NO CHARGE. They accept hair donations of 10" or more (see website for full requirements) and there are Registered Salons where you can make sure your hair is properly collected for donation. | C67: 30130 Harper Ave | E67: St. Cair Shores | F67: MI | G67: 48082 | H67: (586) 772-6656 | I67: maggie@wigs4kids.org | J67: https://www.wigs4kids.org/ | K67: "Helping the self-esteem of children" Participants are provided with wigs and hair hats based on their needs. After an initial consultation, each child receives a customized, cut and styled wig. They also receive a kit and follow up visits to maintain and care for their wig and hair hat. They now have a Wellness Center that includes Makeup & Skin Care for Self-Image, Fitness & Chair Massage, Counseling, Enchanted Tea Room, Nutrition, Angel Memory Garden, Nail Services, and VR 4 Kids Program. They are also lobbying to get health insurance to cover the cost of wigs for children.
A68: Make-A-Wish Foundation | B68: Works to fulfill a wish of children aged 3-17 with a critical illness (doesn't need to be terminal) | J68: https://www.wish.org/ | K68: Family members or medical professionals with detailed knowledge of the child's condition can refer a child to have their wish fulfilled, once in their lifetime. Meant to be something that will bring them joy during their life-threating illness.
A69: March of Dimes | B69: Grief resources for Pregnancy and Newborn Loss | C69: March of Dimes National Office | D69: 1550 Crystal Dr, Suite 1300 | E69: Arlington | F69: VA | G69: 22202 | H69: Helpline: 1-888-663-4637 (888-MODIMES) | J69: https://www.marchofdimes.org https://www.marchofdimes.org/find-support/topics/miscarriage-loss-grief/dealing-grief-after-death-your-baby | K69: Will send resources to families directly impacted by perinatel losses due to miscarriage, ectopic pregnancy, stillbirth, or neonatal death.
A70: Mental Health America | B70: Mental Health Screening and searchable mental health resources and providers list | C70: 500 Montgomery Street | D70: Suite 820 | E70: Alexandria | F70: VA | G70: 22314 | H70: (703) 684-7722 (800) 969-6642 | J70: https://screening.mhanational.org/screening-tools | K70: Online mental health screening
A71: Mercy Education Project | B71: Free classes and tutoring for women and girls who are economically disadvantaged. Transportation to and from classes and tutoring is available for participants who need it. English and Spanish available. | C71: 1450 Howard St. | E71: Detroit | F71: MI | G71: 48216 | H71: 3139635881 | I71: Carol Krumbach: ckrumback@mercyed.net | J71: https://www.mercyed.net/ https://www.mercyed.net/womens-program https://www.mercyed.net/girls-program | K71: Located in the Corktown area of Detroit. Womens' Program - We believe that education is the key to social and economic equity. When one woman empowers herself with an education, a ripple effect of success occurs within her family and community. We provide: - Adult basic education courses - GED preparation classes - Onsite learning, with hybrid learning options for students who qualify All of our classes are: - gender-specific - student-centric - free of charge Girls' Program Supports girls in grades 2-12 through education, leadership development, and cultural enrichment. Includes one-on-one tutoring in reading or math after school. MEP also offers a College and Career Readiness (CCR) program for college-bound 11th and 12th grade students. MEP provides girls with STEAM and leadership opportunities in the summer Emerging Leaders Program. MEP busca apoyar a las niñas en los grados 2-12 a través de la educación, el desarrollo del liderazgo y el enriquecimiento cultural. Los programas para niñas incluyen tutoría individual en lectura o matemáticas después de la escuela. MEP también ofrece un programa de preparación universitaria y profesional (CCR, por sus siglas en inglés) para estudiantes de 11.º y 12.º grado que están decididos a ir a la universidad. MEP brinda a las niñas STEAM y oportunidades de liderazgo en el Programa de Líderes Emergentes de verano.
A72: Michigan Cancer Support Network | B72: Support for cancer patients and their caregivers | C72: 22882 Orchard Lake Rd | E72: Farmington | F72: MI | G72: 48336 | H72: 248-482-8300 | I72: chuck@mcancersupportnetwork.org | J72: https://mcancersupportnetwork.org/ | K72: Cancer exercise, non-emergency rides, expense assistance, caregiver counseling, patient counseling
A73: Michigan HomeCare & Hospice Association | B73: Advocacy and Education for Caretakers Hospice Provider Search | C73: 2140 University Park Drive | D73: Suite 220 | E73: Okemos | F73: MI | G73: 48864 | H73: (517) 349-8089 | I73: info@mhha.org | J73: https://www.mhha.org/ | K73: Searchable directory for Hospice and At-Home care providers in Michigan, Education resources for caretakers, and advocacy
A74: Michigan Medicine Grief and Support | B74: Grief Support following the loss of a loved one (Adult or Child) | H74: Office of Decedent Affairs: 734-232-4919 | I74: SocWk-ODA@med.umich.edu | J74: https://www.uofmhealth.org/patient-visitor-guide/grief-resources-support
A75: Michigan Resources for Grieving Families | B75: Grief Support Listing PDF (our listed address is the old one) | J75: https://bit.ly/2SdRVwv | K75: PDF created by the State that lists Michigan agencies and facilities that providing grief support services, listed by County
A76: Michigan Veteran Resource Service Center | B76: Assists veterans with Housing, emergency assistance, education assistance, DD214s, etc. | H76: 800-MICH-VET 800-642-4838 | J76: https://www.michigan.gov/mvaa | K76: A resource center connecting veterans and their families to state programs, federal benefits, and local resources.
A77: Mothers Against Drunk Driving (MADD) | B77: education, resources, and advocacy for bereaved families | C77: 511 E. John Carpenter Freeway | D77: Suite 700 | E77: Irving | F77: TX | G77: 75062-8187 | H77: 214-744-6233 800-GET-MADD 877-ASK-MADD (877-275-6233) 24/7 Victim Help Line: 1-877-MADD-HELP (1-877-623-3435) | J77: https://madd.org/ | K77: Support for survivors of drunk or drugged driving, advocates for legislation to prevent drunk driving, and information for parents to learn ways to help prevent their children from driving drunk.
A78: My Mental Health Wellness - Kristin Hammoud, PMH-CNS-NP | B78: Grief Therapy and pharmacological services. Phone number is for texting | H78: 3174375850 | I78: kristinhammoud@gmail.com | J78: https://www.mymentalhealthwellness.com/ | K78: Free 15-minute initial consultation. Deals with grief. Has been a volunteer with us before.
A79: Myride2 | B79: Transportation options for seniors and adults with disabilities | H79: 855-myride2 855-697-4332 TTY: (800) 649-3777 (Michigan Relay) | J79: https://www.myride2.com/ | K79: Myride2 is a service that helps seniors and adults with disabilities in Macomb, Oakland, Washtenaw and Wayne counties find transportation options. Mobility Specialists will work with you and local transportation providers to find the best options for you. Also provides information on older driver safety & helpful tips, and travel training - how to use public transportation in group or one-on-one settings.
A80: NAMI Metro | B80: Mental Health Support Groups for individuals or their Families. National Alliance on Mental Illness - Metro-Oakland, Macomb, & Wayne Counties. | C80: NAMI Metro | D80: PO Box 852 | E80: Northville | F80: MI | G80: 48167 | H80: Helpline: (248) 773-2296 Admin Office: (248) 348-7197 text “helpline” to 62640 Oakland County (800) 231-1127 Wayne County (800) 241-4949 Macomb County (586) 307-9100 | I80: support@namimetro.org | J80: https://namimetro.org/ | K80: NAMI Metro is grass roots, all volunteer non-profit organization dedicated to improving the quality of life for persons with serious mental illness and their families through, advocacy, support and education. In addition, NAMI Metro promotes research that will lead to improvements for all those diagnosed and living with a mental illness. It is our endeavor to erase the stigma that is associated with mental illness and we will not rest until mental illness is accepted the same as any other illness.
A81: NAMI Michigan Director | B81: Mental Health Training for Police Officers | I81: kfischer@namimi.org | J81: https://namimi.org/ | K81: Kevin Fischer - Director of NAMI Michigan Provides training to Police Officers
A82: National Alcohol Hotline | B82: Hotline | H82: 800-331-2900 | K82: 24/7
A83: National Center for PTSD | B83: PTSD supports for Veterans and their families. Resources and Mobile Apps. | H83: PTSD Information Voicemail: (802) 296-6300 | I83: ncptsd@va.gov | J83: https://www.ptsd.va.gov/ | K83: Veterans Affairs PTSD website has information and resources about PTSD, as well as videos and mobile apps for Veterans and their Families/Friends, as well as resources for service providers.
A84: National Center for School Crisis and Bereavement | B84: Helps schools support grieving students | C84: Children’s Hospital Los Angeles Mailstop #53 | D84: 4650 Sunset Blvd. | E84: Los Angeles | F84: CA | G84: 90027 | H84: 877-53-NCSCB 877-536-2722 | I84: info@schoolcrisiscenter.org | J84: https://www.schoolcrisiscenter.org/
A85: National Drug and Alcohol Abuse Hotline | B85: Hotline | H85: 888-506-0699 | K85: 24/7
A86: National Institute of Mental Health | B86: Mental Health Conditions: Information and Resources | C86: 6001 Executive Boulevard | D86: Room 6200, MSC 9663 | E86: Bethesda | F86: MD | G86: 20892-9663 | H86: 301-443-4513 866-615-NIMH(6464) TTY: 301-443-8431 TTY: 866-415-8051 | I86: nimhinfo@nih.gov | J86: https://www.nimh.nih.gov/ | K86: Mental Health articles, information, finding treatment, studies, science updates, brochures and publications.
A87: National Poison Control Center | B87: Helpline for possible poisoning | H87: 800-222-1222 | K87: 24/7 - Useful for when children eat something they shouldn't. They can help determine whether the person can be treated at home (and how), or whether they need emergency services.
A88: National Suicide Prevention Lifeline | B88: 24/7 phone line for people in crisis or considering suicide | H88: 1-800-273-8255
A89: New Day Foundation for Families Fighting Cancer | B89: Cancer-specific support for families | C89: 245 Barclay Cir | D89: Suite 300 | E89: Rochester HIlls | F89: MI | G89: 48307 | H89: (248) 648-1105 | I89: newdayff@gmail.com | J89: www.foundationforfamilies.org | K89: A financial bridge for Michigan families fighting cancer
A90: New Normal Grief Consulting | B90: Grief Consulting via Phone, Zoom, or In-Person | E90: Rochester Hills | H90: call/text (248) 825-3529 | I90: Jenny@newnormalgriefconsulting.com | J90: https://newnormalgriefconsulting.com/ | K90: Free 30 minute initial consultation.
A91: New Oakland Family Centers | B91: Mental Health Services, Eating disorder treatment, Face to Face, Intensive Crisis Stabilization, outpatient, ages 3 and up | C91: Multiple Locations | H91: 24/7 Emergency: (877) 800-1650 Non-emergency: (800) 395-3223 | J91: https://newoakland.org/ | K91: FACE to FACE: 24 hour partial hospital program for therapy, Crisis: for individuals who would meet th criteria for psychiatric hospital admissions who could be stabilized using less restrictive treatments, Mental Health treatment, Medication,
A92: New York Life Foundation | B92: Downloadable Resources for families of grieving children | J92: http://www.AChildinGrief.com | K92: https://www.newyorklife.com/foundation/bereavement-support
A93: No Place Like Home Health | B93: Home Healthcare - Medical and Non-Medical | C93: 37695 Pembroke Ave | E93: Livonia | F93: MI | G93: 48152 | H93: (734) 259-4200 | J93: https://www.nplhh.com/ | K93: In-Home care services include Medical and Non-Medical. Such as: Personal Assistance, Companionship, Light Housekeeping, Errands and Transportation, Meal Preparation
A94: Northville Youth Network | B94: Youth Assistance/Court Diversion, Support Services, Mental Health | C94: Northville Community Center 303 W. Main Street | E94: Northville | F94: MI | G94: 48167 | H94: 248-348-5800 | I94: youthnetwork@twp.northville.mi.us | J94: https://www.twp.northville.mi.us/services/northville-youth-network | K94: Northville Youth Network services are available to families who reside in the City of Northville, the Charter Township of Northville and the Northville Public School District.
A95: OK2SAY - Michigan's Student Safety Program | B95: Confidentially report school or student safety concerns. Online toolkits for staff, students, parents about abuse, suicide prevention, bullying, etc. | H95: Text: OK2SAY (652729) Call: 8-555-OK2SAY (855-565-2729) + Mobile Apps | I95: OK2SAY@mi.gov | J95: https://www.michigan.gov/ok2say https://ok2say.state.mi.us/ <-- Online form | K95: Anyone can report tips confidentially on criminal activities or potential harm directed at students, school employees, or schools. Tips can be submitted 24 hours a day, 7 days a week. Phone call, Text, Email, Mobile apps (App Store and Google Play), or report directly through the website.
A96: Optalis Health & Rehabilitation of Canton | B96: Skilled Nursing, Physical Rehabilitation, Long-Term Care, Respite Care | C96: 7025 North Lilley Rd | E96: Canton | F96: MI | G96: 48187 | H96: 734-394-3100 | J96: https://www.optalishealthcare.com/location/canton/ | K96: Long-Term or Short-Term Skilled Nursing stays, Respite Care, Hospice Care, Managed Care.
A97: PACE (Program for All-Inclusive Care for the Elderly) | B97: Insurance program focusing on keeping seniors in their homes and preventing the need for nursing homes. | H97: 8554454554 | J97: https://www.pacesemi.org/ | K97: All-inclusive care, all under one roof, and we can come to you. As you get older, you deserve more comprehensive care. If you’re age 55 or older with chronic health conditions or disabilities, PACE Southeast Michigan will help you stay one step ahead. PACE offers a unique line-up of coordinated care to help you stay in your home and community longer. You can benefit from medical services like primary care, dental, vision, physical therapy, and more in our day centers, filled with caring staff and social activities. We’ll even pick you up and drop you off at the end of the day. Or we can serve you in the comfort of your home.
A98: Pantry Net (Gleaner's) | B98: Food Pantry Locator | C98: Rotating locations | H98: 866-GLEANER 866-453-2637 | J98: https://pantrynet.org/ | K98: Locator tool for food pantries/food distributions by location. There is also a rotating schedule of drive-up Mobile food distributions.
A99: Parents of Murdered Children - Metro Detroit | B99: Support for the families and friends of those who have died by violence. Ask The Experts, Second Opinion, Parole Block, Murder Wall | C99: PO Box 34 | E99: Royal Oak | F99: MI | G99: 48068-0034 | H99: 248-360-9692, 248-217-7725 | I99: jgrazioli0773@wideopenwest.com | J99: https://www.pomc.org/ https://www.pomc.org/chapters/metro-detroit-chapter-2/ | K99: Chapter Leader: Joe Grazioli Meets 2nd Thursday of the month Time: 6:30 pm-8:30 pm, at St. David’s Episcopal Church Hall in Southfield and via Zoom
A100: Parents of Murdered Children - Saginaw County | B100: Support for the families and friends of those who have died by violence. Ask The Experts, Second Opinion, Parole Block, Murder Wall | C100: PO Box 5444 | E100: Saginaw | F100: MI | G100: 48603 | H100: 989-443-4356 | I100: Pomcsaginaw7@gmail.com | J100: https://www.pomc.org/ https://www.pomc.org/chapters/saginaw-county-chapter-2/ | K100: Chapter Leader: Tamara Tucker 4th Saturday of each month, Time: 3:00 pm – 4:30 pm, Contact Chapter email or phone number for directions. Also has a Facebook group.
...

Sheet Grief & Trauma Counselors
A1: Company | B1: Service | C1: Address | D1: Address 2 | E1: City | F1: State | G1: Zip Code | H1: Phone Number | I1: Email | J1: Website | K1: Notes
A2: Evolving Lives | B2: =VLOOKUP(A2,'Master List Resources&Referrals'!A:K,2,FALSE) -> Online therapy and coaching services throughout Michigan. Grief, Trauma, LGBTQ+, EMDR, and more. | C2: =VLOOKUP(A2,'Master List Resources&Referrals'!A:K,3,FALSE) -> 0 | D2: =VLOOKUP(A2,'Master List Resources&Referrals'!A:K,4,FALSE) -> 0 | E2: =VLOOKUP(A2,'Master List Resources&Referrals'!A:K,5,FALSE) -> 0 | F2: =VLOOKUP(A2,'Master List Resources&Referrals'!A:K,6,FALSE) -> 0 | G2: =VLOOKUP(A2,'Master List Resources&Referrals'!A:K,7,FALSE) -> 0 | H2: =VLOOKUP(A2,'Master List Resources&Referrals'!A:K,8,FALSE) -> Matt (248) 880-2554 Sarah (248) 520-0444 | I2: =VLOOKUP(A2,'Master List Resources&Referrals'!A:K,9,FALSE) -> evolvinglivesms@gmail.com | J2: =VLOOKUP(A2,'Master List Resources&Referrals'!A:K,10,FALSE) -> https://evolvinglivesinc.com/ | K2: =VLOOKUP(A2,'Master List Resources&Referrals'!A:K,11,FALSE) -> Our approach to treatment combines authentic relationship with the most effective transformational techniques in a digital service to foster whole person change. Whatever life challenges you may face and pain you may be experiencing, you can get the care you need from the comfort of your home, office, or wherever feels most therapeutic.
A3: Hegira Health | B3: =VLOOKUP(A3,'Master List Resources&Referrals'!A:K,2,FALSE) -> Mental Health, Behavioral Health | C3: =VLOOKUP(A3,'Master List Resources&Referrals'!A:K,3,FALSE) -> 37450 Schoolcraft Rd | D3: =VLOOKUP(A3,'Master List Resources&Referrals'!A:K,4,FALSE) -> 0 | E3: =VLOOKUP(A3,'Master List Resources&Referrals'!A:K,5,FALSE) -> Livonia | F3: =VLOOKUP(A3,'Master List Resources&Referrals'!A:K,6,FALSE) -> MI | G3: =VLOOKUP(A3,'Master List Resources&Referrals'!A:K,7,FALSE) -> 48150 | H3: =VLOOKUP(A3,'Master List Resources&Referrals'!A:K,8,FALSE) -> 734-499-1587 | I3: =VLOOKUP(A3,'Master List Resources&Referrals'!A:K,9,FALSE) -> 0 | J3: =VLOOKUP(A3,'Master List Resources&Referrals'!A:K,10,FALSE) -> https://www.hegirahealth.org/ | K3: =VLOOKUP(A3,'Master List Resources&Referrals'!A:K,11,FALSE) -> Comprehensive integrated behavioral health services for infants through older adults.
A4: KH Mental Health Wellness | B4: =VLOOKUP(A4,'Master List Resources&Referrals'!A:K,2,FALSE) -> Psychologist, Grief, Talk Therapy, Medication | C4: =VLOOKUP(A4,'Master List Resources&Referrals'!A:K,3,FALSE) -> 0 | D4: =VLOOKUP(A4,'Master List Resources&Referrals'!A:K,4,FALSE) -> 0 | E4: =VLOOKUP(A4,'Master List Resources&Referrals'!A:K,5,FALSE) -> 0 | F4: =VLOOKUP(A4,'Master List Resources&Referrals'!A:K,6,FALSE) -> 0 | G4: =VLOOKUP(A4,'Master List Resources&Referrals'!A:K,7,FALSE) -> 0 | H4: =VLOOKUP(A4,'Master List Resources&Referrals'!A:K,8,FALSE) -> text: 317-437-5850 | I4: =VLOOKUP(A4,'Master List Resources&Referrals'!A:K,9,FALSE) -> kristinhammoud@gmail.com | J4: =VLOOKUP(A4,'Master List Resources&Referrals'!A:K,10,FALSE) -> https://www.mymentalhealthwellness.com/ | K4: =VLOOKUP(A4,'Master List Resources&Referrals'!A:K,11,FALSE) -> Kristin Hammoud, PMH-CNS-NP
A5: My Mental Health Wellness - Kristin Hammoud, PMH-CNS-NP | B5: =VLOOKUP(A5,'Master List Resources&Referrals'!A:K,2,FALSE) -> Grief Therapy and pharmacological services. Phone number is for texting | C5: =VLOOKUP(A5,'Master List Resources&Referrals'!A:K,3,FALSE) -> 0 | D5: =VLOOKUP(A5,'Master List Resources&Referrals'!A:K,4,FALSE) -> 0 | E5: =VLOOKUP(A5,'Master List Resources&Referrals'!A:K,5,FALSE) -> 0 | F5: =VLOOKUP(A5,'Master List Resources&Referrals'!A:K,6,FALSE) -> 0 | G5: =VLOOKUP(A5,'Master List Resources&Referrals'!A:K,7,FALSE) -> 0 | H5: =VLOOKUP(A5,'Master List Resources&Referrals'!A:K,8,FALSE) -> 3174375850 | I5: =VLOOKUP(A5,'Master List Resources&Referrals'!A:K,9,FALSE) -> kristinhammoud@gmail.com | J5: =VLOOKUP(A5,'Master List Resources&Referrals'!A:K,10,FALSE) -> https://www.mymentalhealthwellness.com/ | K5: =VLOOKUP(A5,'Master List Resources&Referrals'!A:K,11,FALSE) -> Free 15-minute initial consultation. Deals with grief. Has been a volunteer with us before.
A6: New Normal Grief Consulting | B6: =VLOOKUP(A6,'Master List Resources&Referrals'!A:K,2,FALSE) -> Grief Consulting via Phone, Zoom, or In-Person | C6: =VLOOKUP(A6,'Master List Resources&Referrals'!A:K,3,FALSE) -> 0 | D6: =VLOOKUP(A6,'Master List Resources&Referrals'!A:K,4,FALSE) -> 0 | E6: =VLOOKUP(A6,'Master List Resources&Referrals'!A:K,5,FALSE) -> Rochester Hills | F6: =VLOOKUP(A6,'Master List Resources&Referrals'!A:K,6,FALSE) -> 0 | G6: =VLOOKUP(A6,'Master List Resources&Referrals'!A:K,7,FALSE) -> 0 | H6: =VLOOKUP(A6,'Master List Resources&Referrals'!A:K,8,FALSE) -> call/text (248) 825-3529 | I6: =VLOOKUP(A6,'Master List Resources&Referrals'!A:K,9,FALSE) -> Jenny@newnormalgriefconsulting.com | J6: =VLOOKUP(A6,'Master List Resources&Referrals'!A:K,10,FALSE) -> https://newnormalgriefconsulting.com/ | K6: =VLOOKUP(A6,'Master List Resources&Referrals'!A:K,11,FALSE) -> Free 30 minute initial consultation.
A7: New Oakland Family Centers | B7: =VLOOKUP(A7,'Master List Resources&Referrals'!A:K,2,FALSE) -> Mental Health Services, Eating disorder treatment, Face to Face, Intensive Crisis Stabilization, outpatient, ages 3 and up | C7: =VLOOKUP(A7,'Master List Resources&Referrals'!A:K,3,FALSE) -> Multiple Locations | D7: =VLOOKUP(A7,'Master List Resources&Referrals'!A:K,4,FALSE) -> 0 | E7: =VLOOKUP(A7,'Master List Resources&Referrals'!A:K,5,FALSE) -> 0 | F7: =VLOOKUP(A7,'Master List Resources&Referrals'!A:K,6,FALSE) -> 0 | G7: =VLOOKUP(A7,'Master List Resources&Referrals'!A:K,7,FALSE) -> 0 | H7: =VLOOKUP(A7,'Master List Resources&Referrals'!A:K,8,FALSE) -> 24/7 Emergency: (877) 800-1650 Non-emergency: (800) 395-3223 | I7: =VLOOKUP(A7,'Master List Resources&Referrals'!A:K,9,FALSE) -> 0 | J7: =VLOOKUP(A7,'Master List Resources&Referrals'!A:K,10,FALSE) -> https://newoakland.org/ | K7: =VLOOKUP(A7,'Master List Resources&Referrals'!A:K,11,FALSE) -> FACE to FACE: 24 hour partial hospital program for therapy, Crisis: for individuals who would meet th criteria for psychiatric hospital admissions who could be stabilized using less restrictive treatments, Mental Health treatment, Medication,
A8: PCS Counseling | B8: =VLOOKUP(A8,'Master List Resources&Referrals'!A:K,2,FALSE) -> Counseling, Mental Health, Integrated Health | C8: =VLOOKUP(A8,'Master List Resources&Referrals'!A:K,3,FALSE) -> 41740 Six Mile Rd | D8: =VLOOKUP(A8,'Master List Resources&Referrals'!A:K,4,FALSE) -> Suites 103-105 | E8: =VLOOKUP(A8,'Master List Resources&Referrals'!A:K,5,FALSE) -> Northville | F8: =VLOOKUP(A8,'Master List Resources&Referrals'!A:K,6,FALSE) -> MI | G8: =VLOOKUP(A8,'Master List Resources&Referrals'!A:K,7,FALSE) -> 48168 | H8: =VLOOKUP(A8,'Master List Resources&Referrals'!A:K,8,FALSE) -> 734-542-6969 | I8: =VLOOKUP(A8,'Master List Resources&Referrals'!A:K,9,FALSE) -> office@pcs-counseling.com | J8: =VLOOKUP(A8,'Master List Resources&Referrals'!A:K,10,FALSE) -> https://pcs-global.com/ | K8: =VLOOKUP(A8,'Master List Resources&Referrals'!A:K,11,FALSE) -> Children, Adolescents, Adults, Seniors Accepts Insurance, Out of Network Insurance, Cash Pay. Website searchable by Clinical Specialties and Services
A9: Resilient Heart Therapy - Rick Guttersohn, LMSW | B9: =VLOOKUP(A9,'Master List Resources&Referrals'!A:K,2,FALSE) -> Mentaly Health/Therapy ages 14 and up - Virtual - Takes Insurance. Podcast and Resources are also on the website. | C9: =VLOOKUP(A9,'Master List Resources&Referrals'!A:K,3,FALSE) -> 0 | D9: =VLOOKUP(A9,'Master List Resources&Referrals'!A:K,4,FALSE) -> 0 | E9: =VLOOKUP(A9,'Master List Resources&Referrals'!A:K,5,FALSE) -> Livonia | F9: =VLOOKUP(A9,'Master List Resources&Referrals'!A:K,6,FALSE) -> MI | G9: =VLOOKUP(A9,'Master List Resources&Referrals'!A:K,7,FALSE) -> 0 | H9: =VLOOKUP(A9,'Master List Resources&Referrals'!A:K,8,FALSE) -> 2486070002 | I9: =VLOOKUP(A9,'Master List Resources&Referrals'!A:K,9,FALSE) -> rick@resilientheartmi.com | J9: =VLOOKUP(A9,'Master List Resources&Referrals'!A:K,10,FALSE) -> https://www.resilientheartmi.com/ | K9: =VLOOKUP(A9,'Master List Resources&Referrals'!A:K,11,FALSE) -> Specialty Areas include: Grief & Loss (prolonged grief, anticipatory grief, suicide & overdose, traumatic loss, death of child/spouse/parent/sibling, stillbirth & miscarriage; Infertility, Non-death losses such as divorce, estrangement, foster/adoption, job loss, etc.), Depression & Anxiety, Shape & Low Self Esteem, Difficult Life Transitions, Professional Burnout, ADHD. Primarily virtual at the moment. Limited in-person requests in Livonia. https://www.psychologytoday.com/us/therapists/rick-guttersohn-livonia-mi/944461
A10: Solid Ground Counseling | B10: =VLOOKUP(A10,'Master List Resources&Referrals'!A:K,2,FALSE) -> New Moms/Postpartum Support Counseling/Therapy Support Groups Mental Health Testing Addiction Anger Management | C10: =VLOOKUP(A10,'Master List Resources&Referrals'!A:K,3,FALSE) -> Plymouth Office 41100 Plymouth Road Brighton Office 2000 Grand River Annex | D10: =VLOOKUP(A10,'Master List Resources&Referrals'!A:K,4,FALSE) -> Suite 110 Suite 400 | E10: =VLOOKUP(A10,'Master List Resources&Referrals'!A:K,5,FALSE) -> Plymouth Brighton | F10: =VLOOKUP(A10,'Master List Resources&Referrals'!A:K,6,FALSE) -> MI | G10: =VLOOKUP(A10,'Master List Resources&Referrals'!A:K,7,FALSE) -> 48170 48114 | H10: =VLOOKUP(A10,'Master List Resources&Referrals'!A:K,8,FALSE) -> 7349271201 | I10: =VLOOKUP(A10,'Master List Resources&Referrals'!A:K,9,FALSE) -> 0 | J10: =VLOOKUP(A10,'Master List Resources&Referrals'!A:K,10,FALSE) -> https://www.solidgroundcounseling.com | K10: =VLOOKUP(A10,'Master List Resources&Referrals'!A:K,11,FALSE) -> Groups: Teen Support (13-17), Anxiety Support (18-25), New Moms/Postpartum Support, First Responders, Spouses of First Responders. Individual Counseling for all ages: Grief and Loss; Parenting Skills; Sexual Integrity and Abuse; Family Dynamics; Anger Management; Addictions. Testing. Low-cost or free available with Master's Level Interns for those who do not have coverage or cannot afford the regular practitioners.
A11: Wayfinder Psychotherapy | B11: =VLOOKUP(A11,'Master List Resources&Referrals'!A:K,2,FALSE) -> Telehealth Mental Health and Grief Therapy for Teens and Adults | C11: =VLOOKUP(A11,'Master List Resources&Referrals'!A:K,3,FALSE) -> 0 | D11: =VLOOKUP(A11,'Master List Resources&Referrals'!A:K,4,FALSE) -> 0 | E11: =VLOOKUP(A11,'Master List Resources&Referrals'!A:K,5,FALSE) -> 0 | F11: =VLOOKUP(A11,'Master List Resources&Referrals'!A:K,6,FALSE) -> 0 | G11: =VLOOKUP(A11,'Master List Resources&Referrals'!A:K,7,FALSE) -> 0 | H11: =VLOOKUP(A11,'Master List Resources&Referrals'!A:K,8,FALSE) -> 2482668536 | I11: =VLOOKUP(A11,'Master List Resources&Referrals'!A:K,9,FALSE) -> WayfinderPsychotherapy@gmail.com | J11: =VLOOKUP(A11,'Master List Resources&Referrals'!A:K,10,FALSE) -> https://www.wayfinderpsychotherapy.net/ | K11: =VLOOKUP(A11,'Master List Resources&Referrals'!A:K,11,FALSE) -> Alexander Borrello - Clinical Mental Health Counselor. Counseling/Therapy for Teens and Adults: Depression, Bipolar Depression, Anxiety, Trauma, Grief, Traumatic Grief, Anticipatory Grief, Relationships, School/Work Stress

Sheet Police & First Responders
A1: Company | B1: Service | C1: Address | D1: Address 2 | E1: City | F1: State | G1: Zip Code | H1: Phone Number | I1: Email | J1: Website | K1: Notes
A2: Blue H.E.L.P. | B2: =VLOOKUP(A2,'Master List Resources&Referrals'!A:K,2,FALSE) -> Support for Families of First Responders who died by Suicide - | C2: =VLOOKUP(A2,'Master List Resources&Referrals'!A:K,3,FALSE) -> 0 | D2: =VLOOKUP(A2,'Master List Resources&Referrals'!A:K,4,FALSE) -> 0 | E2: =VLOOKUP(A2,'Master List Resources&Referrals'!A:K,5,FALSE) -> 0 | F2: =VLOOKUP(A2,'Master List Resources&Referrals'!A:K,6,FALSE) -> 0 | G2: =VLOOKUP(A2,'Master List Resources&Referrals'!A:K,7,FALSE) -> 0 | H2: =VLOOKUP(A2,'Master List Resources&Referrals'!A:K,8,FALSE) -> 0 | I2: =VLOOKUP(A2,'Master List Resources&Referrals'!A:K,9,FALSE) -> contact@1sthelp.org | J2: =VLOOKUP(A2,'Master List Resources&Referrals'!A:K,10,FALSE) -> https://bluehelp.org/ | K2: =VLOOKUP(A2,'Master List Resources&Referrals'!A:K,11,FALSE) -> It is the mission of Blue H.E.L.P. to reduce mental health stigma through education, advocate for benefits for those suffering from post-traumatic stress, acknowledge the service and sacrifice of law enforcement officers we lost to suicide, support families after a suicide and to bring awareness to suicide and mental health issues. Family Support: A suicide loss is unique, it can be difficult for families to share their experience with others who have not suffered the same type of loss. With the loss of thousands of law enforcement officers to suicide, we can put you in touch with another family who has experienced LEO suicide and knows what you are going through. No judgement, no stigma; just compassion and understanding. Care packages which honor your loved ones are shipped to you and events customized to your needs are hosted for and by you.
A3: Copline | B3: =VLOOKUP(A3,'Master List Resources&Referrals'!A:K,2,FALSE) -> Helpline for Police | C3: =VLOOKUP(A3,'Master List Resources&Referrals'!A:K,3,FALSE) -> 0 | D3: =VLOOKUP(A3,'Master List Resources&Referrals'!A:K,4,FALSE) -> 0 | E3: =VLOOKUP(A3,'Master List Resources&Referrals'!A:K,5,FALSE) -> 0 | F3: =VLOOKUP(A3,'Master List Resources&Referrals'!A:K,6,FALSE) -> 0 | G3: =VLOOKUP(A3,'Master List Resources&Referrals'!A:K,7,FALSE) -> 0 | H3: =VLOOKUP(A3,'Master List Resources&Referrals'!A:K,8,FALSE) -> 8002675463 | I3: =VLOOKUP(A3,'Master List Resources&Referrals'!A:K,9,FALSE) -> 0 | J3: =VLOOKUP(A3,'Master List Resources&Referrals'!A:K,10,FALSE) -> 0 | K3: =VLOOKUP(A3,'Master List Resources&Referrals'!A:K,11,FALSE) -> 24/7
A4: Copline - An Officer's Lifeline | B4: =VLOOKUP(A4,'Master List Resources&Referrals'!A:K,2,FALSE) -> Peer-Lead Crisis Hotline for Police Officers (active, previous, or retired) and their family members. Run entirely by Police Officers and their Family Members. | C4: =VLOOKUP(A4,'Master List Resources&Referrals'!A:K,3,FALSE) -> 0 | D4: =VLOOKUP(A4,'Master List Resources&Referrals'!A:K,4,FALSE) -> 0 | E4: =VLOOKUP(A4,'Master List Resources&Referrals'!A:K,5,FALSE) -> 0 | F4: =VLOOKUP(A4,'Master List Resources&Referrals'!A:K,6,FALSE) -> 0 | G4: =VLOOKUP(A4,'Master List Resources&Referrals'!A:K,7,FALSE) -> 0 | H4: =VLOOKUP(A4,'Master List Resources&Referrals'!A:K,8,FALSE) -> 24/7 Hotline Calls: 1-800-COPLINE 1-800-267-5463 Non-COPLINE calls: 1-732-577-8300 Ext. 8 | I4: =VLOOKUP(A4,'Master List Resources&Referrals'!A:K,9,FALSE) -> 0 | J4: =VLOOKUP(A4,'Master List Resources&Referrals'!A:K,10,FALSE) -> https://www.copline.org/ | K4: =VLOOKUP(A4,'Master List Resources&Referrals'!A:K,11,FALSE) -> COPLINE® IS OPERATIONAL 24 HOURS A DAY / 7 DAYS A WEEK Calls will be answered by a Retired Active Peer Listener - All calls and emails are strictly 100% CONFIDENTIAL COPLINE® has earned the trust of the Law Enforcement community by providing active listening through a hotline by maintaining complete confidentiality as well as anonymity if the caller chooses. We train competent, confident, committed, and compassionate retired officers to engage with callers on the daily stressors officers and their family members experience.
A5: Crisis Text Line | B5: =VLOOKUP(A5,'Master List Resources&Referrals'!A:K,2,FALSE) -> Helpline for First Responders | C5: =VLOOKUP(A5,'Master List Resources&Referrals'!A:K,3,FALSE) -> 0 | D5: =VLOOKUP(A5,'Master List Resources&Referrals'!A:K,4,FALSE) -> 0 | E5: =VLOOKUP(A5,'Master List Resources&Referrals'!A:K,5,FALSE) -> 0 | F5: =VLOOKUP(A5,'Master List Resources&Referrals'!A:K,6,FALSE) -> 0 | G5: =VLOOKUP(A5,'Master List Resources&Referrals'!A:K,7,FALSE) -> 0 | H5: =VLOOKUP(A5,'Master List Resources&Referrals'!A:K,8,FALSE) -> Text BADGE or 741-741 | I5: =VLOOKUP(A5,'Master List Resources&Referrals'!A:K,9,FALSE) -> 0 | J5: =VLOOKUP(A5,'Master List Resources&Referrals'!A:K,10,FALSE) -> 0 | K5: =VLOOKUP(A5,'Master List Resources&Referrals'!A:K,11,FALSE) -> 24/7
A6: Fire/EMS Helpline | B6: =VLOOKUP(A6,'Master List Resources&Referrals'!A:K,2,FALSE) -> Helpline for Fire and EMS personnel | C6: =VLOOKUP(A6,'Master List Resources&Referrals'!A:K,3,FALSE) -> 0 | D6: =VLOOKUP(A6,'Master List Resources&Referrals'!A:K,4,FALSE) -> 0 | E6: =VLOOKUP(A6,'Master List Resources&Referrals'!A:K,5,FALSE) -> 0 | F6: =VLOOKUP(A6,'Master List Resources&Referrals'!A:K,6,FALSE) -> 0 | G6: =VLOOKUP(A6,'Master List Resources&Referrals'!A:K,7,FALSE) -> 0 | H6: =VLOOKUP(A6,'Master List Resources&Referrals'!A:K,8,FALSE) -> 8667313473 | I6: =VLOOKUP(A6,'Master List Resources&Referrals'!A:K,9,FALSE) -> 0 | J6: =VLOOKUP(A6,'Master List Resources&Referrals'!A:K,10,FALSE) -> 0 | K6: =VLOOKUP(A6,'Master List Resources&Referrals'!A:K,11,FALSE) -> 24/7
A7: First Responders Bridge | B7: =VLOOKUP(A7,'Master List Resources&Referrals'!A:K,2,FALSE) -> FREE 3-Day Retreats for First Responders and their Significant Other. Participants provide their own transportation. (Retreats are in Ohio) | C7: =VLOOKUP(A7,'Master List Resources&Referrals'!A:K,3,FALSE) -> 0 | D7: =VLOOKUP(A7,'Master List Resources&Referrals'!A:K,4,FALSE) -> 0 | E7: =VLOOKUP(A7,'Master List Resources&Referrals'!A:K,5,FALSE) -> 0 | F7: =VLOOKUP(A7,'Master List Resources&Referrals'!A:K,6,FALSE) -> 0 | G7: =VLOOKUP(A7,'Master List Resources&Referrals'!A:K,7,FALSE) -> 0 | H7: =VLOOKUP(A7,'Master List Resources&Referrals'!A:K,8,FALSE) -> 614-271-4981 | I7: =VLOOKUP(A7,'Master List Resources&Referrals'!A:K,9,FALSE) -> 0 | J7: =VLOOKUP(A7,'Master List Resources&Referrals'!A:K,10,FALSE) -> https://firstrespondersbridge.org/ | K7: =VLOOKUP(A7,'Master List Resources&Referrals'!A:K,11,FALSE) -> The retreats are held at hotels and conference centers across the State of Ohio. They provide great lodging, food, meeting rooms and activities that meet our needs. Keynote, peer and clinician speakers, relaxing activities for First Responders and their significant other to help them find hope and healing. Depending on the location of each particular retreat, couples can expect activities such as group yoga (voluntary), chair massages, indoor/outdoor swimming, fitness room, sauna, and many more. Our goal is to not only heal the First Responder but the family unit as well. Retreats are free of cost. The retreat, lodging, food and activities are all paid for with donations from our caring, thoughtful sponsors who value and appreciate our First Responder heroes. All you have to pay for is the transportation to get to and from the retreat.
A8: Frontline Strong Together | B8: =VLOOKUP(A8,'Master List Resources&Referrals'!A:K,2,FALSE) -> Mental Health specifically for First Responders (Police, EMS, Fire, Dispatch, Corrections) and their families. | C8: =VLOOKUP(A8,'Master List Resources&Referrals'!A:K,3,FALSE) -> 0 | D8: =VLOOKUP(A8,'Master List Resources&Referrals'!A:K,4,FALSE) -> 0 | E8: =VLOOKUP(A8,'Master List Resources&Referrals'!A:K,5,FALSE) -> 0 | F8: =VLOOKUP(A8,'Master List Resources&Referrals'!A:K,6,FALSE) -> 0 | G8: =VLOOKUP(A8,'Master List Resources&Referrals'!A:K,7,FALSE) -> 0 | H8: =VLOOKUP(A8,'Master List Resources&Referrals'!A:K,8,FALSE) -> 833-34-STRONG 833-347-87664 | I8: =VLOOKUP(A8,'Master List Resources&Referrals'!A:K,9,FALSE) -> 0 | J8: =VLOOKUP(A8,'Master List Resources&Referrals'!A:K,10,FALSE) -> https://fst5.org/ | K8: =VLOOKUP(A8,'Master List Resources&Referrals'!A:K,11,FALSE) -> This website, created by first responders and mental health experts together, provides 24/7 live support, effective resources, and cutting-edge services to prevent and alleviate PTSD, anxiety, depression, and other frontline work-related mental health challenges.
A9: IAFF Alcohol Hotline | B9: =VLOOKUP(A9,'Master List Resources&Referrals'!A:K,2,FALSE) -> Hotline for Firefighters Only | C9: =VLOOKUP(A9,'Master List Resources&Referrals'!A:K,3,FALSE) -> 0 | D9: =VLOOKUP(A9,'Master List Resources&Referrals'!A:K,4,FALSE) -> 0 | E9: =VLOOKUP(A9,'Master List Resources&Referrals'!A:K,5,FALSE) -> 0 | F9: =VLOOKUP(A9,'Master List Resources&Referrals'!A:K,6,FALSE) -> 0 | G9: =VLOOKUP(A9,'Master List Resources&Referrals'!A:K,7,FALSE) -> 0 | H9: =VLOOKUP(A9,'Master List Resources&Referrals'!A:K,8,FALSE) -> 866-965-3074 | I9: =VLOOKUP(A9,'Master List Resources&Referrals'!A:K,9,FALSE) -> 0 | J9: =VLOOKUP(A9,'Master List Resources&Referrals'!A:K,10,FALSE) -> 0 | K9: =VLOOKUP(A9,'Master List Resources&Referrals'!A:K,11,FALSE) -> 24/7 Completely Confidential
A10: IAFF Hotline | B10: =VLOOKUP(A10,'Master List Resources&Referrals'!A:K,2,FALSE) -> Mental Health and PTSD Hotline for Firefighters Only. | C10: =VLOOKUP(A10,'Master List Resources&Referrals'!A:K,3,FALSE) -> 0 | D10: =VLOOKUP(A10,'Master List Resources&Referrals'!A:K,4,FALSE) -> 0 | E10: =VLOOKUP(A10,'Master List Resources&Referrals'!A:K,5,FALSE) -> 0 | F10: =VLOOKUP(A10,'Master List Resources&Referrals'!A:K,6,FALSE) -> 0 | G10: =VLOOKUP(A10,'Master List Resources&Referrals'!A:K,7,FALSE) -> 0 | H10: =VLOOKUP(A10,'Master List Resources&Referrals'!A:K,8,FALSE) -> 866-558-0597 | I10: =VLOOKUP(A10,'Master List Resources&Referrals'!A:K,9,FALSE) -> 0 | J10: =VLOOKUP(A10,'Master List Resources&Referrals'!A:K,10,FALSE) -> 0 | K10: =VLOOKUP(A10,'Master List Resources&Referrals'!A:K,11,FALSE) -> 24/7
A11: NAMI Michigan Director | B11: =VLOOKUP(A11,'Master List Resources&Referrals'!A:K,2,FALSE) -> Mental Health Training for Police Officers | C11: =VLOOKUP(A11,'Master List Resources&Referrals'!A:K,3,FALSE) -> 0 | D11: =VLOOKUP(A11,'Master List Resources&Referrals'!A:K,4,FALSE) -> 0 | E11: =VLOOKUP(A11,'Master List Resources&Referrals'!A:K,5,FALSE) -> 0 | F11: =VLOOKUP(A11,'Master List Resources&Referrals'!A:K,6,FALSE) -> 0 | G11: =VLOOKUP(A11,'Master List Resources&Referrals'!A:K,7,FALSE) -> 0 | H11: =VLOOKUP(A11,'Master List Resources&Referrals'!A:K,8,FALSE) -> 0 | I11: =VLOOKUP(A11,'Master List Resources&Referrals'!A:K,9,FALSE) -> kfischer@namimi.org | J11: =VLOOKUP(A11,'Master List Resources&Referrals'!A:K,10,FALSE) -> https://namimi.org/ | K11: =VLOOKUP(A11,'Master List Resources&Referrals'!A:K,11,FALSE) -> Kevin Fischer - Director of NAMI Michigan Provides training to Police Officers
A12: PTSD Foundation of America | B12: =VLOOKUP(A12,'Master List Resources&Referrals'!A:K,2,FALSE) -> Helpline for those suffering PTSD | C12: =VLOOKUP(A12,'Master List Resources&Referrals'!A:K,3,FALSE) -> 0 | D12: =VLOOKUP(A12,'Master List Resources&Referrals'!A:K,4,FALSE) -> 0 | E12: =VLOOKUP(A12,'Master List Resources&Referrals'!A:K,5,FALSE) -> 0 | F12: =VLOOKUP(A12,'Master List Resources&Referrals'!A:K,6,FALSE) -> 0 | G12: =VLOOKUP(A12,'Master List Resources&Referrals'!A:K,7,FALSE) -> 0 | H12: =VLOOKUP(A12,'Master List Resources&Referrals'!A:K,8,FALSE) -> 877-717-PTSD 877-717-7873 | I12: =VLOOKUP(A12,'Master List Resources&Referrals'!A:K,9,FALSE) -> 0 | J12: =VLOOKUP(A12,'Master List Resources&Referrals'!A:K,10,FALSE) -> 0 | K12: =VLOOKUP(A12,'Master List Resources&Referrals'!A:K,11,FALSE) -> Business Hours
A13: The Wounded Blue | B13: =VLOOKUP(A13,'Master List Resources&Referrals'!A:K,2,FALSE) -> For wounded and disabled Law Enforcement Officers (active or retired) and their families. Crisis Line, Peer Support, Assistance, Advocacy, Community Outreach & Education | C13: =VLOOKUP(A13,'Master List Resources&Referrals'!A:K,3,FALSE) -> 0 | D13: =VLOOKUP(A13,'Master List Resources&Referrals'!A:K,4,FALSE) -> 0 | E13: =VLOOKUP(A13,'Master List Resources&Referrals'!A:K,5,FALSE) -> 0 | F13: =VLOOKUP(A13,'Master List Resources&Referrals'!A:K,6,FALSE) -> 0 | G13: =VLOOKUP(A13,'Master List Resources&Referrals'!A:K,7,FALSE) -> 0 | H13: =VLOOKUP(A13,'Master List Resources&Referrals'!A:K,8,FALSE) -> 24/7 Immediate Assistance: 833-TWB-TALK (833-892-8255) TEXT "BLUE" TO 877-810-0911 | I13: =VLOOKUP(A13,'Master List Resources&Referrals'!A:K,9,FALSE) -> info@thewoundedblue.org | J13: =VLOOKUP(A13,'Master List Resources&Referrals'!A:K,10,FALSE) -> https://thewoundedblue.org/ | K13: =VLOOKUP(A13,'Master List Resources&Referrals'!A:K,11,FALSE) -> The Wounded Blue’s Mission is to improve the lives of injured and disabled Law Enforcement Officers through Support, Education, Assistance and Legislative Advocacy. We can de-stigmatize mental health within the law enforcement community through Leadership, Education, Advocacy and Dedication to America’s Law Enforcement Officers. Through The Wounded Blue’s Peer Support Advocate Program, Community Outreach & Education, the Wounded Blue will ensure that you are NEVER FORGOTTEN and NEVER ALONE.
B14: =VLOOKUP(A14,'Master List Resources&Referrals'!A:K,2,FALSE) -> #N/A | C14: =VLOOKUP(A14,'Master List Resources&Referrals'!A:K,3,FALSE) -> #N/A | D14: =VLOOKUP(A14,'Master List Resources&Referrals'!A:K,4,FALSE) -> #N/A | E14: =VLOOKUP(A14,'Master List Resources&Referrals'!A:K,5,FALSE) -> #N/A | F14: =VLOOKUP(A14,'Master List Resources&Referrals'!A:K,6,FALSE) -> #N/A | G14: =VLOOKUP(A14,'Master List Resources&Referrals'!A:K,7,FALSE) -> #N/A | H14: =VLOOKUP(A14,'Master List Resources&Referrals'!A:K,8,FALSE) -> #N/A | I14: =VLOOKUP(A14,'Master List Resources&Referrals'!A:K,9,FALSE) -> #N/A | J14: =VLOOKUP(A14,'Master List Resources&Referrals'!A:K,10,FALSE) -> #N/A | K14: =VLOOKUP(A14,'Master List Resources&Referrals'!A:K,11,FALSE) -> #N/A

Sheet BooksDocs&Podcasts
A1: Category | B1: Title | C1: Author(s)/Organizer(s) | D1: Link | E1: Notes
A2: *Please note: NGS=Not Grieving Specific
A3: Any Loss | B3: A MEAL FOR ME: Simple Strategies for Cooking for One | C3: Compiled for Hospice of Michigan | D3: https://arborhospice.org/wp-content/uploads/2023/08/A-Meal-For-Me-Cookbook.pdf | E3: Cookbook for those who need to learn to cook for one person after the loss of others in the household. Begins with grief-related information, nutrition, and Food Safety information for a variety of cooking experience levels.
A4: Any Loss | B4: Grief is Love Lost | C4: Dr. John Canine EDD, PhD and Eli Zaret | D4: https://griefislovelost.com/ | E4: Audio Sessions for Dealing with Grief
A5: Any Loss | B5: Michigan Resources for Grieving Families | C5: State of Michigan | D5: https://bit.ly/2SdRVwv | E5: PDF created by the State that lists Michigan agencies and facilities that providing grief support services, listed by County
A6: Cancer | B6: Cancer and Death: A Love Story in Two Voices | C6: Leah Vande Berg and Nick Trujillo
A7: Child and Teen Grief | B7: A Parent's Guide to Raising Grieving Children | C7: Phyllis Silverman and Madelyn Kelly
A8: Child and Teen Grief | B8: After a loved one dies - How children grieve and how parents and other adults can support them | C8: David J. Schonfeld, MD, and Marcia Quackenbush, MS, MFT, CHES | D8: https://www.schoolcrisiscenter.org/resources/loved-one-dies/
A9: Child and Teen Grief | B9: Healing a Child's Grieving Heart | C9: Alan Wolfelt
A10: Child and Teen Grief | B10: Helping Grieving Children and Teens | C10: Hospice of Michigan, Arbor Hospice, and Jo Elyn Nyman Programs for Children | D10: https://arborhospice.org/wp-content/uploads/2023/10/Helping-Grieving-Children-and-Teens-2022-11172022.pdf | E10: Educational resources for caring adults to help their child or teen during a terminal illness and after a death.
A11: Child and Teen Grief | B11: Nobody's Child Anymore | C11: Barbara Bartocci
A12: Child and Teen Grief | B12: Teen Grief Relief: Parenting with Understanding, Support & Guidance | C12: Heidi Horsley, Gloria Horsley and Betty Wright
A13: Child and Teen Grief | B13: The Grieving Child: A Parent's Guide | C13: Helen Fitzgerald
A14: Child and Teen Grief | B14: The Grieving Teen: A Guide for Teenagers and Their Friends | C14: Helen Fitzgerald
A15: Child and Teen Grief | B15: We Get It: Voices of Grieving College Students and Young Adults | C15: Heather Servaty-Seib and David C. Fajgenbaum
A16: Child and Teen Grief | B16: When Parents Die: A Guide for Adults | C16: Edward Myers
A17: Child and Teen Grief | B17: When Parents Die: Learning to Live with the Loss of a Parent | C17: Rebecca Abrams
A18: Child Loss | B18: A Grief Unveiled: One Father's Journey Through the Loss of a Child | C18: Gregory Floyd
A19: Child Loss | B19: Giving Sorrow Words | C19: Candy Lightner and Nancy Hathaway
A20: Child Loss | B20: How to Survive the Loss of a Child | C20: Catherine Sanders
A21: Child Loss | B21: Life after the Death of My Son: What I'm Learning | C21: Dennis Apple
A22: Child Loss | B22: The Grieving Garden: Living with the Death of a Child | C22: Suzanne Redfern and Susan K. Gilbert
... A29: General Grief | B29: The Other Side of Sadness | C29: George Bonanno
A30: Infant/Pregnancy Loss | B30: Guys and Grief - Podcast for fathers who have experienced Pregnancy or Infant Loss | D30: https://open.spotify.com/show/4zIpSLSHweixD80Tgybtp2
A31: Law Enforcement | B31: The Price They Pay | C31: Karen Solomon, Jeffrey M. McGill | D31: https://www.amazon.com/Price-They-Pay-Karen-Solomon/dp/0986322164 | E31: Multiple types of Law Enforcement losses (witnessing traumatic death, experiencing injury and permanent disability, etc.)
A32: NGS - Adolescent Depression* | B32: What Families Need to Know about Adolescent Depression | C32: National Alliance on Mental Illness | D32: https://24-7.master-print.com/NAMI/UserJCatalog.aspx
A33: NGS - Substance Use Recovery* | B33: I'm Still a Person: The Stigma of Substance Use & Power of Respect | C33: Dr. Audrey Begun, MSW, PhD, with help from many in recovery and their families | D33: https://faceaddictionnow.org/stigma | E33: Graphic Novel version available at: https://www.stillaperson.com/graphicnovel
A34: Parent Loss | B34: Midlife Orphan: Facing Life's Changes Now That Your Parents Are Gone | C34: Jane Brooks | E34: Parent loss in adulthood
A35: Pregnancy/Infant loss | B35: The Pregnancy Loss Guidebook: Coping Well with Pregnancy and Infant Loss | C35: Monica Sholar Anderson (Remembering Cherubs Founder) | D35: https://www.rememberingcherubs.org/ | E35: Consider referring the person through their website, so they can receive the book as part of the Ongoing Support Toolkit (free).
A36: Siblings Grief | B36: Surviving the Death of a Sibling | C36: T.J. Wray
A37: Siblings Grief | B37: The Empty Room: Understanding Sibling Loss | C37: Elizabeth DeVita-Raeburn
A38: Spouse Loss | B38: A Handbook for Widowers | C38: Ed Ames
A39: Spouse Loss | B39: From We to Me: Embracing Life Again After the Death or Divorce of a Spouse | C39: Susan J. Zonnebelt-Smeenge and Robert C. De Vries
A40: Spouse Loss | B40: Getting to the Other Side of Grief: Overcoming the Loss of a Spouse | C40: Susan J. Zonnebelt-Smeenge and Robert C. De Vries
A41: Spouse Loss | B41: I'm Grieving as Fast as I Can: How Young Widows and Widowers Cope and Heal | C41: Linda Feinberg
A42: Spouse Loss | B42: Living Fully in the Shadow of Death: Assurance and Guidance to Finish Well | C42: Susan J. Zonnebelt-Smeenge and Robert C. De Vries
A43: Spouse Loss | B43: Swallowed by a Snake: The Gift of the Masculine Side of Healing | C43: Tom Golden
A44: Spouse Loss | B44: The Empty Chair: Handling Grief on Holidays and Special Occasions | C44: Susan J. Zonnebelt-Smeenge and Robert C. De Vries
A45: Spouse Loss | B45: The Tender Scar: Life after the Death of a Spouse | C45: Richard Mabry
A46: Spouse Loss | B46: Traveling through Grief: Learning to Live Again after the Death of a Loved One | C46: Susan J. Zonnebelt-Smeenge and Robert C. De Vries
A47: Spouse Loss | B47: Widow to Widow: Thoughtful, Practical Ideas for Rebuilding Your Life | C47: Genevieve D. Ginsburg
A48: Student Grieving Students or School Staff | B48: Guidelines for responding to the death of a student or school staff | C48: National Center for School Crisis and Bereavement | D48: https://www.schoolcrisiscenter.org/resources/guide-responding-death/ | E48: These guidelines are designed to help school administrators, teachers, and crisis team members respond to the needs of students and staff after a loss has impacted the school environment, such as after the death of a student or staff member or when deaths occur that affect many people in the community. PDF format.

Sheet Food, Low-Income Resources
A1: Company/Organization | B1: Service | C1: Address | D1: Address 2 | E1: City | F1: State | G1: Zip | H1: Phone | I1: Email | J1: Website | K1: Notes
A2: Community Resource Directory by findhelp | B2: =VLOOKUP(A2,'Master List Resources&Referrals'!A:K,2,FALSE) -> Search and Connect to Social Care | C2: =VLOOKUP(A2,'Master List Resources&Referrals'!A:K,3,FALSE) -> 0 | D2: =VLOOKUP(A2,'Master List Resources&Referrals'!A:K,4,FALSE) -> 0 | E2: =VLOOKUP(A2,'Master List Resources&Referrals'!A:K,5,FALSE) -> 0 | F2: =VLOOKUP(A2,'Master List Resources&Referrals'!A:K,6,FALSE) -> 0 | G2: =VLOOKUP(A2,'Master List Resources&Referrals'!A:K,7,FALSE) -> 0 | H2: =VLOOKUP(A2,'Master List Resources&Referrals'!A:K,8,FALSE) -> 0 | I2: =VLOOKUP(A2,'Master List Resources&Referrals'!A:K,9,FALSE) -> 0 | J2: =VLOOKUP(A2,'Master List Resources&Referrals'!A:K,10,FALSE) -> https://communityresources.trinity-health.org/ | K2: =VLOOKUP(A2,'Master List Resources&Referrals'!A:K,11,FALSE) -> Website helps find local resources by Zip Code and Type of need. Site has translation available to dozens of languages.
A3: Crossroads | B3: =VLOOKUP(A3,'Master List Resources&Referrals'!A:K,2,FALSE) -> Resources and Services for low-income populations. Listed in Notes section. | C3: =VLOOKUP(A3,'Master List Resources&Referrals'!A:K,3,FALSE) -> 2424 West Grand Boulevard | D3: =VLOOKUP(A3,'Master List Resources&Referrals'!A:K,4,FALSE) -> 0 | E3: =VLOOKUP(A3,'Master List Resources&Referrals'!A:K,5,FALSE) -> Detroit | F3: =VLOOKUP(A3,'Master List Resources&Referrals'!A:K,6,FALSE) -> MI | G3: =VLOOKUP(A3,'Master List Resources&Referrals'!A:K,7,FALSE) -> 48208 | H3: =VLOOKUP(A3,'Master List Resources&Referrals'!A:K,8,FALSE) -> (313) 831-2000 | I3: =VLOOKUP(A3,'Master List Resources&Referrals'!A:K,9,FALSE) -> info@crossroadsofmichigan.org | J3: =VLOOKUP(A3,'Master List Resources&Referrals'!A:K,10,FALSE) -> www.crossroadsofmichigan.org | K3: =VLOOKUP(A3,'Master List Resources&Referrals'!A:K,11,FALSE) -> Resources: Transportation (Bus Tickets), Birth certificate retrieval, Identification retrieval, Food, Clothing, Personal hygiene products, Diapers, Formula, Baby clothing. Supports: Lifetime Opportunities for Children, Permanent Employment coaching, Crisis Reduction and Long-Term Stability, Fulfilling Immediate Needs, Weekly Hot Meals, Children’s Summer Lunch
A4: Developing K.I.D.S. | B4: =VLOOKUP(A4,'Master List Resources&Referrals'!A:K,2,FALSE) -> (Developing Kingdoms in Different Stages) Free High Quality Programs In Detroit For Youth, Their Families, And Community Members | C4: =VLOOKUP(A4,'Master List Resources&Referrals'!A:K,3,FALSE) -> 24230 W. McNichols St. | D4: =VLOOKUP(A4,'Master List Resources&Referrals'!A:K,4,FALSE) -> 0 | E4: =VLOOKUP(A4,'Master List Resources&Referrals'!A:K,5,FALSE) -> Detroit | F4: =VLOOKUP(A4,'Master List Resources&Referrals'!A:K,6,FALSE) -> MI | G4: =VLOOKUP(A4,'Master List Resources&Referrals'!A:K,7,FALSE) -> 48219 | H4: =VLOOKUP(A4,'Master List Resources&Referrals'!A:K,8,FALSE) -> Phone & Fax: 888-294-6554 | I4: =VLOOKUP(A4,'Master List Resources&Referrals'!A:K,9,FALSE) -> info@developingkids.org | J4: =VLOOKUP(A4,'Master List Resources&Referrals'!A:K,10,FALSE) -> www.developingkids.org | K4: =VLOOKUP(A4,'Master List Resources&Referrals'!A:K,11,FALSE) -> Youth Development afterschool and summer camp activities for ages 5-18: College Readiness, Entrepreneurship, Life Skills & Social Development, Mental Health & Wellness, Community Service, Academic Enrichment & Homework Help Workforce Development We empower individuals ages 14-24 with essential skills for a seamless entry into the professional world. Ongoing support for personal and professional growth, Summer employment opportunities, Job placements, mentorships & incentives Community Engagement Provide Resources & Referrels, Special Events & Projects, Workforce Development, Support for Alumni (college, trade school, adulthood, workforce)
A5: Jewish Family Services of Metro Detroit | B5: =VLOOKUP(A5,'Master List Resources&Referrals'!A:K,2,FALSE) -> Services for older adults, domestic abuse, family support, addiction, suicide prevention, counseling, community education. | C5: =VLOOKUP(A5,'Master List Resources&Referrals'!A:K,3,FALSE) -> West Bloomfield Orley Building 6555 West Maple Road Oak Park Office Crown Pointe Office Building 25900 Greenfield Road | D5: =VLOOKUP(A5,'Master List Resources&Referrals'!A:K,4,FALSE) -> Suite 405 | E5: =VLOOKUP(A5,'Master List Resources&Referrals'!A:K,5,FALSE) -> West Bloomfield Oak Park | F5: =VLOOKUP(A5,'Master List Resources&Referrals'!A:K,6,FALSE) -> MI | G5: =VLOOKUP(A5,'Master List Resources&Referrals'!A:K,7,FALSE) -> 48322 48237 | H5: =VLOOKUP(A5,'Master List Resources&Referrals'!A:K,8,FALSE) -> 2485922313 | I5: =VLOOKUP(A5,'Master List Resources&Referrals'!A:K,9,FALSE) -> resourcecenter@jfsdetroit.org | J5: =VLOOKUP(A5,'Master List Resources&Referrals'!A:K,10,FALSE) -> https://www.jfsdetroit.org/ | K5: =VLOOKUP(A5,'Master List Resources&Referrals'!A:K,11,FALSE) -> While our focus is to meet the needs of the metro Detroit Jewish community, we are honored to serve all who come through our door.
A6: Lighthouse | B6: =VLOOKUP(A6,'Master List Resources&Referrals'!A:K,2,FALSE) -> A Campaign to alleviate poverty in Oakland County | C6: =VLOOKUP(A6,'Master List Resources&Referrals'!A:K,3,FALSE) -> 46156 Woodward Avenue | D6: =VLOOKUP(A6,'Master List Resources&Referrals'!A:K,4,FALSE) -> 0 | E6: =VLOOKUP(A6,'Master List Resources&Referrals'!A:K,5,FALSE) -> Pontiac | F6: =VLOOKUP(A6,'Master List Resources&Referrals'!A:K,6,FALSE) -> MI | G6: =VLOOKUP(A6,'Master List Resources&Referrals'!A:K,7,FALSE) -> 48342 | H6: =VLOOKUP(A6,'Master List Resources&Referrals'!A:K,8,FALSE) -> Main: 248-920-6000 Emergency Shelter: 248-920-6000 x3300 Pontiac Food Pantry: 248-920-6000 x2225 | I6: =VLOOKUP(A6,'Master List Resources&Referrals'!A:K,9,FALSE) -> Emergency Food: food@lighthousemi.org Emergency Shelter: shelter@lighthousemi.org Transitional Housing (Priscilla Williams): pwilliams@lighthousemi.org Permanent Supportive Housing (Princess Staples): pstaples@lighthousemi.org Centers for Working Families (Courtland Sargent): csargent@lighthousemi.org | J6: =VLOOKUP(A6,'Master List Resources&Referrals'!A:K,10,FALSE) -> https://lighthousemi.org/ | K6: =VLOOKUP(A6,'Master List Resources&Referrals'!A:K,11,FALSE) -> Emergency Services: Emergency Food and Supplies, Homelessness Prevention, Emergency Shelter, Runaway & Homeless Youth (RHY) Stability Services: Rehousing Programs, Supportive Services, Transitional Housing, Permanent Supportive Housing, Centers for Working Families, Handup Systems Change & Community Development Affordable Housing Development
A7: NAMI Metro | B7: =VLOOKUP(A7,'Master List Resources&Referrals'!A:K,2,FALSE) -> Mental Health Support Groups for individuals or their Families. National Alliance on Mental Illness - Metro-Oakland, Macomb, & Wayne Counties. | C7: =VLOOKUP(A7,'Master List Resources&Referrals'!A:K,3,FALSE) -> NAMI Metro | D7: =VLOOKUP(A7,'Master List Resources&Referrals'!A:K,4,FALSE) -> PO Box 852 | E7: =VLOOKUP(A7,'Master List Resources&Referrals'!A:K,5,FALSE) -> Northville | F7: =VLOOKUP(A7,'Master List Resources&Referrals'!A:K,6,FALSE) -> MI | G7: =VLOOKUP(A7,'Master List Resources&Referrals'!A:K,7,FALSE) -> 48167 | H7: =VLOOKUP(A7,'Master List Resources&Referrals'!A:K,8,FALSE) -> Helpline: (248) 773-2296 Admin Office: (248) 348-7197 text “helpline” to 62640 Oakland County (800) 231-1127 Wayne County (800) 241-4949 Macomb County (586) 307-9100 | I7: =VLOOKUP(A7,'Master List Resources&Referrals'!A:K,9,FALSE) -> support@namimetro.org | J7: =VLOOKUP(A7,'Master List Resources&Referrals'!A:K,10,FALSE) -> https://namimetro.org/ | K7: =VLOOKUP(A7,'Master List Resources&Referrals'!A:K,11,FALSE) -> NAMI Metro is grass roots, all volunteer non-profit organization dedicated to improving the quality of life for persons with serious mental illness and their families through, advocacy, support and education. In addition, NAMI Metro promotes research that will lead to improvements for all those diagnosed and living with a mental illness. It is our endeavor to erase the stigma that is associated with mental illness and we will not rest until mental illness is accepted the same as any other illness.
A8: Pantry Net (Gleaner's) | B8: =VLOOKUP(A8,'Master List Resources&Referrals'!A:K,2,FALSE) -> Food Pantry Locator | C8: =VLOOKUP(A8,'Master List Resources&Referrals'!A:K,3,FALSE) -> Rotating locations | D8: =VLOOKUP(A8,'Master List Resources&Referrals'!A:K,4,FALSE) -> 0 | E8: =VLOOKUP(A8,'Master List Resources&Referrals'!A:K,5,FALSE) -> 0 | F8: =VLOOKUP(A8,'Master List Resources&Referrals'!A:K,6,FALSE) -> 0 | G8: =VLOOKUP(A8,'Master List Resources&Referrals'!A:K,7,FALSE) -> 0 | H8: =VLOOKUP(A8,'Master List Resources&Referrals'!A:K,8,FALSE) -> 866-GLEANER 866-453-2637 | I8: =VLOOKUP(A8,'Master List Resources&Referrals'!A:K,9,FALSE) -> 0 | J8: =VLOOKUP(A8,'Master List Resources&Referrals'!A:K,10,FALSE) -> https://pantrynet.org/ | K8: =VLOOKUP(A8,'Master List Resources&Referrals'!A:K,11,FALSE) -> Locator tool for food pantries/food distributions by location. There is also a rotating schedule of drive-up Mobile food distributions.
A9: Yad Ezra | B9: =VLOOKUP(A9,'Master List Resources&Referrals'!A:K,2,FALSE) -> Food Pantry with focus on Jewish community, but available to anyone in need. | C9: =VLOOKUP(A9,'Master List Resources&Referrals'!A:K,3,FALSE) -> 2850 W. 11 Mile Road | D9: =VLOOKUP(A9,'Master List Resources&Referrals'!A:K,4,FALSE) -> 0 | E9: =VLOOKUP(A9,'Master List Resources&Referrals'!A:K,5,FALSE) -> Berkley | F9: =VLOOKUP(A9,'Master List Resources&Referrals'!A:K,6,FALSE) -> MI | G9: =VLOOKUP(A9,'Master List Resources&Referrals'!A:K,7,FALSE) -> 48072 | H9: =VLOOKUP(A9,'Master List Resources&Referrals'!A:K,8,FALSE) -> (248) 548-3663 | I9: =VLOOKUP(A9,'Master List Resources&Referrals'!A:K,9,FALSE) -> info@yadezra.org | J9: =VLOOKUP(A9,'Master List Resources&Referrals'!A:K,10,FALSE) -> https://www.yadezra.org/ | K9: =VLOOKUP(A9,'Master List Resources&Referrals'!A:K,11,FALSE) -> Food Distribution, Community Giving Gardens, While their focus is on helping members of the Jewish community, anyone (regardless of religious affiliation) who states they need food will receive groceries at least once.

Sheet Female Resources
A1: Company | B1: Service | C1: Address | D1: Address 2 | E1: City | F1: State | G1: Zip Code | H1: Phone Number | I1: Email | J1: Website | K1: Notes
A2: Bayt Al-Zahra Case Management Program | B2: =VLOOKUP(A2,'Master List Resources&Referrals'!A:K,2,FALSE) -> Basic Needs and Social Work Services for Women, Children, and Recent Refugees | C2: =VLOOKUP(A2,'Master List Resources&Referrals'!A:K,3,FALSE) -> 0 | D2: =VLOOKUP(A2,'Master List Resources&Referrals'!A:K,4,FALSE) -> 0 | E2: =VLOOKUP(A2,'Master List Resources&Referrals'!A:K,5,FALSE) -> 0 | F2: =VLOOKUP(A2,'Master List Resources&Referrals'!A:K,6,FALSE) -> 0 | G2: =VLOOKUP(A2,'Master List Resources&Referrals'!A:K,7,FALSE) -> 0 | H2: =VLOOKUP(A2,'Master List Resources&Referrals'!A:K,8,FALSE) -> (313) 429-1245 | I2: =VLOOKUP(A2,'Master List Resources&Referrals'!A:K,9,FALSE) -> info@zamaninternational.org | J2: =VLOOKUP(A2,'Master List Resources&Referrals'!A:K,10,FALSE) -> https://zamaninternational.org/basic-needs | K2: =VLOOKUP(A2,'Master List Resources&Referrals'!A:K,11,FALSE) -> Bayt Al-Zahra (The House of Light and Hope). Through a strengths-based case management program, BAZ case managers aim to guide clients to set goals and connect them to a range of benefits to access food, housing, legal aide, health insurance, and childcare. Currently, the program supports client families, hosts seasonal drives; and offers integration support for refugee families. Through relationships with partner organizations throughout the region, BAZ's case management team eliminates barriers and motivates clients to secure all the benefits and services they need to live a more sustainable life. Women seeking services through Zaman are screened using a self-sufficiency assessment to identify and prioritize their needs. They then collaborate with their BAZ caseworker to design an action plan that removes barriers to success and captures benchmarks. Through regular meetings, Zaman tracks progress in the areas of food security, housing stability, employment/finances, childcare, adult education, healthcare coverage, life skills, mobility/access to transportation, and mental wellness.
A3: Center for Loss in Multiple Birth (CLIMB) | B3: =VLOOKUP(A3,'Master List Resources&Referrals'!A:K,2,FALSE) -> Grief Support for loss of one or all children in a multiple pregnancy (Twin, Triplet, etc.) | C3: =VLOOKUP(A3,'Master List Resources&Referrals'!A:K,3,FALSE) -> Center for Loss in Multiple Birth (CLIMB), Inc | D3: =VLOOKUP(A3,'Master List Resources&Referrals'!A:K,4,FALSE) -> P.O. Box 190401 | E3: =VLOOKUP(A3,'Master List Resources&Referrals'!A:K,5,FALSE) -> Anchorage | F3: =VLOOKUP(A3,'Master List Resources&Referrals'!A:K,6,FALSE) -> AK | G3: =VLOOKUP(A3,'Master List Resources&Referrals'!A:K,7,FALSE) -> 99519 | H3: =VLOOKUP(A3,'Master List Resources&Referrals'!A:K,8,FALSE) -> phone/skype upon request | I3: =VLOOKUP(A3,'Master List Resources&Referrals'!A:K,9,FALSE) -> centerforlossinmultiplebirth@gmail.com (Jean Kollantai) | J3: =VLOOKUP(A3,'Master List Resources&Referrals'!A:K,10,FALSE) -> https://www.climb-support.org/ | K3: =VLOOKUP(A3,'Master List Resources&Referrals'!A:K,11,FALSE) -> Support for parents, grandparents, siblings of loss of an infant from multiple pregnancy/birth or after. Recently added support for loss of an older twin child(ren) (including triplets, quads, other multiples) Website Languages: English, En español/Spanish, En français/French, По-русски/In Russian, 用中文/In Chinese
A4: Community Resource Directory by findhelp | B4: =VLOOKUP(A4,'Master List Resources&Referrals'!A:K,2,FALSE) -> Search and Connect to Social Care | C4: =VLOOKUP(A4,'Master List Resources&Referrals'!A:K,3,FALSE) -> 0 | D4: =VLOOKUP(A4,'Master List Resources&Referrals'!A:K,4,FALSE) -> 0 | E4: =VLOOKUP(A4,'Master List Resources&Referrals'!A:K,5,FALSE) -> 0 | F4: =VLOOKUP(A4,'Master List Resources&Referrals'!A:K,6,FALSE) -> 0 | G4: =VLOOKUP(A4,'Master List Resources&Referrals'!A:K,7,FALSE) -> 0 | H4: =VLOOKUP(A4,'Master List Resources&Referrals'!A:K,8,FALSE) -> 0 | I4: =VLOOKUP(A4,'Master List Resources&Referrals'!A:K,9,FALSE) -> 0 | J4: =VLOOKUP(A4,'Master List Resources&Referrals'!A:K,10,FALSE) -> https://communityresources.trinity-health.org/ | K4: =VLOOKUP(A4,'Master List Resources&Referrals'!A:K,11,FALSE) -> Website helps find local resources by Zip Code and Type of need. Site has translation available to dozens of languages.
A5: Crossroads Care Center | B5: =VLOOKUP(A5,'Master List Resources&Referrals'!A:K,2,FALSE) -> Baby Loss Support Group and Individual | C5: =VLOOKUP(A5,'Master List Resources&Referrals'!A:K,3,FALSE) -> 3205 South Blvd | D5: =VLOOKUP(A5,'Master List Resources&Referrals'!A:K,4,FALSE) -> 0 | E5: =VLOOKUP(A5,'Master List Resources&Referrals'!A:K,5,FALSE) -> Auburn Hills | F5: =VLOOKUP(A5,'Master List Resources&Referrals'!A:K,6,FALSE) -> MI | G5: =VLOOKUP(A5,'Master List Resources&Referrals'!A:K,7,FALSE) -> 48326 | H5: =VLOOKUP(A5,'Master List Resources&Referrals'!A:K,8,FALSE) -> 248-293-0070 800-712-HELP | I5: =VLOOKUP(A5,'Master List Resources&Referrals'!A:K,9,FALSE) -> info@crossroadscarecenter.org | J5: =VLOOKUP(A5,'Master List Resources&Referrals'!A:K,10,FALSE) -> https://crossroadscarecenter.org/blossm.html | K5: =VLOOKUP(A5,'Master List Resources&Referrals'!A:K,11,FALSE) -> 0
A6: First Candle | B6: =VLOOKUP(A6,'Master List Resources&Referrals'!A:K,2,FALSE) -> Grief Counseling and Resources for families impacted by miscarriage, stillbirth, sudden infant death. | C6: =VLOOKUP(A6,'Master List Resources&Referrals'!A:K,3,FALSE) -> 21 Locust Avenue | D6: =VLOOKUP(A6,'Master List Resources&Referrals'!A:K,4,FALSE) -> Suite 2B | E6: =VLOOKUP(A6,'Master List Resources&Referrals'!A:K,5,FALSE) -> New Canaan | F6: =VLOOKUP(A6,'Master List Resources&Referrals'!A:K,6,FALSE) -> CT | G6: =VLOOKUP(A6,'Master List Resources&Referrals'!A:K,7,FALSE) -> 06840 | H6: =VLOOKUP(A6,'Master List Resources&Referrals'!A:K,8,FALSE) -> Grief Line: 800-221-7437 Main: 203-966-1300 | I6: =VLOOKUP(A6,'Master List Resources&Referrals'!A:K,9,FALSE) -> info@firstcandle.org | J6: =VLOOKUP(A6,'Master List Resources&Referrals'!A:K,10,FALSE) -> https://firstcandle.org/ | K6: =VLOOKUP(A6,'Master List Resources&Referrals'!A:K,11,FALSE) -> 0
A7: James B. Fahner Pediatric Hospice | B7: =VLOOKUP(A7,'Master List Resources&Referrals'!A:K,2,FALSE) -> Hospice - Pediatric (infant thru young adult) | C7: =VLOOKUP(A7,'Master List Resources&Referrals'!A:K,3,FALSE) -> 0 | D7: =VLOOKUP(A7,'Master List Resources&Referrals'!A:K,4,FALSE) -> 0 | E7: =VLOOKUP(A7,'Master List Resources&Referrals'!A:K,5,FALSE) -> 0 | F7: =VLOOKUP(A7,'Master List Resources&Referrals'!A:K,6,FALSE) -> 0 | G7: =VLOOKUP(A7,'Master List Resources&Referrals'!A:K,7,FALSE) -> 0 | H7: =VLOOKUP(A7,'Master List Resources&Referrals'!A:K,8,FALSE) -> 888-247-5704 | I7: =VLOOKUP(A7,'Master List Resources&Referrals'!A:K,9,FALSE) -> 0 | J7: =VLOOKUP(A7,'Master List Resources&Referrals'!A:K,10,FALSE) -> https://anchors4children.org/pediatric-hospice/ | K7: =VLOOKUP(A7,'Master List Resources&Referrals'!A:K,11,FALSE) -> Hospice for infant through young adult. Symptom management, Social, Emotional, and Spiritual support, Sibling support, Music therapy and Pet therapy, Comfort care education, Bereavement support.
A8: March of Dimes | B8: =VLOOKUP(A8,'Master List Resources&Referrals'!A:K,2,FALSE) -> Grief resources for Pregnancy and Newborn Loss | C8: =VLOOKUP(A8,'Master List Resources&Referrals'!A:K,3,FALSE) -> March of Dimes National Office | D8: =VLOOKUP(A8,'Master List Resources&Referrals'!A:K,4,FALSE) -> 1550 Crystal Dr, Suite 1300 | E8: =VLOOKUP(A8,'Master List Resources&Referrals'!A:K,5,FALSE) -> Arlington | F8: =VLOOKUP(A8,'Master List Resources&Referrals'!A:K,6,FALSE) -> VA | G8: =VLOOKUP(A8,'Master List Resources&Referrals'!A:K,7,FALSE) -> 22202 | H8: =VLOOKUP(A8,'Master List Resources&Referrals'!A:K,8,FALSE) -> Helpline: 1-888-663-4637 (888-MODIMES) | I8: =VLOOKUP(A8,'Master List Resources&Referrals'!A:K,9,FALSE) -> 0 | J8: =VLOOKUP(A8,'Master List Resources&Referrals'!A:K,10,FALSE) -> https://www.marchofdimes.org https://www.marchofdimes.org/find-support/topics/miscarriage-loss-grief/dealing-grief-after-death-your-baby | K8: =VLOOKUP(A8,'Master List Resources&Referrals'!A:K,11,FALSE) -> Will send resources to families directly impacted by perinatel losses due to miscarriage, ectopic pregnancy, stillbirth, or neonatal death.
A9: Mercy Education Project | B9: =VLOOKUP(A9,'Master List Resources&Referrals'!A:K,2,FALSE) -> Free classes and tutoring for women and girls who are economically disadvantaged. Transportation to and from classes and tutoring is available for participants who need it. English and Spanish available. | C9: =VLOOKUP(A9,'Master List Resources&Referrals'!A:K,3,FALSE) -> 1450 Howard St. | D9: =VLOOKUP(A9,'Master List Resources&Referrals'!A:K,4,FALSE) -> 0 | E9: =VLOOKUP(A9,'Master List Resources&Referrals'!A:K,5,FALSE) -> Detroit | F9: =VLOOKUP(A9,'Master List Resources&Referrals'!A:K,6,FALSE) -> MI | G9: =VLOOKUP(A9,'Master List Resources&Referrals'!A:K,7,FALSE) -> 48216 | H9: =VLOOKUP(A9,'Master List Resources&Referrals'!A:K,8,FALSE) -> 3139635881 | I9: =VLOOKUP(A9,'Master List Resources&Referrals'!A:K,9,FALSE) -> Carol Krumbach: ckrumback@mercyed.net | J9: =VLOOKUP(A9,'Master List Resources&Referrals'!A:K,10,FALSE) -> https://www.mercyed.net/ https://www.mercyed.net/womens-program https://www.mercyed.net/girls-program | K9: =VLOOKUP(A9,'Master List Resources&Referrals'!A:K,11,FALSE) -> Located in the Corktown area of Detroit. Womens' Program - We believe that education is the key to social and economic equity. When one woman empowers herself with an education, a ripple effect of success occurs within her family and community. We provide: - Adult basic education courses - GED preparation classes - Onsite learning, with hybrid learning options for students who qualify All of our classes are: - gender-specific - student-centric - free of charge Girls' Program Supports girls in grades 2-12 through education, leadership development, and cultural enrichment. Includes one-on-one tutoring in reading or math after school. MEP also offers a College and Career Readiness (CCR) program for college-bound 11th and 12th grade students. MEP provides girls with STEAM and leadership opportunities in the summer Emerging Leaders Program. MEP busca apoyar a las niñas en los grados 2-12 a través de la educación, el desarrollo del liderazgo y el enriquecimiento cultural. Los programas para niñas incluyen tutoría individual en lectura o matemáticas después de la escuela. MEP también ofrece un programa de preparación universitaria y profesional (CCR, por sus siglas en inglés) para estudiantes de 11.º y 12.º grado que están decididos a ir a la universidad. MEP brinda a las niñas STEAM y oportunidades de liderazgo en el Programa de Líderes Emergentes de verano.
A10: Mothers Against Drunk Driving (MADD) | B10: =VLOOKUP(A10,'Master List Resources&Referrals'!A:K,2,FALSE) -> education, resources, and advocacy for bereaved families | C10: =VLOOKUP(A10,'Master List Resources&Referrals'!A:K,3,FALSE) -> 511 E. John Carpenter Freeway | D10: =VLOOKUP(A10,'Master List Resources&Referrals'!A:K,4,FALSE) -> Suite 700 | E10: =VLOOKUP(A10,'Master List Resources&Referrals'!A:K,5,FALSE) -> Irving | F10: =VLOOKUP(A10,'Master List Resources&Referrals'!A:K,6,FALSE) -> TX | G10: =VLOOKUP(A10,'Master List Resources&Referrals'!A:K,7,FALSE) -> 75062-8187 | H10: =VLOOKUP(A10,'Master List Resources&Referrals'!A:K,8,FALSE) -> 214-744-6233 800-GET-MADD 877-ASK-MADD (877-275-6233) 24/7 Victim Help Line: 1-877-MADD-HELP (1-877-623-3435) | I10: =VLOOKUP(A10,'Master List Resources&Referrals'!A:K,9,FALSE) -> 0 | J10: =VLOOKUP(A10,'Master List Resources&Referrals'!A:K,10,FALSE) -> https://madd.org/ | K10: =VLOOKUP(A10,'Master List Resources&Referrals'!A:K,11,FALSE) -> Support for survivors of drunk or drugged driving, advocates for legislation to prevent drunk driving, and information for parents to learn ways to help prevent their children from driving drunk.
A11: Project Rachel | B11: =VLOOKUP(A11,'Master List Resources&Referrals'!A:K,2,FALSE) -> Grief: Infant-loss due to abortion. Faith-based. | C11: =VLOOKUP(A11,'Master List Resources&Referrals'!A:K,3,FALSE) -> 0 | D11: =VLOOKUP(A11,'Master List Resources&Referrals'!A:K,4,FALSE) -> 0 | E11: =VLOOKUP(A11,'Master List Resources&Referrals'!A:K,5,FALSE) -> 0 | F11: =VLOOKUP(A11,'Master List Resources&Referrals'!A:K,6,FALSE) -> 0 | G11: =VLOOKUP(A11,'Master List Resources&Referrals'!A:K,7,FALSE) -> 0 | H11: =VLOOKUP(A11,'Master List Resources&Referrals'!A:K,8,FALSE) -> 888-RACHEL5 888-722-4355 | I11: =VLOOKUP(A11,'Master List Resources&Referrals'!A:K,9,FALSE) -> projectrachel@aod.org (Detroit) projectrachel@dioceseofsaginaw.org | J11: =VLOOKUP(A11,'Master List Resources&Referrals'!A:K,10,FALSE) -> https://hopeafterabortion.com/ | K11: =VLOOKUP(A11,'Master List Resources&Referrals'!A:K,11,FALSE) -> It’s normal to grieve a pregnancy loss, including the loss of a child by abortion. It can form a hole in one’s heart, a hole so deep that sometimes it seems nothing can fill the emptiness. You are not alone.
A12: Remembering Cherubs | B12: =VLOOKUP(A12,'Master List Resources&Referrals'!A:K,2,FALSE) -> Grief: Pregnancy/Infant Loss | C12: =VLOOKUP(A12,'Master List Resources&Referrals'!A:K,3,FALSE) -> 1420 Washington Blvd | D12: =VLOOKUP(A12,'Master List Resources&Referrals'!A:K,4,FALSE) -> Suite 301 | E12: =VLOOKUP(A12,'Master List Resources&Referrals'!A:K,5,FALSE) -> Detroit | F12: =VLOOKUP(A12,'Master List Resources&Referrals'!A:K,6,FALSE) -> MI | G12: =VLOOKUP(A12,'Master List Resources&Referrals'!A:K,7,FALSE) -> 48226 | H12: =VLOOKUP(A12,'Master List Resources&Referrals'!A:K,8,FALSE) -> 313-617-9254 | I12: =VLOOKUP(A12,'Master List Resources&Referrals'!A:K,9,FALSE) -> info@rememberingcherubs.org | J12: =VLOOKUP(A12,'Master List Resources&Referrals'!A:K,10,FALSE) -> https://www.rememberingcherubs.org/ | K12: =VLOOKUP(A12,'Master List Resources&Referrals'!A:K,11,FALSE) -> "A Resource Center for Pregnancy & Infant Loss." Free Resources, Care Concierge, Ongoing Toolkit for those who have lost a pregnancy or infant.
A13: ROX - Ruling Our Experiences | B13: =VLOOKUP(A13,'Master List Resources&Referrals'!A:K,2,FALSE) -> Research-Based, Girl-specific program that can be used in schools for grades 5-12 to build skills and confidence. | C13: =VLOOKUP(A13,'Master List Resources&Referrals'!A:K,3,FALSE) -> 1335 Dublin Rd | D13: =VLOOKUP(A13,'Master List Resources&Referrals'!A:K,4,FALSE) -> Suite 18A | E13: =VLOOKUP(A13,'Master List Resources&Referrals'!A:K,5,FALSE) -> Columbus | F13: =VLOOKUP(A13,'Master List Resources&Referrals'!A:K,6,FALSE) -> OH | G13: =VLOOKUP(A13,'Master List Resources&Referrals'!A:K,7,FALSE) -> 43215 | H13: =VLOOKUP(A13,'Master List Resources&Referrals'!A:K,8,FALSE) -> (614) 488-8080 | I13: =VLOOKUP(A13,'Master List Resources&Referrals'!A:K,9,FALSE) -> angelmensing@rulingourexperiences.com info@rulingourexperiences.com | J13: =VLOOKUP(A13,'Master List Resources&Referrals'!A:K,10,FALSE) -> https://www.rulingourexperiences.com/ | K13: =VLOOKUP(A13,'Master List Resources&Referrals'!A:K,11,FALSE) -> Ruling Our eXperiences (ROX) is the national nonprofit authority on girls. We conduct large-scale national research with girls, deliver evidence-based programs in schools nationwide and equip adults to better support and empower girls.
... A16: Zaman International | B16: =VLOOKUP(A16,'Master List Resources&Referrals'!A:K,2,FALSE) -> Provides for basic needs for Women and Children, followed by education and career training, and assistance entering the workforce. | C16: =VLOOKUP(A16,'Master List Resources&Referrals'!A:K,3,FALSE) -> 26091 Trowbridge St | D16: =VLOOKUP(A16,'Master List Resources&Referrals'!A:K,4,FALSE) -> 0 | E16: =VLOOKUP(A16,'Master List Resources&Referrals'!A:K,5,FALSE) -> Inkster | F16: =VLOOKUP(A16,'Master List Resources&Referrals'!A:K,6,FALSE) -> MI | G16: =VLOOKUP(A16,'Master List Resources&Referrals'!A:K,7,FALSE) -> 48141 | H16: =VLOOKUP(A16,'Master List Resources&Referrals'!A:K,8,FALSE) -> 3135513994 | I16: =VLOOKUP(A16,'Master List Resources&Referrals'!A:K,9,FALSE) -> info@zamaninternational.org | J16: =VLOOKUP(A16,'Master List Resources&Referrals'!A:K,10,FALSE) -> https://zamaninternational.org/ | K16: =VLOOKUP(A16,'Master List Resources&Referrals'!A:K,11,FALSE) -> A woman who enters the Hope For Humanity Center embarks on a journey from crisis, to stabilty, to sustainability that provides the opportunity to unlock her potential and overcome poverty while creating a more prosperous future for her family. One to two years after arriving at Zaman, the goal is for these women to have the income and confidence to overcome any remaining barriers and enter a work setting, establish a business, or pursue additional education. Reaching those goals empowers them to break the cycle of poverty using their own skills and talent.

Sheet Domestic Violence
A1: Company | B1: Service | C1: Address | D1: Address 2 | E1: City | F1: State | G1: Zip Code | H1: Phone Number | I1: Email | J1: Website | K1: Notes
A2: Community Resource Directory by findhelp | B2: =VLOOKUP(A2,'Master List Resources&Referrals'!A:K,2,FALSE) -> Search and Connect to Social Care | C2: =VLOOKUP(A2,'Master List Resources&Referrals'!A:K,3,FALSE) -> 0 | D2: =VLOOKUP(A2,'Master List Resources&Referrals'!A:K,4,FALSE) -> 0 | E2: =VLOOKUP(A2,'Master List Resources&Referrals'!A:K,5,FALSE) -> 0 | F2: =VLOOKUP(A2,'Master List Resources&Referrals'!A:K,6,FALSE) -> 0 | G2: =VLOOKUP(A2,'Master List Resources&Referrals'!A:K,7,FALSE) -> 0 | H2: =VLOOKUP(A2,'Master List Resources&Referrals'!A:K,8,FALSE) -> 0 | I2: =VLOOKUP(A2,'Master List Resources&Referrals'!A:K,9,FALSE) -> 0 | J2: =VLOOKUP(A2,'Master List Resources&Referrals'!A:K,10,FALSE) -> https://communityresources.trinity-health.org/ | K2: =VLOOKUP(A2,'Master List Resources&Referrals'!A:K,11,FALSE) -> Website helps find local resources by Zip Code and Type of need. Site has translation available to dozens of languages.
A3: Crime Stoppers of Michigan | B3: =VLOOKUP(A3,'Master List Resources&Referrals'!A:K,2,FALSE) -> Support for: Crime Victims and their Families. 100% Anonymous Tip Line, Monetary reward for tips leading to an arrest. | C3: =VLOOKUP(A3,'Master List Resources&Referrals'!A:K,3,FALSE) -> 18000 W. Nine Mile Rd | D3: =VLOOKUP(A3,'Master List Resources&Referrals'!A:K,4,FALSE) -> Suite 500 | E3: =VLOOKUP(A3,'Master List Resources&Referrals'!A:K,5,FALSE) -> Southfield | F3: =VLOOKUP(A3,'Master List Resources&Referrals'!A:K,6,FALSE) -> MI | G3: =VLOOKUP(A3,'Master List Resources&Referrals'!A:K,7,FALSE) -> 48075 | H3: =VLOOKUP(A3,'Master List Resources&Referrals'!A:K,8,FALSE) -> Report a Crime: 1 800 SPEAK UP (800-773-2587) Follow-Up on a tip: 313-922-5000 x117 313-922-5000 x114 | I3: =VLOOKUP(A3,'Master List Resources&Referrals'!A:K,9,FALSE) -> info@michiganalliance.org | J3: =VLOOKUP(A3,'Master List Resources&Referrals'!A:K,10,FALSE) -> https://www.1800speakup.org/ | K3: =VLOOKUP(A3,'Master List Resources&Referrals'!A:K,11,FALSE) -> SERVICES WE PROVIDE Posters, Door Hangers, Social Media Posts, Press Conferences, Geo-Fencing*, Billboards*, Family Support, Community Presentations, Supporting Community Resource Groups, Research Initiatives *Note: All of our services are free except for billboard and geo-fencing.
A4: Deaf Community Advocacy Network (DEAF C.A.N) | B4: =VLOOKUP(A4,'Master List Resources&Referrals'!A:K,2,FALSE) -> Interpreting Services, Mental Health services, The Deaf HIV Program, Domestic Violence/Sexual Assault services in ASL. For Deaf, DeafBlind, and Hard of Hearing people from children to senior citizens. | C4: =VLOOKUP(A4,'Master List Resources&Referrals'!A:K,3,FALSE) -> 2111 Orchard Lake Road | D4: =VLOOKUP(A4,'Master List Resources&Referrals'!A:K,4,FALSE) -> #101 | E4: =VLOOKUP(A4,'Master List Resources&Referrals'!A:K,5,FALSE) -> Sylvan Lake | F4: =VLOOKUP(A4,'Master List Resources&Referrals'!A:K,6,FALSE) -> MI | G4: =VLOOKUP(A4,'Master List Resources&Referrals'!A:K,7,FALSE) -> 48320 | H4: =VLOOKUP(A4,'Master List Resources&Referrals'!A:K,8,FALSE) -> Videophone: 248-209-6437 Voice: 248-332-3331 | I4: =VLOOKUP(A4,'Master List Resources&Referrals'!A:K,9,FALSE) -> deafcan@deafcan.org seniorcitizen@deafcan.org | J4: =VLOOKUP(A4,'Master List Resources&Referrals'!A:K,10,FALSE) -> https://www.deafcan.org/ | K4: =VLOOKUP(A4,'Master List Resources&Referrals'!A:K,11,FALSE) -> We offer outpatient services for Deaf, DeafBlind, and Hard of Hearing children, adolescents, and adults in Southeastern Michigan and for persons that are primary caretakers of someone in their household that is Deaf, Deaf-Blind, or Hard of Hearing. Clients will receive services from therapists fluent in American Sign Language (ASL).
A5: DVS - Division of Victim Services - Michigan Department of Health and Human Services | B5: =VLOOKUP(A5,'Master List Resources&Referrals'!A:K,2,FALSE) -> Crime Victim Services - for Domestic Violence, Sexual Assault | C5: =VLOOKUP(A5,'Master List Resources&Referrals'!A:K,3,FALSE) -> 0 | D5: =VLOOKUP(A5,'Master List Resources&Referrals'!A:K,4,FALSE) -> 0 | E5: =VLOOKUP(A5,'Master List Resources&Referrals'!A:K,5,FALSE) -> 0 | F5: =VLOOKUP(A5,'Master List Resources&Referrals'!A:K,6,FALSE) -> 0 | G5: =VLOOKUP(A5,'Master List Resources&Referrals'!A:K,7,FALSE) -> 0 | H5: =VLOOKUP(A5,'Master List Resources&Referrals'!A:K,8,FALSE) -> (877) 251-7373 | I5: =VLOOKUP(A5,'Master List Resources&Referrals'!A:K,9,FALSE) -> Crime Victim Compensation MDHHS-MichiganCrimeVictim@Michigan.gov Domestic & Sexual Violence Prevention & Treatment Board MDHHS-MDSVPTBMembers@Michigan.gov Crime Victim Services Commission MDHHS-CVSC-Members@michigan.gov Human Trafficking Health Advisory Board MDHHS-HTHAB@michigan.gov | J5: =VLOOKUP(A5,'Master List Resources&Referrals'!A:K,10,FALSE) -> https://www.michigan.gov/mdhhs/safety-injury-prev/publicsafety/crimevictims | K5: =VLOOKUP(A5,'Master List Resources&Referrals'!A:K,11,FALSE) -> The Division of Victim Services (DVS) provides a voice advocating for and responding to all victims of crime in Michigan. DVS administers nearly 600 contracts that fund over 200 community-based programs, Tribes, and government partners across Michigan that provide vital services to victims, such as counseling, legal and medical advocacy, emergency housing, and crime victims’ rights advocacy. The Division also provides reimbursement for sexual assault medical forensic examinations, direct compensation to victims though Michigan's Crime Victim Compensation program, and supports the statewide victim notification system (MI-VINE).
A6: Jewish Family Services of Metro Detroit | B6: =VLOOKUP(A6,'Master List Resources&Referrals'!A:K,2,FALSE) -> Services for older adults, domestic abuse, family support, addiction, suicide prevention, counseling, community education. | C6: =VLOOKUP(A6,'Master List Resources&Referrals'!A:K,3,FALSE) -> West Bloomfield Orley Building 6555 West Maple Road Oak Park Office Crown Pointe Office Building 25900 Greenfield Road | D6: =VLOOKUP(A6,'Master List Resources&Referrals'!A:K,4,FALSE) -> Suite 405 | E6: =VLOOKUP(A6,'Master List Resources&Referrals'!A:K,5,FALSE) -> West Bloomfield Oak Park | F6: =VLOOKUP(A6,'Master List Resources&Referrals'!A:K,6,FALSE) -> MI | G6: =VLOOKUP(A6,'Master List Resources&Referrals'!A:K,7,FALSE) -> 48322 48237 | H6: =VLOOKUP(A6,'Master List Resources&Referrals'!A:K,8,FALSE) -> 2485922313 | I6: =VLOOKUP(A6,'Master List Resources&Referrals'!A:K,9,FALSE) -> resourcecenter@jfsdetroit.org | J6: =VLOOKUP(A6,'Master List Resources&Referrals'!A:K,10,FALSE) -> https://www.jfsdetroit.org/ | K6: =VLOOKUP(A6,'Master List Resources&Referrals'!A:K,11,FALSE) -> While our focus is to meet the needs of the metro Detroit Jewish community, we are honored to serve all who come through our door.
A7: Lighthouse | B7: =VLOOKUP(A7,'Master List Resources&Referrals'!A:K,2,FALSE) -> A Campaign to alleviate poverty in Oakland County | C7: =VLOOKUP(A7,'Master List Resources&Referrals'!A:K,3,FALSE) -> 46156 Woodward Avenue | D7: =VLOOKUP(A7,'Master List Resources&Referrals'!A:K,4,FALSE) -> 0 | E7: =VLOOKUP(A7,'Master List Resources&Referrals'!A:K,5,FALSE) -> Pontiac | F7: =VLOOKUP(A7,'Master List Resources&Referrals'!A:K,6,FALSE) -> MI | G7: =VLOOKUP(A7,'Master List Resources&Referrals'!A:K,7,FALSE) -> 48342 | H7: =VLOOKUP(A7,'Master List Resources&Referrals'!A:K,8,FALSE) -> Main: 248-920-6000 Emergency Shelter: 248-920-6000 x3300 Pontiac Food Pantry: 248-920-6000 x2225 | I7: =VLOOKUP(A7,'Master List Resources&Referrals'!A:K,9,FALSE) -> Emergency Food: food@lighthousemi.org Emergency Shelter: shelter@lighthousemi.org Transitional Housing (Priscilla Williams): pwilliams@lighthousemi.org Permanent Supportive Housing (Princess Staples): pstaples@lighthousemi.org Centers for Working Families (Courtland Sargent): csargent@lighthousemi.org | J7: =VLOOKUP(A7,'Master List Resources&Referrals'!A:K,10,FALSE) -> https://lighthousemi.org/ | K7: =VLOOKUP(A7,'Master List Resources&Referrals'!A:K,11,FALSE) -> Emergency Services: Emergency Food and Supplies, Homelessness Prevention, Emergency Shelter, Runaway & Homeless Youth (RHY) Stability Services: Rehousing Programs, Supportive Services, Transitional Housing, Permanent Supportive Housing, Centers for Working Families, Handup Systems Change & Community Development Affordable Housing Development
A8: New Oakland Family Centers | B8: =VLOOKUP(A8,'Master List Resources&Referrals'!A:K,2,FALSE) -> Mental Health Services, Eating disorder treatment, Face to Face, Intensive Crisis Stabilization, outpatient, ages 3 and up | C8: =VLOOKUP(A8,'Master List Resources&Referrals'!A:K,3,FALSE) -> Multiple Locations | D8: =VLOOKUP(A8,'Master List Resources&Referrals'!A:K,4,FALSE) -> 0 | E8: =VLOOKUP(A8,'Master List Resources&Referrals'!A:K,5,FALSE) -> 0 | F8: =VLOOKUP(A8,'Master List Resources&Referrals'!A:K,6,FALSE) -> 0 | G8: =VLOOKUP(A8,'Master List Resources&Referrals'!A:K,7,FALSE) -> 0 | H8: =VLOOKUP(A8,'Master List Resources&Referrals'!A:K,8,FALSE) -> 24/7 Emergency: (877) 800-1650 Non-emergency: (800) 395-3223 | I8: =VLOOKUP(A8,'Master List Resources&Referrals'!A:K,9,FALSE) -> 0 | J8: =VLOOKUP(A8,'Master List Resources&Referrals'!A:K,10,FALSE) -> https://newoakland.org/ | K8: =VLOOKUP(A8,'Master List Resources&Referrals'!A:K,11,FALSE) -> FACE to FACE: 24 hour partial hospital program for therapy, Crisis: for individuals who would meet th criteria for psychiatric hospital admissions who could be stabilized using less restrictive treatments, Mental Health treatment, Medication,
A9: OK2SAY - Michigan's Student Safety Program | B9: =VLOOKUP(A9,'Master List Resources&Referrals'!A:K,2,FALSE) -> Confidentially report school or student safety concerns. Online toolkits for staff, students, parents about abuse, suicide prevention, bullying, etc. | C9: =VLOOKUP(A9,'Master List Resources&Referrals'!A:K,3,FALSE) -> 0 | D9: =VLOOKUP(A9,'Master List Resources&Referrals'!A:K,4,FALSE) -> 0 | E9: =VLOOKUP(A9,'Master List Resources&Referrals'!A:K,5,FALSE) -> 0 | F9: =VLOOKUP(A9,'Master List Resources&Referrals'!A:K,6,FALSE) -> 0 | G9: =VLOOKUP(A9,'Master List Resources&Referrals'!A:K,7,FALSE) -> 0 | H9: =VLOOKUP(A9,'Master List Resources&Referrals'!A:K,8,FALSE) -> Text: OK2SAY (652729) Call: 8-555-OK2SAY (855-565-2729) + Mobile Apps | I9: =VLOOKUP(A9,'Master List Resources&Referrals'!A:K,9,FALSE) -> OK2SAY@mi.gov | J9: =VLOOKUP(A9,'Master List Resources&Referrals'!A:K,10,FALSE) -> https://www.michigan.gov/ok2say https://ok2say.state.mi.us/ <-- Online form | K9: =VLOOKUP(A9,'Master List Resources&Referrals'!A:K,11,FALSE) -> Anyone can report tips confidentially on criminal activities or potential harm directed at students, school employees, or schools. Tips can be submitted 24 hours a day, 7 days a week. Phone call, Text, Email, Mobile apps (App Store and Google Play), or report directly through the website.
A10: Parents of Murdered Children - Metro Detroit | B10: =VLOOKUP(A10,'Master List Resources&Referrals'!A:K,2,FALSE) -> Support for the families and friends of those who have died by violence. Ask The Experts, Second Opinion, Parole Block, Murder Wall | C10: =VLOOKUP(A10,'Master List Resources&Referrals'!A:K,3,FALSE) -> PO Box 34 | D10: =VLOOKUP(A10,'Master List Resources&Referrals'!A:K,4,FALSE) -> 0 | E10: =VLOOKUP(A10,'Master List Resources&Referrals'!A:K,5,FALSE) -> Royal Oak | F10: =VLOOKUP(A10,'Master List Resources&Referrals'!A:K,6,FALSE) -> MI | G10: =VLOOKUP(A10,'Master List Resources&Referrals'!A:K,7,FALSE) -> 48068-0034 | H10: =VLOOKUP(A10,'Master List Resources&Referrals'!A:K,8,FALSE) -> 248-360-9692, 248-217-7725 | I10: =VLOOKUP(A10,'Master List Resources&Referrals'!A:K,9,FALSE) -> jgrazioli0773@wideopenwest.com | J10: =VLOOKUP(A10,'Master List Resources&Referrals'!A:K,10,FALSE) -> https://www.pomc.org/ https://www.pomc.org/chapters/metro-detroit-chapter-2/ | K10: =VLOOKUP(A10,'Master List Resources&Referrals'!A:K,11,FALSE) -> Chapter Leader: Joe Grazioli Meets 2nd Thursday of the month Time: 6:30 pm-8:30 pm, at St. David’s Episcopal Church Hall in Southfield and via Zoom
A11: Parents of Murdered Children - Saginaw County | B11: =VLOOKUP(A11,'Master List Resources&Referrals'!A:K,2,FALSE) -> Support for the families and friends of those who have died by violence. Ask The Experts, Second Opinion, Parole Block, Murder Wall | C11: =VLOOKUP(A11,'Master List Resources&Referrals'!A:K,3,FALSE) -> PO Box 5444 | D11: =VLOOKUP(A11,'Master List Resources&Referrals'!A:K,4,FALSE) -> 0 | E11: =VLOOKUP(A11,'Master List Resources&Referrals'!A:K,5,FALSE) -> Saginaw | F11: =VLOOKUP(A11,'Master List Resources&Referrals'!A:K,6,FALSE) -> MI | G11: =VLOOKUP(A11,'Master List Resources&Referrals'!A:K,7,FALSE) -> 48603 | H11: =VLOOKUP(A11,'Master List Resources&Referrals'!A:K,8,FALSE) -> 989-443-4356 | I11: =VLOOKUP(A11,'Master List Resources&Referrals'!A:K,9,FALSE) -> Pomcsaginaw7@gmail.com | J11: =VLOOKUP(A11,'Master List Resources&Referrals'!A:K,10,FALSE) -> https://www.pomc.org/ https://www.pomc.org/chapters/saginaw-county-chapter-2/ | K11: =VLOOKUP(A11,'Master List Resources&Referrals'!A:K,11,FALSE) -> Chapter Leader: Tamara Tucker 4th Saturday of each month, Time: 3:00 pm – 4:30 pm, Contact Chapter email or phone number for directions. Also has a Facebook group.

Sheet LGBTQIA+
A1: Company | B1: Service | C1: Address | D1: Address 2 | E1: City | F1: State | G1: Zip Code | H1: Phone Number | I1: Email | J1: Website | K1: Notes
A2: Community Resource Directory by findhelp | B2: =VLOOKUP(A2,'Master List Resources&Referrals'!A:K,2,FALSE) -> Search and Connect to Social Care | C2: =VLOOKUP(A2,'Master List Resources&Referrals'!A:K,3,FALSE) -> 0 | D2: =VLOOKUP(A2,'Master List Resources&Referrals'!A:K,4,FALSE) -> 0 | E2: =VLOOKUP(A2,'Master List Resources&Referrals'!A:K,5,FALSE) -> 0 | F2: =VLOOKUP(A2,'Master List Resources&Referrals'!A:K,6,FALSE) -> 0 | G2: =VLOOKUP(A2,'Master List Resources&Referrals'!A:K,7,FALSE) -> 0 | H2: =VLOOKUP(A2,'Master List Resources&Referrals'!A:K,8,FALSE) -> 0 | I2: =VLOOKUP(A2,'Master List Resources&Referrals'!A:K,9,FALSE) -> 0 | J2: =VLOOKUP(A2,'Master List Resources&Referrals'!A:K,10,FALSE) -> https://communityresources.trinity-health.org/ | K2: =VLOOKUP(A2,'Master List Resources&Referrals'!A:K,11,FALSE) -> Website helps find local resources by Zip Code and Type of need. Site has translation available to dozens of languages.
A3: Detroit Wayne Integrated Health Network | B3: =VLOOKUP(A3,'Master List Resources&Referrals'!A:K,2,FALSE) -> Crisis and Mental health in Detroit and Wayne County. Mobile Crisis Units. | C3: =VLOOKUP(A3,'Master List Resources&Referrals'!A:K,3,FALSE) -> DWIHN | D3: =VLOOKUP(A3,'Master List Resources&Referrals'!A:K,4,FALSE) -> 707 W. Milwaukee Ave | E3: =VLOOKUP(A3,'Master List Resources&Referrals'!A:K,5,FALSE) -> Detroit | F3: =VLOOKUP(A3,'Master List Resources&Referrals'!A:K,6,FALSE) -> MI | G3: =VLOOKUP(A3,'Master List Resources&Referrals'!A:K,7,FALSE) -> 48202-2943 | H3: =VLOOKUP(A3,'Master List Resources&Referrals'!A:K,8,FALSE) -> (313) 344-9099 (313) 833-2500 TTY: (800) 630-1044 TDD: 711 Crisis: 1-800-241-4949 | I3: =VLOOKUP(A3,'Master List Resources&Referrals'!A:K,9,FALSE) -> accesscenter@dwihn.org | J3: =VLOOKUP(A3,'Master List Resources&Referrals'!A:K,10,FALSE) -> https://www.dwihn.org/ | K3: =VLOOKUP(A3,'Master List Resources&Referrals'!A:K,11,FALSE) -> DWIHN supports and serves individuals in Wayne County with serious mental illness, children with serious emotional disturbance, people with autism, individuals with intellectual and developmental disabilities and those with substance use disorder. Mobile Crisis Units available. LGBTQ+ Services for youth 10-21+. Children 14+ can have up to 12 sessions or 3 months without requiring permission from their parents, if the child requests it.
A4: Evolving LIves | B4: =VLOOKUP(A4,'Master List Resources&Referrals'!A:K,2,FALSE) -> Online therapy and coaching services throughout Michigan. Grief, Trauma, LGBTQ+, EMDR, and more. | C4: =VLOOKUP(A4,'Master List Resources&Referrals'!A:K,3,FALSE) -> 0 | D4: =VLOOKUP(A4,'Master List Resources&Referrals'!A:K,4,FALSE) -> 0 | E4: =VLOOKUP(A4,'Master List Resources&Referrals'!A:K,5,FALSE) -> 0 | F4: =VLOOKUP(A4,'Master List Resources&Referrals'!A:K,6,FALSE) -> 0 | G4: =VLOOKUP(A4,'Master List Resources&Referrals'!A:K,7,FALSE) -> 0 | H4: =VLOOKUP(A4,'Master List Resources&Referrals'!A:K,8,FALSE) -> Matt (248) 880-2554 Sarah (248) 520-0444 | I4: =VLOOKUP(A4,'Master List Resources&Referrals'!A:K,9,FALSE) -> evolvinglivesms@gmail.com | J4: =VLOOKUP(A4,'Master List Resources&Referrals'!A:K,10,FALSE) -> https://evolvinglivesinc.com/ | K4: =VLOOKUP(A4,'Master List Resources&Referrals'!A:K,11,FALSE) -> Our approach to treatment combines authentic relationship with the most effective transformational techniques in a digital service to foster whole person change. Whatever life challenges you may face and pain you may be experiencing, you can get the care you need from the comfort of your home, office, or wherever feels most therapeutic.
A5: Trevor Project | B5: =VLOOKUP(A5,'Master List Resources&Referrals'!A:K,2,FALSE) -> Suicide Prevention for LGBTQ+ youth Crisis Services, Peer Support, Resources for families of LGBTQ+ youth | C5: =VLOOKUP(A5,'Master List Resources&Referrals'!A:K,3,FALSE) -> 0 | D5: =VLOOKUP(A5,'Master List Resources&Referrals'!A:K,4,FALSE) -> 0 | E5: =VLOOKUP(A5,'Master List Resources&Referrals'!A:K,5,FALSE) -> 0 | F5: =VLOOKUP(A5,'Master List Resources&Referrals'!A:K,6,FALSE) -> 0 | G5: =VLOOKUP(A5,'Master List Resources&Referrals'!A:K,7,FALSE) -> 0 | H5: =VLOOKUP(A5,'Master List Resources&Referrals'!A:K,8,FALSE) -> (866) 488-7386 | I5: =VLOOKUP(A5,'Master List Resources&Referrals'!A:K,9,FALSE) -> 0 | J5: =VLOOKUP(A5,'Master List Resources&Referrals'!A:K,10,FALSE) -> https://www.thetrevorproject.org/ | K5: =VLOOKUP(A5,'Master List Resources&Referrals'!A:K,11,FALSE) -> 0
A6: Words of Hope 4 Life | B6: =VLOOKUP(A6,'Master List Resources&Referrals'!A:K,2,FALSE) -> EBCI (Event-Based Community Intervention), Youth Action and Connection, Harm Prevention/Reduction, VibeWithPride (LGBTQIA+), free meeting space. | C6: =VLOOKUP(A6,'Master List Resources&Referrals'!A:K,3,FALSE) -> 2071 E. West Maple | D6: =VLOOKUP(A6,'Master List Resources&Referrals'!A:K,4,FALSE) -> E503 | E6: =VLOOKUP(A6,'Master List Resources&Referrals'!A:K,5,FALSE) -> Commerce Township | F6: =VLOOKUP(A6,'Master List Resources&Referrals'!A:K,6,FALSE) -> MI | G6: =VLOOKUP(A6,'Master List Resources&Referrals'!A:K,7,FALSE) -> 48390 | H6: =VLOOKUP(A6,'Master List Resources&Referrals'!A:K,8,FALSE) -> 844-844-5900 | I6: =VLOOKUP(A6,'Master List Resources&Referrals'!A:K,9,FALSE) -> info@wordsofhope4life.com | J6: =VLOOKUP(A6,'Master List Resources&Referrals'!A:K,10,FALSE) -> https://wordsofhope4life.com/ | K6: =VLOOKUP(A6,'Master List Resources&Referrals'!A:K,11,FALSE) -> Our mission is to develop and implement new and innovative ways to integrate mental wellness, prevention and harm reduction into communities. We focus on 4 pillars to achieve our goal: R- RESILIENCE A- ATTITUDE I- INTERCONNECTION TO COMMUNITY L- LEARNING NEW SKILLS

Sheet Disabilities
A1: Company | B1: Service | C1: Address | D1: Address 2 | E1: City | F1: State | G1: Zip Code | H1: Phone Number | I1: Email | J1: Website | K1: Notes
A2: A Kid Again | B2: =VLOOKUP(A2,'Master List Resources&Referrals'!A:K,2,FALSE) -> Adventures for kids with life-threatening conditions, and support. Similar to Make-a-Wish. | C2: =VLOOKUP(A2,'Master List Resources&Referrals'!A:K,3,FALSE) -> 0 | D2: =VLOOKUP(A2,'Master List Resources&Referrals'!A:K,4,FALSE) -> 0 | E2: =VLOOKUP(A2,'Master List Resources&Referrals'!A:K,5,FALSE) -> 0 | F2: =VLOOKUP(A2,'Master List Resources&Referrals'!A:K,6,FALSE) -> 0 | G2: =VLOOKUP(A2,'Master List Resources&Referrals'!A:K,7,FALSE) -> 0 | H2: =VLOOKUP(A2,'Master List Resources&Referrals'!A:K,8,FALSE) -> (614) 797-9500 | I2: =VLOOKUP(A2,'Master List Resources&Referrals'!A:K,9,FALSE) -> customerservice@akidagain.org | J2: =VLOOKUP(A2,'Master List Resources&Referrals'!A:K,10,FALSE) -> https://akidagain.org/chapter/michigan/ | K2: =VLOOKUP(A2,'Master List Resources&Referrals'!A:K,11,FALSE) -> Adventures are fun, accessible, stress-free outings for families raising a child with a life-threatening condition. They are held at destinations like theme parks, sporting events, entertainment centers, and museums, and everything is provided: admission, food, and parking. Chapters in several states, including Michigan.
A3: BrightStar Care | B3: =VLOOKUP(A3,'Master List Resources&Referrals'!A:K,2,FALSE) -> RN-Supervised Home Care | C3: =VLOOKUP(A3,'Master List Resources&Referrals'!A:K,3,FALSE) -> 0 | D3: =VLOOKUP(A3,'Master List Resources&Referrals'!A:K,4,FALSE) -> 0 | E3: =VLOOKUP(A3,'Master List Resources&Referrals'!A:K,5,FALSE) -> 0 | F3: =VLOOKUP(A3,'Master List Resources&Referrals'!A:K,6,FALSE) -> 0 | G3: =VLOOKUP(A3,'Master List Resources&Referrals'!A:K,7,FALSE) -> 0 | H3: =VLOOKUP(A3,'Master List Resources&Referrals'!A:K,8,FALSE) -> 866-618-7827 E. Lansing 517-679-1700 Ann Arbor/Brighton-Howell 810-225-4000 Novi 248-449-5110 | I3: =VLOOKUP(A3,'Master List Resources&Referrals'!A:K,9,FALSE) -> 0 | J3: =VLOOKUP(A3,'Master List Resources&Referrals'!A:K,10,FALSE) -> https://www.brightstarcare.com/ | K3: =VLOOKUP(A3,'Master List Resources&Referrals'!A:K,11,FALSE) -> HOME CARE · Assisted living · medical staffing - Unparalleled Home Care and Support BrightStar Care® provides high-quality home care, assisted living and staffing support to those who need it most. Whether it’s support for a loved one or an organization, we’re here to go above and beyond. We call it A Higher Standard®.
A4: CapTel | B4: =VLOOKUP(A4,'Master List Resources&Referrals'!A:K,2,FALSE) -> Real Time Captions telephone for no cost | C4: =VLOOKUP(A4,'Master List Resources&Referrals'!A:K,3,FALSE) -> 0 | D4: =VLOOKUP(A4,'Master List Resources&Referrals'!A:K,4,FALSE) -> 0 | E4: =VLOOKUP(A4,'Master List Resources&Referrals'!A:K,5,FALSE) -> 0 | F4: =VLOOKUP(A4,'Master List Resources&Referrals'!A:K,6,FALSE) -> 0 | G4: =VLOOKUP(A4,'Master List Resources&Referrals'!A:K,7,FALSE) -> 0 | H4: =VLOOKUP(A4,'Master List Resources&Referrals'!A:K,8,FALSE) -> 2485506866 | I4: =VLOOKUP(A4,'Master List Resources&Referrals'!A:K,9,FALSE) -> jennifer.weallans@oeius.org | J4: =VLOOKUP(A4,'Master List Resources&Referrals'!A:K,10,FALSE) -> https://www.oeius.org/ | K4: =VLOOKUP(A4,'Master List Resources&Referrals'!A:K,11,FALSE) -> Requirements: Hearing loss, High Speed Internet, Electrical outlet. (Standard dial-tone phone service required in some cases). The phones are up to 4x louder than a regular phone, have tone controll, and auto or assisted captions. Answering machine with voice & captions of messages.
A5: Communication Access Center for Deaf and Hard of Hearing | B5: =VLOOKUP(A5,'Master List Resources&Referrals'!A:K,2,FALSE) -> ASL Classes, Community Interpreting program, Senior Citizens Support. Zoom interpreting available for Deaf, DeafBlind, and Hard of Hearing. Weekly Wellness Group in ASL. | C5: =VLOOKUP(A5,'Master List Resources&Referrals'!A:K,3,FALSE) -> 214 E. Main St. | D5: =VLOOKUP(A5,'Master List Resources&Referrals'!A:K,4,FALSE) -> Unit 103 | E5: =VLOOKUP(A5,'Master List Resources&Referrals'!A:K,5,FALSE) -> Flushing | F5: =VLOOKUP(A5,'Master List Resources&Referrals'!A:K,6,FALSE) -> MI | G5: =VLOOKUP(A5,'Master List Resources&Referrals'!A:K,7,FALSE) -> 48433 | H5: =VLOOKUP(A5,'Master List Resources&Referrals'!A:K,8,FALSE) -> Phone: (810) 239-3112 VideoPhone: (810) 620-8490 (810) 250-7010 Fax: (810) 239-1606 After Hours: (810) 239-3112 | I5: =VLOOKUP(A5,'Master List Resources&Referrals'!A:K,9,FALSE) -> info@cacdhh.org tmiracle@cacdhh.org (mentoring interpreters online) | J5: =VLOOKUP(A5,'Master List Resources&Referrals'!A:K,10,FALSE) -> https://www.cacdhh.org/ | K5: =VLOOKUP(A5,'Master List Resources&Referrals'!A:K,11,FALSE) -> Interpreting Services for the Deaf, Hard of Hearing, and DeafBlind people in Flint, Genesee County & Michigan. Zoom interpreting available. Interpreting settings include but are not limited to:medical, mental health, legal/court, educational, corporate meetings/trainings, counseling and seminars/conferences. Interpreter mentoring. Weekly wellness group in ASL, with possibility of transportation to/from group.
A6: Community Resource Directory by findhelp | B6: =VLOOKUP(A6,'Master List Resources&Referrals'!A:K,2,FALSE) -> Search and Connect to Social Care | C6: =VLOOKUP(A6,'Master List Resources&Referrals'!A:K,3,FALSE) -> 0 | D6: =VLOOKUP(A6,'Master List Resources&Referrals'!A:K,4,FALSE) -> 0 | E6: =VLOOKUP(A6,'Master List Resources&Referrals'!A:K,5,FALSE) -> 0 | F6: =VLOOKUP(A6,'Master List Resources&Referrals'!A:K,6,FALSE) -> 0 | G6: =VLOOKUP(A6,'Master List Resources&Referrals'!A:K,7,FALSE) -> 0 | H6: =VLOOKUP(A6,'Master List Resources&Referrals'!A:K,8,FALSE) -> 0 | I6: =VLOOKUP(A6,'Master List Resources&Referrals'!A:K,9,FALSE) -> 0 | J6: =VLOOKUP(A6,'Master List Resources&Referrals'!A:K,10,FALSE) -> https://communityresources.trinity-health.org/ | K6: =VLOOKUP(A6,'Master List Resources&Referrals'!A:K,11,FALSE) -> Website helps find local resources by Zip Code and Type of need. Site has translation available to dozens of languages.
A7: Deaf Community Advocacy Network (DEAF C.A.N) | B7: =VLOOKUP(A7,'Master List Resources&Referrals'!A:K,2,FALSE) -> Interpreting Services, Mental Health services, The Deaf HIV Program, Domestic Violence/Sexual Assault services in ASL. For Deaf, DeafBlind, and Hard of Hearing people from children to senior citizens. | C7: =VLOOKUP(A7,'Master List Resources&Referrals'!A:K,3,FALSE) -> 2111 Orchard Lake Road | D7: =VLOOKUP(A7,'Master List Resources&Referrals'!A:K,4,FALSE) -> #101 | E7: =VLOOKUP(A7,'Master List Resources&Referrals'!A:K,5,FALSE) -> Sylvan Lake | F7: =VLOOKUP(A7,'Master List Resources&Referrals'!A:K,6,FALSE) -> MI | G7: =VLOOKUP(A7,'Master List Resources&Referrals'!A:K,7,FALSE) -> 48320 | H7: =VLOOKUP(A7,'Master List Resources&Referrals'!A:K,8,FALSE) -> Videophone: 248-209-6437 Voice: 248-332-3331 | I7: =VLOOKUP(A7,'Master List Resources&Referrals'!A:K,9,FALSE) -> deafcan@deafcan.org seniorcitizen@deafcan.org | J7: =VLOOKUP(A7,'Master List Resources&Referrals'!A:K,10,FALSE) -> https://www.deafcan.org/ | K7: =VLOOKUP(A7,'Master List Resources&Referrals'!A:K,11,FALSE) -> We offer outpatient services for Deaf, DeafBlind, and Hard of Hearing children, adolescents, and adults in Southeastern Michigan and for persons that are primary caretakers of someone in their household that is Deaf, Deaf-Blind, or Hard of Hearing. Clients will receive services from therapists fluent in American Sign Language (ASL).
A8: Detroit Wayne Integrated Health Network | B8: =VLOOKUP(A8,'Master List Resources&Referrals'!A:K,2,FALSE) -> Crisis and Mental health in Detroit and Wayne County. Mobile Crisis Units. | C8: =VLOOKUP(A8,'Master List Resources&Referrals'!A:K,3,FALSE) -> DWIHN | D8: =VLOOKUP(A8,'Master List Resources&Referrals'!A:K,4,FALSE) -> 707 W. Milwaukee Ave | E8: =VLOOKUP(A8,'Master List Resources&Referrals'!A:K,5,FALSE) -> Detroit | F8: =VLOOKUP(A8,'Master List Resources&Referrals'!A:K,6,FALSE) -> MI | G8: =VLOOKUP(A8,'Master List Resources&Referrals'!A:K,7,FALSE) -> 48202-2943 | H8: =VLOOKUP(A8,'Master List Resources&Referrals'!A:K,8,FALSE) -> (313) 344-9099 (313) 833-2500 TTY: (800) 630-1044 TDD: 711 Crisis: 1-800-241-4949 | I8: =VLOOKUP(A8,'Master List Resources&Referrals'!A:K,9,FALSE) -> accesscenter@dwihn.org | J8: =VLOOKUP(A8,'Master List Resources&Referrals'!A:K,10,FALSE) -> https://www.dwihn.org/ | K8: =VLOOKUP(A8,'Master List Resources&Referrals'!A:K,11,FALSE) -> DWIHN supports and serves individuals in Wayne County with serious mental illness, children with serious emotional disturbance, people with autism, individuals with intellectual and developmental disabilities and those with substance use disorder. Mobile Crisis Units available. LGBTQ+ Services for youth 10-21+. Children 14+ can have up to 12 sessions or 3 months without requiring permission from their parents, if the child requests it.
A9: Friendship Circle | B9: =VLOOKUP(A9,'Master List Resources&Referrals'!A:K,2,FALSE) -> Peer mentor program and resources for individuals with special needs, and their families. | C9: =VLOOKUP(A9,'Master List Resources&Referrals'!A:K,3,FALSE) -> 5586 Drake Rd | D9: =VLOOKUP(A9,'Master List Resources&Referrals'!A:K,4,FALSE) -> 0 | E9: =VLOOKUP(A9,'Master List Resources&Referrals'!A:K,5,FALSE) -> West Bloomfield | F9: =VLOOKUP(A9,'Master List Resources&Referrals'!A:K,6,FALSE) -> MI | G9: =VLOOKUP(A9,'Master List Resources&Referrals'!A:K,7,FALSE) -> 48322 | H9: =VLOOKUP(A9,'Master List Resources&Referrals'!A:K,8,FALSE) -> 2487887878 | I9: =VLOOKUP(A9,'Master List Resources&Referrals'!A:K,9,FALSE) -> hello@friendshipcircle.org | J9: =VLOOKUP(A9,'Master List Resources&Referrals'!A:K,10,FALSE) -> www.friendshipcircle.org | K9: =VLOOKUP(A9,'Master List Resources&Referrals'!A:K,11,FALSE) -> Friendship Circle of Michigan is a non-profit organization affiliated with Lubavitch of Michigan. Our goal is to provide every individual with special needs the support, friendship, and inclusion that they deserve. Some services include recreational, social, educational and vocational programming for children, teens and adults with disabilities.
A10: Hegira Health | B10: =VLOOKUP(A10,'Master List Resources&Referrals'!A:K,2,FALSE) -> Mental Health, Behavioral Health | C10: =VLOOKUP(A10,'Master List Resources&Referrals'!A:K,3,FALSE) -> 37450 Schoolcraft Rd | D10: =VLOOKUP(A10,'Master List Resources&Referrals'!A:K,4,FALSE) -> 0 | E10: =VLOOKUP(A10,'Master List Resources&Referrals'!A:K,5,FALSE) -> Livonia | F10: =VLOOKUP(A10,'Master List Resources&Referrals'!A:K,6,FALSE) -> MI | G10: =VLOOKUP(A10,'Master List Resources&Referrals'!A:K,7,FALSE) -> 48150 | H10: =VLOOKUP(A10,'Master List Resources&Referrals'!A:K,8,FALSE) -> 734-499-1587 | I10: =VLOOKUP(A10,'Master List Resources&Referrals'!A:K,9,FALSE) -> 0 | J10: =VLOOKUP(A10,'Master List Resources&Referrals'!A:K,10,FALSE) -> https://www.hegirahealth.org/ | K10: =VLOOKUP(A10,'Master List Resources&Referrals'!A:K,11,FALSE) -> Comprehensive integrated behavioral health services for infants through older adults.
A11: Lions Bear Lake Camp | B11: =VLOOKUP(A11,'Master List Resources&Referrals'!A:K,2,FALSE) -> Camps for Visually Impaired as well as Deaf and Hard of Hearing ages 6-16 | C11: =VLOOKUP(A11,'Master List Resources&Referrals'!A:K,3,FALSE) -> 3409 N. Five Lakes Rd | D11: =VLOOKUP(A11,'Master List Resources&Referrals'!A:K,4,FALSE) -> 0 | E11: =VLOOKUP(A11,'Master List Resources&Referrals'!A:K,5,FALSE) -> Lapeer | F11: =VLOOKUP(A11,'Master List Resources&Referrals'!A:K,6,FALSE) -> MI | G11: =VLOOKUP(A11,'Master List Resources&Referrals'!A:K,7,FALSE) -> 48446 | H11: =VLOOKUP(A11,'Master List Resources&Referrals'!A:K,8,FALSE) -> (810) 245-0726 | I11: =VLOOKUP(A11,'Master List Resources&Referrals'!A:K,9,FALSE) -> traci@bearlakecamp.org | J11: =VLOOKUP(A11,'Master List Resources&Referrals'!A:K,10,FALSE) -> www.bearlakecamp.org | K11: =VLOOKUP(A11,'Master List Resources&Referrals'!A:K,11,FALSE) -> Visually Impaired and Blind Camp, Deaf and Hard of Hearing Camp, Deaf and Hard of Hearing Family Camp,
A12: No Place Like Home Health | B12: =VLOOKUP(A12,'Master List Resources&Referrals'!A:K,2,FALSE) -> Home Healthcare - Medical and Non-Medical | C12: =VLOOKUP(A12,'Master List Resources&Referrals'!A:K,3,FALSE) -> 37695 Pembroke Ave | D12: =VLOOKUP(A12,'Master List Resources&Referrals'!A:K,4,FALSE) -> 0 | E12: =VLOOKUP(A12,'Master List Resources&Referrals'!A:K,5,FALSE) -> Livonia | F12: =VLOOKUP(A12,'Master List Resources&Referrals'!A:K,6,FALSE) -> MI | G12: =VLOOKUP(A12,'Master List Resources&Referrals'!A:K,7,FALSE) -> 48152 | H12: =VLOOKUP(A12,'Master List Resources&Referrals'!A:K,8,FALSE) -> (734) 259-4200 | I12: =VLOOKUP(A12,'Master List Resources&Referrals'!A:K,9,FALSE) -> 0 | J12: =VLOOKUP(A12,'Master List Resources&Referrals'!A:K,10,FALSE) -> https://www.nplhh.com/ | K12: =VLOOKUP(A12,'Master List Resources&Referrals'!A:K,11,FALSE) -> In-Home care services include Medical and Non-Medical. Such as: Personal Assistance, Companionship, Light Housekeeping, Errands and Transportation, Meal Preparation
A13: Optalis Health & Rehabilitation of Canton | B13: =VLOOKUP(A13,'Master List Resources&Referrals'!A:K,2,FALSE) -> Skilled Nursing, Physical Rehabilitation, Long-Term Care, Respite Care | C13: =VLOOKUP(A13,'Master List Resources&Referrals'!A:K,3,FALSE) -> 7025 North Lilley Rd | D13: =VLOOKUP(A13,'Master List Resources&Referrals'!A:K,4,FALSE) -> 0 | E13: =VLOOKUP(A13,'Master List Resources&Referrals'!A:K,5,FALSE) -> Canton | F13: =VLOOKUP(A13,'Master List Resources&Referrals'!A:K,6,FALSE) -> MI | G13: =VLOOKUP(A13,'Master List Resources&Referrals'!A:K,7,FALSE) -> 48187 | H13: =VLOOKUP(A13,'Master List Resources&Referrals'!A:K,8,FALSE) -> 734-394-3100 | I13: =VLOOKUP(A13,'Master List Resources&Referrals'!A:K,9,FALSE) -> 0 | J13: =VLOOKUP(A13,'Master List Resources&Referrals'!A:K,10,FALSE) -> https://www.optalishealthcare.com/location/canton/ | K13: =VLOOKUP(A13,'Master List Resources&Referrals'!A:K,11,FALSE) -> Long-Term or Short-Term Skilled Nursing stays, Respite Care, Hospice Care, Managed Care.
A14: StoneCrest Center | B14: =VLOOKUP(A14,'Master List Resources&Referrals'!A:K,2,FALSE) -> IN-PATIENT Mental Health/ Behavioral Health Hospital for Adolescents, Adults, Seniors, and those with Developmental Disabilities | C14: =VLOOKUP(A14,'Master List Resources&Referrals'!A:K,3,FALSE) -> 15000 Gratiot Ave | D14: =VLOOKUP(A14,'Master List Resources&Referrals'!A:K,4,FALSE) -> 0 | E14: =VLOOKUP(A14,'Master List Resources&Referrals'!A:K,5,FALSE) -> Detroit | F14: =VLOOKUP(A14,'Master List Resources&Referrals'!A:K,6,FALSE) -> MI | G14: =VLOOKUP(A14,'Master List Resources&Referrals'!A:K,7,FALSE) -> 48205 | H14: =VLOOKUP(A14,'Master List Resources&Referrals'!A:K,8,FALSE) -> (888) 909-4977 (877) 530-5222 | I14: =VLOOKUP(A14,'Master List Resources&Referrals'!A:K,9,FALSE) -> 0 | J14: =VLOOKUP(A14,'Master List Resources&Referrals'!A:K,10,FALSE) -> https://www.stonecrestcenter.com/ | K14: =VLOOKUP(A14,'Master List Resources&Referrals'!A:K,11,FALSE) -> 0

Sheet Senior Advocacy & Services
A1: Company | B1: Service | C1: Address | D1: Address 2 | E1: City | F1: State | G1: Zip Code | H1: Phone Number | I1: Email | J1: Website | K1: Notes
A2: AgeWays | B2: =VLOOKUP(A2,'Master List Resources&Referrals'!A:K,2,FALSE) -> Support for Seniors and Caregivers | C2: =VLOOKUP(A2,'Master List Resources&Referrals'!A:K,3,FALSE) -> 0 | D2: =VLOOKUP(A2,'Master List Resources&Referrals'!A:K,4,FALSE) -> 0 | E2: =VLOOKUP(A2,'Master List Resources&Referrals'!A:K,5,FALSE) -> 0 | F2: =VLOOKUP(A2,'Master List Resources&Referrals'!A:K,6,FALSE) -> 0 | G2: =VLOOKUP(A2,'Master List Resources&Referrals'!A:K,7,FALSE) -> 0 | H2: =VLOOKUP(A2,'Master List Resources&Referrals'!A:K,8,FALSE) -> 833-262-2200 800-852-7795 | I2: =VLOOKUP(A2,'Master List Resources&Referrals'!A:K,9,FALSE) -> wellnessprograms@ageways.com | J2: =VLOOKUP(A2,'Master List Resources&Referrals'!A:K,10,FALSE) -> https://www.ageways.org/ https://www.ageways.org/caregiver-resources/ | K2: =VLOOKUP(A2,'Master List Resources&Referrals'!A:K,11,FALSE) -> AgeWays provides programs and resources that give older adults and family caregivers the extra support they need. Whether it's in-home care programs, Meals on Wheels, or help with understanding care options. Serving Livingston, Macomb, Monroe, Oakland, St. Clair and Washtenaw counties.
A3: Alzheimer's Association Greater Michigan Chapter | B3: =VLOOKUP(A3,'Master List Resources&Referrals'!A:K,2,FALSE) -> 24/7 Alzheimer's Helpline | C3: =VLOOKUP(A3,'Master List Resources&Referrals'!A:K,3,FALSE) -> 25200 Telegraph Rd | D3: =VLOOKUP(A3,'Master List Resources&Referrals'!A:K,4,FALSE) -> Suite #100 | E3: =VLOOKUP(A3,'Master List Resources&Referrals'!A:K,5,FALSE) -> Southfield | F3: =VLOOKUP(A3,'Master List Resources&Referrals'!A:K,6,FALSE) -> MI | G3: =VLOOKUP(A3,'Master List Resources&Referrals'!A:K,7,FALSE) -> 48033 | H3: =VLOOKUP(A3,'Master List Resources&Referrals'!A:K,8,FALSE) -> 800-272-3900 248-351-0280 | I3: =VLOOKUP(A3,'Master List Resources&Referrals'!A:K,9,FALSE) -> 0 | J3: =VLOOKUP(A3,'Master List Resources&Referrals'!A:K,10,FALSE) -> https://www.alz.org/gmc | K3: =VLOOKUP(A3,'Master List Resources&Referrals'!A:K,11,FALSE) -> 24/7 Helpline in over 200 languages, Resources for those with Alzheimers, as well as for Caregivers' health.
A4: BrightStar Care | B4: =VLOOKUP(A4,'Master List Resources&Referrals'!A:K,2,FALSE) -> RN-Supervised Home Care | C4: =VLOOKUP(A4,'Master List Resources&Referrals'!A:K,3,FALSE) -> 0 | D4: =VLOOKUP(A4,'Master List Resources&Referrals'!A:K,4,FALSE) -> 0 | E4: =VLOOKUP(A4,'Master List Resources&Referrals'!A:K,5,FALSE) -> 0 | F4: =VLOOKUP(A4,'Master List Resources&Referrals'!A:K,6,FALSE) -> 0 | G4: =VLOOKUP(A4,'Master List Resources&Referrals'!A:K,7,FALSE) -> 0 | H4: =VLOOKUP(A4,'Master List Resources&Referrals'!A:K,8,FALSE) -> 866-618-7827 E. Lansing 517-679-1700 Ann Arbor/Brighton-Howell 810-225-4000 Novi 248-449-5110 | I4: =VLOOKUP(A4,'Master List Resources&Referrals'!A:K,9,FALSE) -> 0 | J4: =VLOOKUP(A4,'Master List Resources&Referrals'!A:K,10,FALSE) -> https://www.brightstarcare.com/ | K4: =VLOOKUP(A4,'Master List Resources&Referrals'!A:K,11,FALSE) -> HOME CARE · Assisted living · medical staffing - Unparalleled Home Care and Support BrightStar Care® provides high-quality home care, assisted living and staffing support to those who need it most. Whether it’s support for a loved one or an organization, we’re here to go above and beyond. We call it A Higher Standard®.
A5: Canton Club 55+ | B5: =VLOOKUP(A5,'Master List Resources&Referrals'!A:K,2,FALSE) -> Monthly workshops for caregivers, Activities for Seniors 55+ | C5: =VLOOKUP(A5,'Master List Resources&Referrals'!A:K,3,FALSE) -> 46000 Summit Parkway | D5: =VLOOKUP(A5,'Master List Resources&Referrals'!A:K,4,FALSE) -> Summit on the Park Recreation Center | E5: =VLOOKUP(A5,'Master List Resources&Referrals'!A:K,5,FALSE) -> Canton | F5: =VLOOKUP(A5,'Master List Resources&Referrals'!A:K,6,FALSE) -> MI | G5: =VLOOKUP(A5,'Master List Resources&Referrals'!A:K,7,FALSE) -> 48188 | H5: =VLOOKUP(A5,'Master List Resources&Referrals'!A:K,8,FALSE) -> 7343945485 | I5: =VLOOKUP(A5,'Master List Resources&Referrals'!A:K,9,FALSE) -> 0 | J5: =VLOOKUP(A5,'Master List Resources&Referrals'!A:K,10,FALSE) -> https://cantonmi.gov/476/Club-55-Plus-Senior-Center | K5: =VLOOKUP(A5,'Master List Resources&Referrals'!A:K,11,FALSE) -> Activities, Events, Card Games,
A6: CapTel | B6: =VLOOKUP(A6,'Master List Resources&Referrals'!A:K,2,FALSE) -> Real Time Captions telephone for no cost | C6: =VLOOKUP(A6,'Master List Resources&Referrals'!A:K,3,FALSE) -> 0 | D6: =VLOOKUP(A6,'Master List Resources&Referrals'!A:K,4,FALSE) -> 0 | E6: =VLOOKUP(A6,'Master List Resources&Referrals'!A:K,5,FALSE) -> 0 | F6: =VLOOKUP(A6,'Master List Resources&Referrals'!A:K,6,FALSE) -> 0 | G6: =VLOOKUP(A6,'Master List Resources&Referrals'!A:K,7,FALSE) -> 0 | H6: =VLOOKUP(A6,'Master List Resources&Referrals'!A:K,8,FALSE) -> 2485506866 | I6: =VLOOKUP(A6,'Master List Resources&Referrals'!A:K,9,FALSE) -> jennifer.weallans@oeius.org | J6: =VLOOKUP(A6,'Master List Resources&Referrals'!A:K,10,FALSE) -> https://www.oeius.org/ | K6: =VLOOKUP(A6,'Master List Resources&Referrals'!A:K,11,FALSE) -> Requirements: Hearing loss, High Speed Internet, Electrical outlet. (Standard dial-tone phone service required in some cases). The phones are up to 4x louder than a regular phone, have tone controll, and auto or assisted captions. Answering machine with voice & captions of messages.
A7: Caregiving Haven | B7: =VLOOKUP(A7,'Master List Resources&Referrals'!A:K,2,FALSE) -> Resources and help for Caregivers through The Senior Alliance | C7: =VLOOKUP(A7,'Master List Resources&Referrals'!A:K,3,FALSE) -> 0 | D7: =VLOOKUP(A7,'Master List Resources&Referrals'!A:K,4,FALSE) -> 0 | E7: =VLOOKUP(A7,'Master List Resources&Referrals'!A:K,5,FALSE) -> 0 | F7: =VLOOKUP(A7,'Master List Resources&Referrals'!A:K,6,FALSE) -> 0 | G7: =VLOOKUP(A7,'Master List Resources&Referrals'!A:K,7,FALSE) -> 0 | H7: =VLOOKUP(A7,'Master List Resources&Referrals'!A:K,8,FALSE) -> 7347222830 | I7: =VLOOKUP(A7,'Master List Resources&Referrals'!A:K,9,FALSE) -> info@thesenioralliance.org | J7: =VLOOKUP(A7,'Master List Resources&Referrals'!A:K,10,FALSE) -> www.CaregivingHaven.org | K7: =VLOOKUP(A7,'Master List Resources&Referrals'!A:K,11,FALSE) -> The Caregiving Haven is a one-stop source for guidance, tools, resources, and connections that empower caregivers and their loved ones to focus on enjoying a fulfilling life together. Supporting you as a caregiver is our top priority. The Senior Alliance is here to ease your way as you care for a loved one. Use our resource directory to get access to things like meal delivery, caregiving services, in-home help, and more.
A8: City of Farmington Hills - Adults 50 and Better | B8: =VLOOKUP(A8,'Master List Resources&Referrals'!A:K,2,FALSE) -> Services for Caregivers and Adults aged 50 and up. | C8: =VLOOKUP(A8,'Master List Resources&Referrals'!A:K,3,FALSE) -> Costick Activities Center | D8: =VLOOKUP(A8,'Master List Resources&Referrals'!A:K,4,FALSE) -> 28600 Eleven Mile Rd. | E8: =VLOOKUP(A8,'Master List Resources&Referrals'!A:K,5,FALSE) -> Farmington Hills | F8: =VLOOKUP(A8,'Master List Resources&Referrals'!A:K,6,FALSE) -> MI | G8: =VLOOKUP(A8,'Master List Resources&Referrals'!A:K,7,FALSE) -> 48336 | H8: =VLOOKUP(A8,'Master List Resources&Referrals'!A:K,8,FALSE) -> 248-473-1830 | I8: =VLOOKUP(A8,'Master List Resources&Referrals'!A:K,9,FALSE) -> 0 | J8: =VLOOKUP(A8,'Master List Resources&Referrals'!A:K,10,FALSE) -> https://www.fhgov.com/play-explore-learn/adults-50-better/ | K8: =VLOOKUP(A8,'Master List Resources&Referrals'!A:K,11,FALSE) -> Daily events are held at the Costick Activities Center, Monday-Friday, 9:00 AM-4:00 PM, with scheduled evening and weekend programs. Please see “The Messenger", the Adults 50 & Better Program’s monthly newsletter, and the Special Services Activities Guide for updated information on all available programs and services.
A9: Community Resource Directory by findhelp | B9: =VLOOKUP(A9,'Master List Resources&Referrals'!A:K,2,FALSE) -> Search and Connect to Social Care | C9: =VLOOKUP(A9,'Master List Resources&Referrals'!A:K,3,FALSE) -> 0 | D9: =VLOOKUP(A9,'Master List Resources&Referrals'!A:K,4,FALSE) -> 0 | E9: =VLOOKUP(A9,'Master List Resources&Referrals'!A:K,5,FALSE) -> 0 | F9: =VLOOKUP(A9,'Master List Resources&Referrals'!A:K,6,FALSE) -> 0 | G9: =VLOOKUP(A9,'Master List Resources&Referrals'!A:K,7,FALSE) -> 0 | H9: =VLOOKUP(A9,'Master List Resources&Referrals'!A:K,8,FALSE) -> 0 | I9: =VLOOKUP(A9,'Master List Resources&Referrals'!A:K,9,FALSE) -> 0 | J9: =VLOOKUP(A9,'Master List Resources&Referrals'!A:K,10,FALSE) -> https://communityresources.trinity-health.org/ | K9: =VLOOKUP(A9,'Master List Resources&Referrals'!A:K,11,FALSE) -> Website helps find local resources by Zip Code and Type of need. Site has translation available to dozens of languages.
A10: Deaf Community Advocacy Network (DEAF C.A.N) | B10: =VLOOKUP(A10,'Master List Resources&Referrals'!A:K,2,FALSE) -> Interpreting Services, Mental Health services, The Deaf HIV Program, Domestic Violence/Sexual Assault services in ASL. For Deaf, DeafBlind, and Hard of Hearing people from children to senior citizens. | C10: =VLOOKUP(A10,'Master List Resources&Referrals'!A:K,3,FALSE) -> 2111 Orchard Lake Road | D10: =VLOOKUP(A10,'Master List Resources&Referrals'!A:K,4,FALSE) -> #101 | E10: =VLOOKUP(A10,'Master List Resources&Referrals'!A:K,5,FALSE) -> Sylvan Lake | F10: =VLOOKUP(A10,'Master List Resources&Referrals'!A:K,6,FALSE) -> MI | G10: =VLOOKUP(A10,'Master List Resources&Referrals'!A:K,7,FALSE) -> 48320 | H10: =VLOOKUP(A10,'Master List Resources&Referrals'!A:K,8,FALSE) -> Videophone: 248-209-6437 Voice: 248-332-3331 | I10: =VLOOKUP(A10,'Master List Resources&Referrals'!A:K,9,FALSE) -> deafcan@deafcan.org seniorcitizen@deafcan.org | J10: =VLOOKUP(A10,'Master List Resources&Referrals'!A:K,10,FALSE) -> https://www.deafcan.org/ | K10: =VLOOKUP(A10,'Master List Resources&Referrals'!A:K,11,FALSE) -> We offer outpatient services for Deaf, DeafBlind, and Hard of Hearing children, adolescents, and adults in Southeastern Michigan and for persons that are primary caretakers of someone in their household that is Deaf, Deaf-Blind, or Hard of Hearing. Clients will receive services from therapists fluent in American Sign Language (ASL).
A11: Dementia Resources offered by the Jewish Community | B11: =VLOOKUP(A11,'Master List Resources&Referrals'!A:K,2,FALSE) -> Dementia Resources | C11: =VLOOKUP(A11,'Master List Resources&Referrals'!A:K,3,FALSE) -> 0 | D11: =VLOOKUP(A11,'Master List Resources&Referrals'!A:K,4,FALSE) -> 0 | E11: =VLOOKUP(A11,'Master List Resources&Referrals'!A:K,5,FALSE) -> 0 | F11: =VLOOKUP(A11,'Master List Resources&Referrals'!A:K,6,FALSE) -> 0 | G11: =VLOOKUP(A11,'Master List Resources&Referrals'!A:K,7,FALSE) -> 0 | H11: =VLOOKUP(A11,'Master List Resources&Referrals'!A:K,8,FALSE) -> 2485922650 | I11: =VLOOKUP(A11,'Master List Resources&Referrals'!A:K,9,FALSE) -> 0 | J11: =VLOOKUP(A11,'Master List Resources&Referrals'!A:K,10,FALSE) -> 0 | K11: =VLOOKUP(A11,'Master List Resources&Referrals'!A:K,11,FALSE) -> Adult day program, Caregiver support/training, Caregiver Support Groups, ElderCare Solutions of Michigan, Engaging Minds using Cognitive Stimulation Therapy, Residential assisted living, Gray Matters free monthly workshop, Jewish Hospice and Chaplaincy Network, Memory Cafe, Mind Aerobics to help slow cognitive decline.
A12: Hilarity for Charity | B12: =VLOOKUP(A12,'Master List Resources&Referrals'!A:K,2,FALSE) -> Support for caregivers of those with Alzheimers | C12: =VLOOKUP(A12,'Master List Resources&Referrals'!A:K,3,FALSE) -> 9301 Wilshire Boulevard | D12: =VLOOKUP(A12,'Master List Resources&Referrals'!A:K,4,FALSE) -> Suite 516 | E12: =VLOOKUP(A12,'Master List Resources&Referrals'!A:K,5,FALSE) -> Beverly Hills | F12: =VLOOKUP(A12,'Master List Resources&Referrals'!A:K,6,FALSE) -> CA | G12: =VLOOKUP(A12,'Master List Resources&Referrals'!A:K,7,FALSE) -> 90210 | H12: =VLOOKUP(A12,'Master List Resources&Referrals'!A:K,8,FALSE) -> 0 | I12: =VLOOKUP(A12,'Master List Resources&Referrals'!A:K,9,FALSE) -> info@wearehfc.org | J12: =VLOOKUP(A12,'Master List Resources&Referrals'!A:K,10,FALSE) -> https://wearehfc.org/ | K12: =VLOOKUP(A12,'Master List Resources&Referrals'!A:K,11,FALSE) -> Online Support Groups, Online Resources, Caregiver Respite Program
A13: Jewish Community Adult Day Program | B13: =VLOOKUP(A13,'Master List Resources&Referrals'!A:K,2,FALSE) -> Day program for people with dementia | C13: =VLOOKUP(A13,'Master List Resources&Referrals'!A:K,3,FALSE) -> Multiple Locations | D13: =VLOOKUP(A13,'Master List Resources&Referrals'!A:K,4,FALSE) -> 0 | E13: =VLOOKUP(A13,'Master List Resources&Referrals'!A:K,5,FALSE) -> 0 | F13: =VLOOKUP(A13,'Master List Resources&Referrals'!A:K,6,FALSE) -> 0 | G13: =VLOOKUP(A13,'Master List Resources&Referrals'!A:K,7,FALSE) -> 0 | H13: =VLOOKUP(A13,'Master List Resources&Referrals'!A:K,8,FALSE) -> Southfield: 248-233-4392 West Bloomfield: 248-592-5032 | I13: =VLOOKUP(A13,'Master List Resources&Referrals'!A:K,9,FALSE) -> info@brownadultday.org | J13: =VLOOKUP(A13,'Master List Resources&Referrals'!A:K,10,FALSE) -> https://www.brownadultday.org/ | K13: =VLOOKUP(A13,'Master List Resources&Referrals'!A:K,11,FALSE) -> Adult Day Program intended to help people living with dementia to maintain their highest level of functioning. Some activities include: art, music, socialization, trips, group exercise, gardening, current events, trivia/brain boosters, baking, intergenerational programs.
... A29: VA Saginaw | B29: =VLOOKUP(A29,'Master List Resources&Referrals'!A:K,2,FALSE) -> Primary Care, Mental Health, Specialty Care, Social Programs and Services for Military Veterans | C29: =VLOOKUP(A29,'Master List Resources&Referrals'!A:K,3,FALSE) -> Aleda E. Lutz Department of Veterans Affairs Medical Center | D29: =VLOOKUP(A29,'Master List Resources&Referrals'!A:K,4,FALSE) -> 1500 Weiss Street | E29: =VLOOKUP(A29,'Master List Resources&Referrals'!A:K,5,FALSE) -> Saginaw | F29: =VLOOKUP(A29,'Master List Resources&Referrals'!A:K,6,FALSE) -> MI | G29: =VLOOKUP(A29,'Master List Resources&Referrals'!A:K,7,FALSE) -> 48602-5251 | H29: =VLOOKUP(A29,'Master List Resources&Referrals'!A:K,8,FALSE) -> Main phone: 989-497-2500 VA health connect: 833-940-1624 Mental health care: 989-497-2500, ext. 11959 | I29: =VLOOKUP(A29,'Master List Resources&Referrals'!A:K,9,FALSE) -> 0 | J29: =VLOOKUP(A29,'Master List Resources&Referrals'!A:K,10,FALSE) -> https://www.va.gov/saginaw-health-care/ | K29: =VLOOKUP(A29,'Master List Resources&Referrals'!A:K,11,FALSE) -> 0

Sheet Suicide Prevention
A1: Company | B1: Service | C1: Address | D1: Address 2 | E1: City | F1: State | G1: Zip Code | H1: Phone Number | I1: Email | J1: Website | K1: Notes
A2: American Association of Suicidology | B2: =VLOOKUP(A2,'Master List Resources&Referrals'!A:K,2,FALSE) -> Geared toward Mental Health Professionals: Podcast, training, community support for suicide prevention | C2: =VLOOKUP(A2,'Master List Resources&Referrals'!A:K,3,FALSE) -> 5221 Wisconsin Ave | D2: =VLOOKUP(A2,'Master List Resources&Referrals'!A:K,4,FALSE) -> NW | E2: =VLOOKUP(A2,'Master List Resources&Referrals'!A:K,5,FALSE) -> Washington | F2: =VLOOKUP(A2,'Master List Resources&Referrals'!A:K,6,FALSE) -> DC | G2: =VLOOKUP(A2,'Master List Resources&Referrals'!A:K,7,FALSE) -> 20015 | H2: =VLOOKUP(A2,'Master List Resources&Referrals'!A:K,8,FALSE) -> 202-237-2280 800-273-TALK | I2: =VLOOKUP(A2,'Master List Resources&Referrals'!A:K,9,FALSE) -> 0 | J2: =VLOOKUP(A2,'Master List Resources&Referrals'!A:K,10,FALSE) -> https://suicidology.org/ | K2: =VLOOKUP(A2,'Master List Resources&Referrals'!A:K,11,FALSE) -> The American Association of Suicidology (AAS) provides comprehensive resources to help navigate your journey with suicide and mental health. AAS also offers a national directory of support groups that focus on a variety of survivors of suicide.
A3: C.O.P.E. (Community Outreach for Psychiatric Emergencies) | B3: =VLOOKUP(A3,'Master List Resources&Referrals'!A:K,2,FALSE) -> Mental Health Crisis for residents of Wayne County | C3: =VLOOKUP(A3,'Master List Resources&Referrals'!A:K,3,FALSE) -> 33505 Schoolcraft | D3: =VLOOKUP(A3,'Master List Resources&Referrals'!A:K,4,FALSE) -> 0 | E3: =VLOOKUP(A3,'Master List Resources&Referrals'!A:K,5,FALSE) -> Livonia | F3: =VLOOKUP(A3,'Master List Resources&Referrals'!A:K,6,FALSE) -> MI | G3: =VLOOKUP(A3,'Master List Resources&Referrals'!A:K,7,FALSE) -> 48150 | H3: =VLOOKUP(A3,'Master List Resources&Referrals'!A:K,8,FALSE) -> 734-721-0200 844-296-2673 | I3: =VLOOKUP(A3,'Master List Resources&Referrals'!A:K,9,FALSE) -> 0 | J3: =VLOOKUP(A3,'Master List Resources&Referrals'!A:K,10,FALSE) -> https://www.cope24-7.net/ | K3: =VLOOKUP(A3,'Master List Resources&Referrals'!A:K,11,FALSE) -> COPE offers a continuum of organized and coordinated crisis and community-based outreach services. 24-Hour Walk-In Center. Provides pre-admission review services to adults who live in Wayne County, are experiencing a behavioral health crisis and have Medicaid, Healthy Michigan, MI Health Link, or no insurance coverage
A4: Jewish Family Services of Metro Detroit | B4: =VLOOKUP(A4,'Master List Resources&Referrals'!A:K,2,FALSE) -> Services for older adults, domestic abuse, family support, addiction, suicide prevention, counseling, community education. | C4: =VLOOKUP(A4,'Master List Resources&Referrals'!A:K,3,FALSE) -> West Bloomfield Orley Building 6555 West Maple Road Oak Park Office Crown Pointe Office Building 25900 Greenfield Road | D4: =VLOOKUP(A4,'Master List Resources&Referrals'!A:K,4,FALSE) -> Suite 405 | E4: =VLOOKUP(A4,'Master List Resources&Referrals'!A:K,5,FALSE) -> West Bloomfield Oak Park | F4: =VLOOKUP(A4,'Master List Resources&Referrals'!A:K,6,FALSE) -> MI | G4: =VLOOKUP(A4,'Master List Resources&Referrals'!A:K,7,FALSE) -> 48322 48237 | H4: =VLOOKUP(A4,'Master List Resources&Referrals'!A:K,8,FALSE) -> 2485922313 | I4: =VLOOKUP(A4,'Master List Resources&Referrals'!A:K,9,FALSE) -> resourcecenter@jfsdetroit.org | J4: =VLOOKUP(A4,'Master List Resources&Referrals'!A:K,10,FALSE) -> https://www.jfsdetroit.org/ | K4: =VLOOKUP(A4,'Master List Resources&Referrals'!A:K,11,FALSE) -> While our focus is to meet the needs of the metro Detroit Jewish community, we are honored to serve all who come through our door.
A5: Lincoln Behavioral Services | B5: =VLOOKUP(A5,'Master List Resources&Referrals'!A:K,2,FALSE) -> Mental Health for Child, Adult, & Family | C5: =VLOOKUP(A5,'Master List Resources&Referrals'!A:K,3,FALSE) -> Multiple Locations | D5: =VLOOKUP(A5,'Master List Resources&Referrals'!A:K,4,FALSE) -> 0 | E5: =VLOOKUP(A5,'Master List Resources&Referrals'!A:K,5,FALSE) -> 0 | F5: =VLOOKUP(A5,'Master List Resources&Referrals'!A:K,6,FALSE) -> 0 | G5: =VLOOKUP(A5,'Master List Resources&Referrals'!A:K,7,FALSE) -> 0 | H5: =VLOOKUP(A5,'Master List Resources&Referrals'!A:K,8,FALSE) -> (313) 450-4500 (866) 462-6730 TTY: (800) 649-3777 | I5: =VLOOKUP(A5,'Master List Resources&Referrals'!A:K,9,FALSE) -> info@lbscares.org | J5: =VLOOKUP(A5,'Master List Resources&Referrals'!A:K,10,FALSE) -> https://www.lbscares.org/ | K5: =VLOOKUP(A5,'Master List Resources&Referrals'!A:K,11,FALSE) -> Child & Family Services, Infant Mental Health, The Gathering Place Clubhouse (PSR), Assertive Community Treatment(ACT), Adult and Children Services, Primary Care Center
A6: National Institute of Mental Health | B6: =VLOOKUP(A6,'Master List Resources&Referrals'!A:K,2,FALSE) -> Mental Health Conditions: Information and Resources | C6: =VLOOKUP(A6,'Master List Resources&Referrals'!A:K,3,FALSE) -> 6001 Executive Boulevard | D6: =VLOOKUP(A6,'Master List Resources&Referrals'!A:K,4,FALSE) -> Room 6200, MSC 9663 | E6: =VLOOKUP(A6,'Master List Resources&Referrals'!A:K,5,FALSE) -> Bethesda | F6: =VLOOKUP(A6,'Master List Resources&Referrals'!A:K,6,FALSE) -> MD | G6: =VLOOKUP(A6,'Master List Resources&Referrals'!A:K,7,FALSE) -> 20892-9663 | H6: =VLOOKUP(A6,'Master List Resources&Referrals'!A:K,8,FALSE) -> 301-443-4513 866-615-NIMH(6464) TTY: 301-443-8431 TTY: 866-415-8051 | I6: =VLOOKUP(A6,'Master List Resources&Referrals'!A:K,9,FALSE) -> nimhinfo@nih.gov | J6: =VLOOKUP(A6,'Master List Resources&Referrals'!A:K,10,FALSE) -> https://www.nimh.nih.gov/ | K6: =VLOOKUP(A6,'Master List Resources&Referrals'!A:K,11,FALSE) -> Mental Health articles, information, finding treatment, studies, science updates, brochures and publications.
A7: National Suicide Prevention Lifeline | B7: =VLOOKUP(A7,'Master List Resources&Referrals'!A:K,2,FALSE) -> 24/7 phone line for people in crisis or considering suicide | C7: =VLOOKUP(A7,'Master List Resources&Referrals'!A:K,3,FALSE) -> 0 | D7: =VLOOKUP(A7,'Master List Resources&Referrals'!A:K,4,FALSE) -> 0 | E7: =VLOOKUP(A7,'Master List Resources&Referrals'!A:K,5,FALSE) -> 0 | F7: =VLOOKUP(A7,'Master List Resources&Referrals'!A:K,6,FALSE) -> 0 | G7: =VLOOKUP(A7,'Master List Resources&Referrals'!A:K,7,FALSE) -> 0 | H7: =VLOOKUP(A7,'Master List Resources&Referrals'!A:K,8,FALSE) -> 1-800-273-8255 | I7: =VLOOKUP(A7,'Master List Resources&Referrals'!A:K,9,FALSE) -> 0 | J7: =VLOOKUP(A7,'Master List Resources&Referrals'!A:K,10,FALSE) -> 0 | K7: =VLOOKUP(A7,'Master List Resources&Referrals'!A:K,11,FALSE) -> 0
A8: New Oakland Family Centers | B8: =VLOOKUP(A8,'Master List Resources&Referrals'!A:K,2,FALSE) -> Mental Health Services, Eating disorder treatment, Face to Face, Intensive Crisis Stabilization, outpatient, ages 3 and up | C8: =VLOOKUP(A8,'Master List Resources&Referrals'!A:K,3,FALSE) -> Multiple Locations | D8: =VLOOKUP(A8,'Master List Resources&Referrals'!A:K,4,FALSE) -> 0 | E8: =VLOOKUP(A8,'Master List Resources&Referrals'!A:K,5,FALSE) -> 0 | F8: =VLOOKUP(A8,'Master List Resources&Referrals'!A:K,6,FALSE) -> 0 | G8: =VLOOKUP(A8,'Master List Resources&Referrals'!A:K,7,FALSE) -> 0 | H8: =VLOOKUP(A8,'Master List Resources&Referrals'!A:K,8,FALSE) -> 24/7 Emergency: (877) 800-1650 Non-emergency: (800) 395-3223 | I8: =VLOOKUP(A8,'Master List Resources&Referrals'!A:K,9,FALSE) -> 0 | J8: =VLOOKUP(A8,'Master List Resources&Referrals'!A:K,10,FALSE) -> https://newoakland.org/ | K8: =VLOOKUP(A8,'Master List Resources&Referrals'!A:K,11,FALSE) -> FACE to FACE: 24 hour partial hospital program for therapy, Crisis: for individuals who would meet th criteria for psychiatric hospital admissions who could be stabilized using less restrictive treatments, Mental Health treatment, Medication,
A9: OK2SAY - Michigan's Student Safety Program | B9: =VLOOKUP(A9,'Master List Resources&Referrals'!A:K,2,FALSE) -> Confidentially report school or student safety concerns. Online toolkits for staff, students, parents about abuse, suicide prevention, bullying, etc. | C9: =VLOOKUP(A9,'Master List Resources&Referrals'!A:K,3,FALSE) -> 0 | D9: =VLOOKUP(A9,'Master List Resources&Referrals'!A:K,4,FALSE) -> 0 | E9: =VLOOKUP(A9,'Master List Resources&Referrals'!A:K,5,FALSE) -> 0 | F9: =VLOOKUP(A9,'Master List Resources&Referrals'!A:K,6,FALSE) -> 0 | G9: =VLOOKUP(A9,'Master List Resources&Referrals'!A:K,7,FALSE) -> 0 | H9: =VLOOKUP(A9,'Master List Resources&Referrals'!A:K,8,FALSE) -> Text: OK2SAY (652729) Call: 8-555-OK2SAY (855-565-2729) + Mobile Apps | I9: =VLOOKUP(A9,'Master List Resources&Referrals'!A:K,9,FALSE) -> OK2SAY@mi.gov | J9: =VLOOKUP(A9,'Master List Resources&Referrals'!A:K,10,FALSE) -> https://www.michigan.gov/ok2say https://ok2say.state.mi.us/ <-- Online form | K9: =VLOOKUP(A9,'Master List Resources&Referrals'!A:K,11,FALSE) -> Anyone can report tips confidentially on criminal activities or potential harm directed at students, school employees, or schools. Tips can be submitted 24 hours a day, 7 days a week. Phone call, Text, Email, Mobile apps (App Store and Google Play), or report directly through the website.
A10: Six Feet Over - Lemonaid | B10: =VLOOKUP(A10,'Master List Resources&Referrals'!A:K,2,FALSE) -> Financial Assistance for survivors of Suicide Loss. | C10: =VLOOKUP(A10,'Master List Resources&Referrals'!A:K,3,FALSE) -> 0 | D10: =VLOOKUP(A10,'Master List Resources&Referrals'!A:K,4,FALSE) -> 0 | E10: =VLOOKUP(A10,'Master List Resources&Referrals'!A:K,5,FALSE) -> 0 | F10: =VLOOKUP(A10,'Master List Resources&Referrals'!A:K,6,FALSE) -> 0 | G10: =VLOOKUP(A10,'Master List Resources&Referrals'!A:K,7,FALSE) -> 0 | H10: =VLOOKUP(A10,'Master List Resources&Referrals'!A:K,8,FALSE) -> 0 | I10: =VLOOKUP(A10,'Master List Resources&Referrals'!A:K,9,FALSE) -> info@sixftover.org | J10: =VLOOKUP(A10,'Master List Resources&Referrals'!A:K,10,FALSE) -> https://sixftover.org/lemon-aid/ | K10: =VLOOKUP(A10,'Master List Resources&Referrals'!A:K,11,FALSE) -> Need assistance paying for costs associated with the loss of your loved one to suicide, or need emotional and resource support? Lemon Aid may be able to help with costs associated with: Funerals and Memorial services, Granite Memorials and Headstones, Urns and Caskets, Bio-Cleaning services & others
A11: Suicide & Crisis Lifeline | B11: =VLOOKUP(A11,'Master List Resources&Referrals'!A:K,2,FALSE) -> 24/7 Free Phone or Text for those in crisis or having suicidal thoughts | C11: =VLOOKUP(A11,'Master List Resources&Referrals'!A:K,3,FALSE) -> 0 | D11: =VLOOKUP(A11,'Master List Resources&Referrals'!A:K,4,FALSE) -> 0 | E11: =VLOOKUP(A11,'Master List Resources&Referrals'!A:K,5,FALSE) -> 0 | F11: =VLOOKUP(A11,'Master List Resources&Referrals'!A:K,6,FALSE) -> 0 | G11: =VLOOKUP(A11,'Master List Resources&Referrals'!A:K,7,FALSE) -> 0 | H11: =VLOOKUP(A11,'Master List Resources&Referrals'!A:K,8,FALSE) -> call or text: 988 | I11: =VLOOKUP(A11,'Master List Resources&Referrals'!A:K,9,FALSE) -> 0 | J11: =VLOOKUP(A11,'Master List Resources&Referrals'!A:K,10,FALSE) -> https://988lifeline.org/ | K11: =VLOOKUP(A11,'Master List Resources&Referrals'!A:K,11,FALSE) -> A caring person will talk with the caller, and may refer to additional services or recommend going to the hospital. Trained primarily for Teens and Adults, but will speak to children as well.
A12: The Jason Foundation | B12: =VLOOKUP(A12,'Master List Resources&Referrals'!A:K,2,FALSE) -> Youth suicide prevention program and mobile app | C12: =VLOOKUP(A12,'Master List Resources&Referrals'!A:K,3,FALSE) -> 18 Volunteer Dr | D12: =VLOOKUP(A12,'Master List Resources&Referrals'!A:K,4,FALSE) -> 0 | E12: =VLOOKUP(A12,'Master List Resources&Referrals'!A:K,5,FALSE) -> Hendersonville | F12: =VLOOKUP(A12,'Master List Resources&Referrals'!A:K,6,FALSE) -> TN | G12: =VLOOKUP(A12,'Master List Resources&Referrals'!A:K,7,FALSE) -> 37075 | H12: =VLOOKUP(A12,'Master List Resources&Referrals'!A:K,8,FALSE) -> (615) 264-2323 | I12: =VLOOKUP(A12,'Master List Resources&Referrals'!A:K,9,FALSE) -> 0 | J12: =VLOOKUP(A12,'Master List Resources&Referrals'!A:K,10,FALSE) -> https://jasonfoundation.com/ | K12: =VLOOKUP(A12,'Master List Resources&Referrals'!A:K,11,FALSE) -> Youth suicide prevention - "A Friend Asks" app and B1 Pledge site - Be Aware, Be Able and Be Prepared to React. Project Hug for adults to use with their youth.
A13: Trevor Project | B13: =VLOOKUP(A13,'Master List Resources&Referrals'!A:K,2,FALSE) -> Suicide Prevention for LGBTQ+ youth Crisis Services, Peer Support, Resources for families of LGBTQ+ youth | C13: =VLOOKUP(A13,'Master List Resources&Referrals'!A:K,3,FALSE) -> 0 | D13: =VLOOKUP(A13,'Master List Resources&Referrals'!A:K,4,FALSE) -> 0 | E13: =VLOOKUP(A13,'Master List Resources&Referrals'!A:K,5,FALSE) -> 0 | F13: =VLOOKUP(A13,'Master List Resources&Referrals'!A:K,6,FALSE) -> 0 | G13: =VLOOKUP(A13,'Master List Resources&Referrals'!A:K,7,FALSE) -> 0 | H13: =VLOOKUP(A13,'Master List Resources&Referrals'!A:K,8,FALSE) -> (866) 488-7386 | I13: =VLOOKUP(A13,'Master List Resources&Referrals'!A:K,9,FALSE) -> 0 | J13: =VLOOKUP(A13,'Master List Resources&Referrals'!A:K,10,FALSE) -> https://www.thetrevorproject.org/ | K13: =VLOOKUP(A13,'Master List Resources&Referrals'!A:K,11,FALSE) -> 0

Sheet Social Services
A1: Company | B1: Service | C1: Address | D1: Address 2 | E1: City | F1: State | G1: Zip Code | H1: Phone Number | I1: Email | J1: Website | K1: Notes
A2: City of Farmington Hills - Adults 50 and Better | B2: =VLOOKUP(A2,'Master List Resources&Referrals'!A:K,2,FALSE) -> Services for Caregivers and Adults aged 50 and up. | C2: =VLOOKUP(A2,'Master List Resources&Referrals'!A:K,3,FALSE) -> Costick Activities Center | D2: =VLOOKUP(A2,'Master List Resources&Referrals'!A:K,4,FALSE) -> 28600 Eleven Mile Rd. | E2: =VLOOKUP(A2,'Master List Resources&Referrals'!A:K,5,FALSE) -> Farmington Hills | F2: =VLOOKUP(A2,'Master List Resources&Referrals'!A:K,6,FALSE) -> MI | G2: =VLOOKUP(A2,'Master List Resources&Referrals'!A:K,7,FALSE) -> 48336 | H2: =VLOOKUP(A2,'Master List Resources&Referrals'!A:K,8,FALSE) -> 248-473-1830 | I2: =VLOOKUP(A2,'Master List Resources&Referrals'!A:K,9,FALSE) -> 0 | J2: =VLOOKUP(A2,'Master List Resources&Referrals'!A:K,10,FALSE) -> https://www.fhgov.com/play-explore-learn/adults-50-better/ | K2: =VLOOKUP(A2,'Master List Resources&Referrals'!A:K,11,FALSE) -> Daily events are held at the Costick Activities Center, Monday-Friday, 9:00 AM-4:00 PM, with scheduled evening and weekend programs. Please see “The Messenger", the Adults 50 & Better Program’s monthly newsletter, and the Special Services Activities Guide for updated information on all available programs and services.
A3: Community Resource Directory by findhelp | B3: =VLOOKUP(A3,'Master List Resources&Referrals'!A:K,2,FALSE) -> Search and Connect to Social Care | C3: =VLOOKUP(A3,'Master List Resources&Referrals'!A:K,3,FALSE) -> 0 | D3: =VLOOKUP(A3,'Master List Resources&Referrals'!A:K,4,FALSE) -> 0 | E3: =VLOOKUP(A3,'Master List Resources&Referrals'!A:K,5,FALSE) -> 0 | F3: =VLOOKUP(A3,'Master List Resources&Referrals'!A:K,6,FALSE) -> 0 | G3: =VLOOKUP(A3,'Master List Resources&Referrals'!A:K,7,FALSE) -> 0 | H3: =VLOOKUP(A3,'Master List Resources&Referrals'!A:K,8,FALSE) -> 0 | I3: =VLOOKUP(A3,'Master List Resources&Referrals'!A:K,9,FALSE) -> 0 | J3: =VLOOKUP(A3,'Master List Resources&Referrals'!A:K,10,FALSE) -> https://communityresources.trinity-health.org/ | K3: =VLOOKUP(A3,'Master List Resources&Referrals'!A:K,11,FALSE) -> Website helps find local resources by Zip Code and Type of need. Site has translation available to dozens of languages.
A4: Corewell Health (previously Beaumont) - School Based Clinic - Pierce Middle School | B4: =VLOOKUP(A4,'Master List Resources&Referrals'!A:K,2,FALSE) -> Pediatric care clinic & Adolescent Health Center | C4: =VLOOKUP(A4,'Master List Resources&Referrals'!A:K,3,FALSE) -> 25605 Orangelawn | D4: =VLOOKUP(A4,'Master List Resources&Referrals'!A:K,4,FALSE) -> 0 | E4: =VLOOKUP(A4,'Master List Resources&Referrals'!A:K,5,FALSE) -> Redford | F4: =VLOOKUP(A4,'Master List Resources&Referrals'!A:K,6,FALSE) -> MI | G4: =VLOOKUP(A4,'Master List Resources&Referrals'!A:K,7,FALSE) -> 48329 | H4: =VLOOKUP(A4,'Master List Resources&Referrals'!A:K,8,FALSE) -> (313) 242-0570 | I4: =VLOOKUP(A4,'Master List Resources&Referrals'!A:K,9,FALSE) -> 0 | J4: =VLOOKUP(A4,'Master List Resources&Referrals'!A:K,10,FALSE) -> https://www.beaumont.org/services/teen-services | K4: =VLOOKUP(A4,'Master List Resources&Referrals'!A:K,11,FALSE) -> Pediatric care clinic & Adolescent Health Center- Pierce, a School Based Health Center located in Pierce Middle School. We serve ages 10 to 21 years old living in Redford Twp and surrounding communities. Insurance accepted but not required. Services are not denied due to inability to pay.
A5: Crossroads | B5: =VLOOKUP(A5,'Master List Resources&Referrals'!A:K,2,FALSE) -> Resources and Services for low-income populations. Listed in Notes section. | C5: =VLOOKUP(A5,'Master List Resources&Referrals'!A:K,3,FALSE) -> 2424 West Grand Boulevard | D5: =VLOOKUP(A5,'Master List Resources&Referrals'!A:K,4,FALSE) -> 0 | E5: =VLOOKUP(A5,'Master List Resources&Referrals'!A:K,5,FALSE) -> Detroit | F5: =VLOOKUP(A5,'Master List Resources&Referrals'!A:K,6,FALSE) -> MI | G5: =VLOOKUP(A5,'Master List Resources&Referrals'!A:K,7,FALSE) -> 48208 | H5: =VLOOKUP(A5,'Master List Resources&Referrals'!A:K,8,FALSE) -> (313) 831-2000 | I5: =VLOOKUP(A5,'Master List Resources&Referrals'!A:K,9,FALSE) -> info@crossroadsofmichigan.org | J5: =VLOOKUP(A5,'Master List Resources&Referrals'!A:K,10,FALSE) -> www.crossroadsofmichigan.org | K5: =VLOOKUP(A5,'Master List Resources&Referrals'!A:K,11,FALSE) -> Resources: Transportation (Bus Tickets), Birth certificate retrieval, Identification retrieval, Food, Clothing, Personal hygiene products, Diapers, Formula, Baby clothing. Supports: Lifetime Opportunities for Children, Permanent Employment coaching, Crisis Reduction and Long-Term Stability, Fulfilling Immediate Needs, Weekly Hot Meals, Children’s Summer Lunch
A6: Detroit Wayne Integrated Health Network | B6: =VLOOKUP(A6,'Master List Resources&Referrals'!A:K,2,FALSE) -> Crisis and Mental health in Detroit and Wayne County. Mobile Crisis Units. | C6: =VLOOKUP(A6,'Master List Resources&Referrals'!A:K,3,FALSE) -> DWIHN | D6: =VLOOKUP(A6,'Master List Resources&Referrals'!A:K,4,FALSE) -> 707 W. Milwaukee Ave | E6: =VLOOKUP(A6,'Master List Resources&Referrals'!A:K,5,FALSE) -> Detroit | F6: =VLOOKUP(A6,'Master List Resources&Referrals'!A:K,6,FALSE) -> MI | G6: =VLOOKUP(A6,'Master List Resources&Referrals'!A:K,7,FALSE) -> 48202-2943 | H6: =VLOOKUP(A6,'Master List Resources&Referrals'!A:K,8,FALSE) -> (313) 344-9099 (313) 833-2500 TTY: (800) 630-1044 TDD: 711 Crisis: 1-800-241-4949 | I6: =VLOOKUP(A6,'Master List Resources&Referrals'!A:K,9,FALSE) -> accesscenter@dwihn.org | J6: =VLOOKUP(A6,'Master List Resources&Referrals'!A:K,10,FALSE) -> https://www.dwihn.org/ | K6: =VLOOKUP(A6,'Master List Resources&Referrals'!A:K,11,FALSE) -> DWIHN supports and serves individuals in Wayne County with serious mental illness, children with serious emotional disturbance, people with autism, individuals with intellectual and developmental disabilities and those with substance use disorder. Mobile Crisis Units available. LGBTQ+ Services for youth 10-21+. Children 14+ can have up to 12 sessions or 3 months without requiring permission from their parents, if the child requests it.
A7: Developing K.I.D.S. | B7: =VLOOKUP(A7,'Master List Resources&Referrals'!A:K,2,FALSE) -> (Developing Kingdoms in Different Stages) Free High Quality Programs In Detroit For Youth, Their Families, And Community Members | C7: =VLOOKUP(A7,'Master List Resources&Referrals'!A:K,3,FALSE) -> 24230 W. McNichols St. | D7: =VLOOKUP(A7,'Master List Resources&Referrals'!A:K,4,FALSE) -> 0 | E7: =VLOOKUP(A7,'Master List Resources&Referrals'!A:K,5,FALSE) -> Detroit | F7: =VLOOKUP(A7,'Master List Resources&Referrals'!A:K,6,FALSE) -> MI | G7: =VLOOKUP(A7,'Master List Resources&Referrals'!A:K,7,FALSE) -> 48219 | H7: =VLOOKUP(A7,'Master List Resources&Referrals'!A:K,8,FALSE) -> Phone & Fax: 888-294-6554 | I7: =VLOOKUP(A7,'Master List Resources&Referrals'!A:K,9,FALSE) -> info@developingkids.org | J7: =VLOOKUP(A7,'Master List Resources&Referrals'!A:K,10,FALSE) -> www.developingkids.org | K7: =VLOOKUP(A7,'Master List Resources&Referrals'!A:K,11,FALSE) -> Youth Development afterschool and summer camp activities for ages 5-18: College Readiness, Entrepreneurship, Life Skills & Social Development, Mental Health & Wellness, Community Service, Academic Enrichment & Homework Help Workforce Development We empower individuals ages 14-24 with essential skills for a seamless entry into the professional world. Ongoing support for personal and professional growth, Summer employment opportunities, Job placements, mentorships & incentives Community Engagement Provide Resources & Referrels, Special Events & Projects, Workforce Development, Support for Alumni (college, trade school, adulthood, workforce)
A8: Jewish Senior Life | B8: =VLOOKUP(A8,'Master List Resources&Referrals'!A:K,2,FALSE) -> Senior Living Community, including some HUD-Subsidized | C8: =VLOOKUP(A8,'Master List Resources&Referrals'!A:K,3,FALSE) -> Multiple Location | D8: =VLOOKUP(A8,'Master List Resources&Referrals'!A:K,4,FALSE) -> 0 | E8: =VLOOKUP(A8,'Master List Resources&Referrals'!A:K,5,FALSE) -> 0 | F8: =VLOOKUP(A8,'Master List Resources&Referrals'!A:K,6,FALSE) -> 0 | G8: =VLOOKUP(A8,'Master List Resources&Referrals'!A:K,7,FALSE) -> 0 | H8: =VLOOKUP(A8,'Master List Resources&Referrals'!A:K,8,FALSE) -> Tours: 248-469-0228 HUD-Subsidized Apartment Information: 248-592-1127 All Other Inquiries: 248-592-1111 | I8: =VLOOKUP(A8,'Master List Resources&Referrals'!A:K,9,FALSE) -> 0 | J8: =VLOOKUP(A8,'Master List Resources&Referrals'!A:K,10,FALSE) -> https://jslmi.org/ | K8: =VLOOKUP(A8,'Master List Resources&Referrals'!A:K,11,FALSE) -> Independent Living, Assisted Living, Memory Care, Short Term Apartment Rental. Special programs for Holocaust Survivors and their families.
A9: Kinship Care Resource Center | B9: =VLOOKUP(A9,'Master List Resources&Referrals'!A:K,2,FALSE) -> Support Groups and resources for kinship caregivers | C9: =VLOOKUP(A9,'Master List Resources&Referrals'!A:K,3,FALSE) -> Michigan State University, School of Social Work | D9: =VLOOKUP(A9,'Master List Resources&Referrals'!A:K,4,FALSE) -> 655 Auditorium Rd Rm 254, Baker Hall | E9: =VLOOKUP(A9,'Master List Resources&Referrals'!A:K,5,FALSE) -> East Lansing | F9: =VLOOKUP(A9,'Master List Resources&Referrals'!A:K,6,FALSE) -> MI | G9: =VLOOKUP(A9,'Master List Resources&Referrals'!A:K,7,FALSE) -> 48824 | H9: =VLOOKUP(A9,'Master List Resources&Referrals'!A:K,8,FALSE) -> 800-535-1218 517-355-9600 | I9: =VLOOKUP(A9,'Master List Resources&Referrals'!A:K,9,FALSE) -> kinship@msu.edu | J9: =VLOOKUP(A9,'Master List Resources&Referrals'!A:K,10,FALSE) -> https://kinship.msu.edu/ | K9: =VLOOKUP(A9,'Master List Resources&Referrals'!A:K,11,FALSE) -> The KCRC serves kinship care families across the state by providing information and referrals to resources and services for caregivers and the children they are raising. KCRC also offers support to professionals serving kinship families.
A10: Lighthouse | B10: =VLOOKUP(A10,'Master List Resources&Referrals'!A:K,2,FALSE) -> A Campaign to alleviate poverty in Oakland County | C10: =VLOOKUP(A10,'Master List Resources&Referrals'!A:K,3,FALSE) -> 46156 Woodward Avenue | D10: =VLOOKUP(A10,'Master List Resources&Referrals'!A:K,4,FALSE) -> 0 | E10: =VLOOKUP(A10,'Master List Resources&Referrals'!A:K,5,FALSE) -> Pontiac | F10: =VLOOKUP(A10,'Master List Resources&Referrals'!A:K,6,FALSE) -> MI | G10: =VLOOKUP(A10,'Master List Resources&Referrals'!A:K,7,FALSE) -> 48342 | H10: =VLOOKUP(A10,'Master List Resources&Referrals'!A:K,8,FALSE) -> Main: 248-920-6000 Emergency Shelter: 248-920-6000 x3300 Pontiac Food Pantry: 248-920-6000 x2225 | I10: =VLOOKUP(A10,'Master List Resources&Referrals'!A:K,9,FALSE) -> Emergency Food: food@lighthousemi.org Emergency Shelter: shelter@lighthousemi.org Transitional Housing (Priscilla Williams): pwilliams@lighthousemi.org Permanent Supportive Housing (Princess Staples): pstaples@lighthousemi.org Centers for Working Families (Courtland Sargent): csargent@lighthousemi.org | J10: =VLOOKUP(A10,'Master List Resources&Referrals'!A:K,10,FALSE) -> https://lighthousemi.org/ | K10: =VLOOKUP(A10,'Master List Resources&Referrals'!A:K,11,FALSE) -> Emergency Services: Emergency Food and Supplies, Homelessness Prevention, Emergency Shelter, Runaway & Homeless Youth (RHY) Stability Services: Rehousing Programs, Supportive Services, Transitional Housing, Permanent Supportive Housing, Centers for Working Families, Handup Systems Change & Community Development Affordable Housing Development
A11: Michigan Veteran Resource Service Center | B11: =VLOOKUP(A11,'Master List Resources&Referrals'!A:K,2,FALSE) -> Assists veterans with Housing, emergency assistance, education assistance, DD214s, etc. | C11: =VLOOKUP(A11,'Master List Resources&Referrals'!A:K,3,FALSE) -> 0 | D11: =VLOOKUP(A11,'Master List Resources&Referrals'!A:K,4,FALSE) -> 0 | E11: =VLOOKUP(A11,'Master List Resources&Referrals'!A:K,5,FALSE) -> 0 | F11: =VLOOKUP(A11,'Master List Resources&Referrals'!A:K,6,FALSE) -> 0 | G11: =VLOOKUP(A11,'Master List Resources&Referrals'!A:K,7,FALSE) -> 0 | H11: =VLOOKUP(A11,'Master List Resources&Referrals'!A:K,8,FALSE) -> 800-MICH-VET 800-642-4838 | I11: =VLOOKUP(A11,'Master List Resources&Referrals'!A:K,9,FALSE) -> 0 | J11: =VLOOKUP(A11,'Master List Resources&Referrals'!A:K,10,FALSE) -> https://www.michigan.gov/mvaa | K11: =VLOOKUP(A11,'Master List Resources&Referrals'!A:K,11,FALSE) -> A resource center connecting veterans and their families to state programs, federal benefits, and local resources.
A12: NAMI Metro | B12: =VLOOKUP(A12,'Master List Resources&Referrals'!A:K,2,FALSE) -> Mental Health Support Groups for individuals or their Families. National Alliance on Mental Illness - Metro-Oakland, Macomb, & Wayne Counties. | C12: =VLOOKUP(A12,'Master List Resources&Referrals'!A:K,3,FALSE) -> NAMI Metro | D12: =VLOOKUP(A12,'Master List Resources&Referrals'!A:K,4,FALSE) -> PO Box 852 | E12: =VLOOKUP(A12,'Master List Resources&Referrals'!A:K,5,FALSE) -> Northville | F12: =VLOOKUP(A12,'Master List Resources&Referrals'!A:K,6,FALSE) -> MI | G12: =VLOOKUP(A12,'Master List Resources&Referrals'!A:K,7,FALSE) -> 48167 | H12: =VLOOKUP(A12,'Master List Resources&Referrals'!A:K,8,FALSE) -> Helpline: (248) 773-2296 Admin Office: (248) 348-7197 text “helpline” to 62640 Oakland County (800) 231-1127 Wayne County (800) 241-4949 Macomb County (586) 307-9100 | I12: =VLOOKUP(A12,'Master List Resources&Referrals'!A:K,9,FALSE) -> support@namimetro.org | J12: =VLOOKUP(A12,'Master List Resources&Referrals'!A:K,10,FALSE) -> https://namimetro.org/ | K12: =VLOOKUP(A12,'Master List Resources&Referrals'!A:K,11,FALSE) -> NAMI Metro is grass roots, all volunteer non-profit organization dedicated to improving the quality of life for persons with serious mental illness and their families through, advocacy, support and education. In addition, NAMI Metro promotes research that will lead to improvements for all those diagnosed and living with a mental illness. It is our endeavor to erase the stigma that is associated with mental illness and we will not rest until mental illness is accepted the same as any other illness.
A13: Northville Youth Network | B13: =VLOOKUP(A13,'Master List Resources&Referrals'!A:K,2,FALSE) -> Youth Assistance/Court Diversion, Support Services, Mental Health | C13: =VLOOKUP(A13,'Master List Resources&Referrals'!A:K,3,FALSE) -> Northville Community Center 303 W. Main Street | D13: =VLOOKUP(A13,'Master List Resources&Referrals'!A:K,4,FALSE) -> 0 | E13: =VLOOKUP(A13,'Master List Resources&Referrals'!A:K,5,FALSE) -> Northville | F13: =VLOOKUP(A13,'Master List Resources&Referrals'!A:K,6,FALSE) -> MI | G13: =VLOOKUP(A13,'Master List Resources&Referrals'!A:K,7,FALSE) -> 48167 | H13: =VLOOKUP(A13,'Master List Resources&Referrals'!A:K,8,FALSE) -> 248-348-5800 | I13: =VLOOKUP(A13,'Master List Resources&Referrals'!A:K,9,FALSE) -> youthnetwork@twp.northville.mi.us | J13: =VLOOKUP(A13,'Master List Resources&Referrals'!A:K,10,FALSE) -> https://www.twp.northville.mi.us/services/northville-youth-network | K13: =VLOOKUP(A13,'Master List Resources&Referrals'!A:K,11,FALSE) -> Northville Youth Network services are available to families who reside in the City of Northville, the Charter Township of Northville and the Northville Public School District.

Sheet Youth Mental Health & Resources
A1: Company | B1: Service | C1: Address | D1: Address 2 | E1: City | F1: State | G1: Zip Code | H1: Phone Number | I1: Email | J1: Website | K1: Notes
A2: A Kid Again | B2: =VLOOKUP(A2,'Master List Resources&Referrals'!A:K,2,FALSE) -> Adventures for kids with life-threatening conditions, and support. Similar to Make-a-Wish. | C2: =VLOOKUP(A2,'Master List Resources&Referrals'!A:K,3,FALSE) -> 0 | D2: =VLOOKUP(A2,'Master List Resources&Referrals'!A:K,4,FALSE) -> 0 | E2: =VLOOKUP(A2,'Master List Resources&Referrals'!A:K,5,FALSE) -> 0 | F2: =VLOOKUP(A2,'Master List Resources&Referrals'!A:K,6,FALSE) -> 0 | G2: =VLOOKUP(A2,'Master List Resources&Referrals'!A:K,7,FALSE) -> 0 | H2: =VLOOKUP(A2,'Master List Resources&Referrals'!A:K,8,FALSE) -> (614) 797-9500 | I2: =VLOOKUP(A2,'Master List Resources&Referrals'!A:K,9,FALSE) -> customerservice@akidagain.org | J2: =VLOOKUP(A2,'Master List Resources&Referrals'!A:K,10,FALSE) -> https://akidagain.org/chapter/michigan/ | K2: =VLOOKUP(A2,'Master List Resources&Referrals'!A:K,11,FALSE) -> Adventures are fun, accessible, stress-free outings for families raising a child with a life-threatening condition. They are held at destinations like theme parks, sporting events, entertainment centers, and museums, and everything is provided: admission, food, and parking. Chapters in several states, including Michigan.
A3: ACMH | B3: =VLOOKUP(A3,'Master List Resources&Referrals'!A:K,2,FALSE) -> Association for Children’s Mental Health | C3: =VLOOKUP(A3,'Master List Resources&Referrals'!A:K,3,FALSE) -> 6017 W. St. Joseph Hwy | D3: =VLOOKUP(A3,'Master List Resources&Referrals'!A:K,4,FALSE) -> Suite #200 | E3: =VLOOKUP(A3,'Master List Resources&Referrals'!A:K,5,FALSE) -> Lansing | F3: =VLOOKUP(A3,'Master List Resources&Referrals'!A:K,6,FALSE) -> MI | G3: =VLOOKUP(A3,'Master List Resources&Referrals'!A:K,7,FALSE) -> 48917 | H3: =VLOOKUP(A3,'Master List Resources&Referrals'!A:K,8,FALSE) -> (517) 372-4016 Parent Line: (888) ACMH-KID (888-226-4543) | I3: =VLOOKUP(A3,'Master List Resources&Referrals'!A:K,9,FALSE) -> 0 | J3: =VLOOKUP(A3,'Master List Resources&Referrals'!A:K,10,FALSE) -> www.acmh-mi.org | K3: =VLOOKUP(A3,'Master List Resources&Referrals'!A:K,11,FALSE) -> ACMH provides information, support, resources, referral and advocacy for children and youth with mental, emotional, or behavioral disorders and their families.
A4: C.O.P.E. (Community Outreach for Psychiatric Emergencies) | B4: =VLOOKUP(A4,'Master List Resources&Referrals'!A:K,2,FALSE) -> Mental Health Crisis for residents of Wayne County | C4: =VLOOKUP(A4,'Master List Resources&Referrals'!A:K,3,FALSE) -> 33505 Schoolcraft | D4: =VLOOKUP(A4,'Master List Resources&Referrals'!A:K,4,FALSE) -> 0 | E4: =VLOOKUP(A4,'Master List Resources&Referrals'!A:K,5,FALSE) -> Livonia | F4: =VLOOKUP(A4,'Master List Resources&Referrals'!A:K,6,FALSE) -> MI | G4: =VLOOKUP(A4,'Master List Resources&Referrals'!A:K,7,FALSE) -> 48150 | H4: =VLOOKUP(A4,'Master List Resources&Referrals'!A:K,8,FALSE) -> 734-721-0200 844-296-2673 | I4: =VLOOKUP(A4,'Master List Resources&Referrals'!A:K,9,FALSE) -> 0 | J4: =VLOOKUP(A4,'Master List Resources&Referrals'!A:K,10,FALSE) -> https://www.cope24-7.net/ | K4: =VLOOKUP(A4,'Master List Resources&Referrals'!A:K,11,FALSE) -> COPE offers a continuum of organized and coordinated crisis and community-based outreach services. 24-Hour Walk-In Center. Provides pre-admission review services to adults who live in Wayne County, are experiencing a behavioral health crisis and have Medicaid, Healthy Michigan, MI Health Link, or no insurance coverage
A5: Camp Good Grief | B5: =VLOOKUP(A5,'Master List Resources&Referrals'!A:K,2,FALSE) -> Grief Camp for ages 8-17 through Hospice of Michigan. One-Day camp offered on different dates at different locations during the summer. | C5: =VLOOKUP(A5,'Master List Resources&Referrals'!A:K,3,FALSE) -> Multiple Locations | D5: =VLOOKUP(A5,'Master List Resources&Referrals'!A:K,4,FALSE) -> 0 | E5: =VLOOKUP(A5,'Master List Resources&Referrals'!A:K,5,FALSE) -> 0 | F5: =VLOOKUP(A5,'Master List Resources&Referrals'!A:K,6,FALSE) -> 0 | G5: =VLOOKUP(A5,'Master List Resources&Referrals'!A:K,7,FALSE) -> 0 | H5: =VLOOKUP(A5,'Master List Resources&Referrals'!A:K,8,FALSE) -> 888-247-5701 | I5: =VLOOKUP(A5,'Master List Resources&Referrals'!A:K,9,FALSE) -> 0 | J5: =VLOOKUP(A5,'Master List Resources&Referrals'!A:K,10,FALSE) -> https://www.hom.org/camp-good-grief/ | K5: =VLOOKUP(A5,'Master List Resources&Referrals'!A:K,11,FALSE) -> Registration opens in spring. Each camp offers: Activities facilitated by caring and qualified Master’s-level grief support counselors who are specially-trained to work with grief-related issues. Board-Certified Music Therapists who use carefully selected music and rhythms to help campers cope with loss. Hospice-trained volunteers who help ensure that each camper is supported during the day’s programs and activities. Pet volunteers and their friendly pets who bring companionship.
A6: Center for Loss in Multiple Birth (CLIMB) | B6: =VLOOKUP(A6,'Master List Resources&Referrals'!A:K,2,FALSE) -> Grief Support for loss of one or all children in a multiple pregnancy (Twin, Triplet, etc.) | C6: =VLOOKUP(A6,'Master List Resources&Referrals'!A:K,3,FALSE) -> Center for Loss in Multiple Birth (CLIMB), Inc | D6: =VLOOKUP(A6,'Master List Resources&Referrals'!A:K,4,FALSE) -> P.O. Box 190401 | E6: =VLOOKUP(A6,'Master List Resources&Referrals'!A:K,5,FALSE) -> Anchorage | F6: =VLOOKUP(A6,'Master List Resources&Referrals'!A:K,6,FALSE) -> AK | G6: =VLOOKUP(A6,'Master List Resources&Referrals'!A:K,7,FALSE) -> 99519 | H6: =VLOOKUP(A6,'Master List Resources&Referrals'!A:K,8,FALSE) -> phone/skype upon request | I6: =VLOOKUP(A6,'Master List Resources&Referrals'!A:K,9,FALSE) -> centerforlossinmultiplebirth@gmail.com (Jean Kollantai) | J6: =VLOOKUP(A6,'Master List Resources&Referrals'!A:K,10,FALSE) -> https://www.climb-support.org/ | K6: =VLOOKUP(A6,'Master List Resources&Referrals'!A:K,11,FALSE) -> Support for parents, grandparents, siblings of loss of an infant from multiple pregnancy/birth or after. Recently added support for loss of an older twin child(ren) (including triplets, quads, other multiples) Website Languages: English, En español/Spanish, En français/French, По-русски/In Russian, 用中文/In Chinese
A7: Child Mind Institute | B7: =VLOOKUP(A7,'Master List Resources&Referrals'!A:K,2,FALSE) -> Childrens Mental Health Support | C7: =VLOOKUP(A7,'Master List Resources&Referrals'!A:K,3,FALSE) -> 0 | D7: =VLOOKUP(A7,'Master List Resources&Referrals'!A:K,4,FALSE) -> 0 | E7: =VLOOKUP(A7,'Master List Resources&Referrals'!A:K,5,FALSE) -> 0 | F7: =VLOOKUP(A7,'Master List Resources&Referrals'!A:K,6,FALSE) -> 0 | G7: =VLOOKUP(A7,'Master List Resources&Referrals'!A:K,7,FALSE) -> 0 | H7: =VLOOKUP(A7,'Master List Resources&Referrals'!A:K,8,FALSE) -> 0 | I7: =VLOOKUP(A7,'Master List Resources&Referrals'!A:K,9,FALSE) -> 0 | J7: =VLOOKUP(A7,'Master List Resources&Referrals'!A:K,10,FALSE) -> https://childmind.org/ | K7: =VLOOKUP(A7,'Master List Resources&Referrals'!A:K,11,FALSE) -> 0
A8: Common Ground Behavioral Health | B8: =VLOOKUP(A8,'Master List Resources&Referrals'!A:K,2,FALSE) -> Behavioral Health, Crisis and Resources, Behavioral Virtual Urgent Care. Ages 12 and up. | C8: =VLOOKUP(A8,'Master List Resources&Referrals'!A:K,3,FALSE) -> 1200 N. Telegraph Road | D8: =VLOOKUP(A8,'Master List Resources&Referrals'!A:K,4,FALSE) -> Building 32E | E8: =VLOOKUP(A8,'Master List Resources&Referrals'!A:K,5,FALSE) -> Pontiac | F8: =VLOOKUP(A8,'Master List Resources&Referrals'!A:K,6,FALSE) -> MI | G8: =VLOOKUP(A8,'Master List Resources&Referrals'!A:K,7,FALSE) -> 48341 | H8: =VLOOKUP(A8,'Master List Resources&Referrals'!A:K,8,FALSE) -> Crisis (24/7): 800‑231‑1127 Urgent Care: 248-983-5454 | I8: =VLOOKUP(A8,'Master List Resources&Referrals'!A:K,9,FALSE) -> 0 | J8: =VLOOKUP(A8,'Master List Resources&Referrals'!A:K,10,FALSE) -> https://commongroundhelps.org/ | K8: =VLOOKUP(A8,'Master List Resources&Referrals'!A:K,11,FALSE) -> 24/7 Crisis Line to connect callers with service providers. Virtual Urgent Care during scheduled hours: Mon/Tues/Thurs/Fri 11am-8pm according to website as of 3/2025 (may change). Most insurances accepted, and there is an out-of pocket cap for appointments.
A9: Community Resource Directory by findhelp | B9: =VLOOKUP(A9,'Master List Resources&Referrals'!A:K,2,FALSE) -> Search and Connect to Social Care | C9: =VLOOKUP(A9,'Master List Resources&Referrals'!A:K,3,FALSE) -> 0 | D9: =VLOOKUP(A9,'Master List Resources&Referrals'!A:K,4,FALSE) -> 0 | E9: =VLOOKUP(A9,'Master List Resources&Referrals'!A:K,5,FALSE) -> 0 | F9: =VLOOKUP(A9,'Master List Resources&Referrals'!A:K,6,FALSE) -> 0 | G9: =VLOOKUP(A9,'Master List Resources&Referrals'!A:K,7,FALSE) -> 0 | H9: =VLOOKUP(A9,'Master List Resources&Referrals'!A:K,8,FALSE) -> 0 | I9: =VLOOKUP(A9,'Master List Resources&Referrals'!A:K,9,FALSE) -> 0 | J9: =VLOOKUP(A9,'Master List Resources&Referrals'!A:K,10,FALSE) -> https://communityresources.trinity-health.org/ | K9: =VLOOKUP(A9,'Master List Resources&Referrals'!A:K,11,FALSE) -> Website helps find local resources by Zip Code and Type of need. Site has translation available to dozens of languages.
A10: Compassionate Friends | B10: =VLOOKUP(A10,'Master List Resources&Referrals'!A:K,2,FALSE) -> Grief support for child loss (of any age) | C10: =VLOOKUP(A10,'Master List Resources&Referrals'!A:K,3,FALSE) -> 900 Jorie Blvd | D10: =VLOOKUP(A10,'Master List Resources&Referrals'!A:K,4,FALSE) -> Suite 78 | E10: =VLOOKUP(A10,'Master List Resources&Referrals'!A:K,5,FALSE) -> Oak Brook | F10: =VLOOKUP(A10,'Master List Resources&Referrals'!A:K,6,FALSE) -> IL | G10: =VLOOKUP(A10,'Master List Resources&Referrals'!A:K,7,FALSE) -> 60523 | H10: =VLOOKUP(A10,'Master List Resources&Referrals'!A:K,8,FALSE) -> 877-969-0010 | I10: =VLOOKUP(A10,'Master List Resources&Referrals'!A:K,9,FALSE) -> nationaloffice@compassionatefriends.org | J10: =VLOOKUP(A10,'Master List Resources&Referrals'!A:K,10,FALSE) -> https://www.compassionatefriends.org/ https://www.compassionatefriends.org/find-support/chapters/chapter-locator/ | K10: =VLOOKUP(A10,'Master List Resources&Referrals'!A:K,11,FALSE) -> Support Groups both Virtual and In-Person, searchable by location. Some locations include a sibling group for children under 12 during the regular group for everyone else.
A11: Deaf Community Advocacy Network (DEAF C.A.N) | B11: =VLOOKUP(A11,'Master List Resources&Referrals'!A:K,2,FALSE) -> Interpreting Services, Mental Health services, The Deaf HIV Program, Domestic Violence/Sexual Assault services in ASL. For Deaf, DeafBlind, and Hard of Hearing people from children to senior citizens. | C11: =VLOOKUP(A11,'Master List Resources&Referrals'!A:K,3,FALSE) -> 2111 Orchard Lake Road | D11: =VLOOKUP(A11,'Master List Resources&Referrals'!A:K,4,FALSE) -> #101 | E11: =VLOOKUP(A11,'Master List Resources&Referrals'!A:K,5,FALSE) -> Sylvan Lake | F11: =VLOOKUP(A11,'Master List Resources&Referrals'!A:K,6,FALSE) -> MI | G11: =VLOOKUP(A11,'Master List Resources&Referrals'!A:K,7,FALSE) -> 48320 | H11: =VLOOKUP(A11,'Master List Resources&Referrals'!A:K,8,FALSE) -> Videophone: 248-209-6437 Voice: 248-332-3331 | I11: =VLOOKUP(A11,'Master List Resources&Referrals'!A:K,9,FALSE) -> deafcan@deafcan.org seniorcitizen@deafcan.org | J11: =VLOOKUP(A11,'Master List Resources&Referrals'!A:K,10,FALSE) -> https://www.deafcan.org/ | K11: =VLOOKUP(A11,'Master List Resources&Referrals'!A:K,11,FALSE) -> We offer outpatient services for Deaf, DeafBlind, and Hard of Hearing children, adolescents, and adults in Southeastern Michigan and for persons that are primary caretakers of someone in their household that is Deaf, Deaf-Blind, or Hard of Hearing. Clients will receive services from therapists fluent in American Sign Language (ASL).
